Workbook
Name __xlnm.Print_Area_3: #REF!
Name __xlnm.Print_Area_4: [1]AV!#REF!
Name _2Excel_BuiltIn_Print_Area_3_1_1_1_1: #REF!
Name _4Excel_BuiltIn_Print_Area_3_1_1: #REF!
Name CEOP: #REF!
Name COM: #REF!
Name CON: #REF!
Name CONC: [2]Dados!$K$2:$K$40
Name CRI: #REF!
Name dasda: #REF!
Name Database: #REF!
Name ÉServiço: [3]II.3!$E1<>""
Name Excel_BuiltIn__FilterDatabase_2: #REF!
Name Excel_BuiltIn__FilterDatabase_8: #REF!
Name Excel_BuiltIn_Print_Area_1_1: #REF!
Name Excel_BuiltIn_Print_Area_1_1_1_1_1: '[4]Anexo II'!$A$12:$M$287,'[4]Anexo II'!$K$286
Name Excel_BuiltIn_Print_Area_1_1_1_1_1_1_1: #REF!
Name Excel_BuiltIn_Print_Area_1_1_1_1_1_1_1_1: #REF!
Name Excel_BuiltIn_Print_Area_1_1_1_1_1_1_1_1_1: #REF!
Name Excel_BuiltIn_Print_Area_2_1_1: #REF!
Name Excel_BuiltIn_Print_Area_3_1: #REF!
Name Excel_BuiltIn_Print_Area_3_1_1: #REF!
Name Excel_BuiltIn_Print_Area_3_1_1_1: #REF!
Name Excel_BuiltIn_Print_Area_3_1_1_1_1: #REF!
Name Excel_BuiltIn_Print_Area_3_1_1_1_1_1: #REF!
Name Excel_BuiltIn_Print_Area_5_1: #REF!
Name Excel_BuiltIn_Print_Area_7: #REF!
Name Excel_BuiltIn_Print_Area_7_1_1: #REF!
Name Excel_BuiltIn_Print_Titles_1_1: #REF!
Name Excel_BuiltIn_Print_Titles_3: #REF!
Name Excel_BuiltIn_Print_Titles_5: #REF!
Name Excel_BuiltIn_Print_Titles_8: #REF!
Name JOI: #REF!
Name JOSE: #REF!
Name MRIA: #REF!
Name RCH: #REF!
Name RCR: #REF!
Name RegimeExecucao: IF([5]DADOS!$A$32="Empreitada por Preço Global ou Integral","Global","Unitário")
Name RFL: #REF!
Name RIJ: #REF!
Name RJO: #REF!
Name RLA: #REF!
Name RRS: #REF!
Name RSM: #REF!
Name RTB: #REF!
Name RVI: #REF!
Name SAO: #REF!
Name SBL: #REF!
Name subbaciab1: #REF!
Name TESTE: '[6]A II.A'!#REF!
Name Título: #REF!
Name VALAS: [2]Dados!$L$2:$P$40

Sheet PREENCHIMENTO
A3: FORMA DE PREENCHIMENTO DAS PLANILHAS ELETRÔNICAS
A5: 1) O presente arquivo eletrônico é composto pelas seguintes planilhas:
A6: • PLANILHA DE ORÇAMENTO BASE – LICITANTE – ANEXO 3.A
A7: • CRONOGRAMA FÍSICO-FINANCEIRO – LICITANTE – ANEXO 4.A
A8: • COMPOSIÇÕES UNITÁRIAS DE SERVIÇOS – LICITANTE – ANEXO 5.A
A9: • CUSTOS UNITÁRIOS DE INSUMOS – LICITANTE – ANEXO 6.A
A10: • BDI – LICITANTE – ANEXO 7.A
A11: • ENCARGOS SOCIAIS E TRABALHISTAS – LICITANTE – ANEXO 8.A
A13: 2) A Licitante deverá preencher todos os campos em amarelo com o valor proposto, nas seguintes planilhas, podendo iniciar o preenchimento em qualquer sequência:
A15: • PLANILHA DE ORÇAMENTO BASE – LICITANTE – ANEXO 3.A
A16: • COMPOSIÇÕES UNITÁRIAS DE SERVIÇOS – LICITANTE – ANEXO 5.A
A17: • CUSTOS UNITÁRIOS DE INSUMOS – LICITANTE – ANEXO 6.A
... A39: 7) ANEXAR ESTE ARQUIVO ELETRÔNICO NA ENTREGA DA PROPOSTA COMERCIAL COM A FINALIDADE DE FACILITAR A ANÁLISE DA POR PARTE DA EQUIPE DE APOIO.

Sheet 3.A
A1: TIMBRE DO LICITANTE
A6: ANEXO 3.A - PLANILHA DE ORÇAMENTO BASE - LICITANTE
A8: REFORMA DE 3 ENTRADAS DE ENERGIA EM 3 POÇOS TUBULARES DO AQUÍFERO BAURU (PTB) NO MUNÍCIPIO DE SÃO JOSÉ DO RIO PRETO
B9: LEIS SOCIAIS HORISTA - JORNADA NORMAL | F9: ='8.A'!$C$43 -> 0 | L9: DATA-BASE ORÇAMENTO | M9: 46023
B10: ="BDI" -> BDI | F10: ='7.A'!$E$29 -> 0
A12: ENTRADA DE ENERGIA 1 - PTB 033 - BAIRRO ELDORADO
A14: ITEM | B14: SERVIÇO | C14: UNID | D14: QUANT. | E14: PREÇO | F14: MO | G14: SERVIÇO | H14: MATERIAIS | I14: MO | J14: SERVIÇO | K14: MAT | L14: PREÇO | M14: %
E15: UNIT.(R$) | F15: R$ | G15: R$ | H15: R$ | I15: R$ | J15: R$ | K15: R$ | L15: TOTAL(R$)
A17: 1.0 | B17: CANTEIRO DE OBRAS | C17: SUB-TOTAL | F17: =I17 -> 0 | G17: =J17 -> 0 | H17: =K17 -> 0 | I17: =SUM(I19:I22) -> 0 | J17: =SUM(J19:J22) -> 0 | K17: =SUM(K19:K22) -> 0 | L17: =F17+G17+H17 -> 0 | M17: =ROUND(L17/$L$93,6) -> #DIV/0!
F18: =F17/L17 -> #DIV/0! | G18: =G17/L17 -> #DIV/0! | H18: =H17/L17 -> #DIV/0! | I18: =IF(F17=I17,"SIM","NÃO") -> SIM | J18: =IF(G17=J17,"SIM","NÃO") -> SIM | K18: =IF(H17=K17,"SIM","NÃO") -> SIM | O18: COMPOSIÇÃO BASE | Q18: OBSERVAÇÕES
A19: 1.1 | B19: MOBILIZAÇÃO DO CANTEIRO DE OBRAS | C19: GB | D19: 1 | E19: =G19+H19+F19 -> 0 | F19: ='5.A'!$F$26 -> 0 | G19: ='5.A'!$F$39 -> 0 | H19: ='5.A'!$F$62 -> 0 | I19: =ROUND(F19*D19,2) -> 0 | J19: =ROUND(G19*D19,2) -> 0 | K19: =ROUND(H19*D19,2) -> 0 | L19: =ROUND(D19*F19,2)+ROUND(D19*G19,2)+ROUND(D19*H19,2) -> 0 | M19: =L19/$L$93 -> #DIV/0! | O19: SINAPI | P19: 100952 - 93358
A20: 1.2 | B20: OPERAÇÃO E MANUTENÇÃO DO CANTEIRO DE OBRAS | C20: GB | D20: 1 | E20: =G20+H20+F20 -> 0 | F20: ='5.A'!$F$78 -> 0 | G20: ='5.A'!$F$91 -> 0 | H20: ='5.A'!$F$114 -> 0 | I20: =ROUND(F20*D20,2) -> 0 | J20: =ROUND(G20*D20,2) -> 0 | K20: =ROUND(H20*D20,2) -> 0 | L20: =ROUND(D20*F20,2)+ROUND(D20*G20,2)+ROUND(D20*H20,2) -> 0 | M20: =L20/$L$93 -> #DIV/0!
A21: 1.3 | B21: DESMOBILIZAÇÃO DO CANTEIRO DE OBRAS | C21: GB | D21: 1 | E21: =G21+H21+F21 -> 0 | F21: ='5.A'!$F$130 -> 0 | G21: ='5.A'!$F$143 -> 0 | H21: ='5.A'!$F$166 -> 0 | I21: =ROUND(F21*D21,2) -> 0 | J21: =ROUND(G21*D21,2) -> 0 | K21: =ROUND(H21*D21,2) -> 0 | L21: =ROUND(D21*F21,2)+ROUND(D21*G21,2)+ROUND(D21*H21,2) -> 0 | M21: =L21/$L$93 -> #DIV/0!
A22: 1.4 | B22: PLACA DE OBRA PADRÃO SeMAE | C22: M2 | D22: =1.5*4 -> 6 | E22: =G22+H22+F22 -> 0 | F22: ='5.A'!$F$182 -> 0 | G22: ='5.A'!$F$195 -> 0 | H22: ='5.A'!$F$218 -> 0 | I22: =ROUND(F22*D22,2) -> 0 | J22: =ROUND(G22*D22,2) -> 0 | K22: =ROUND(H22*D22,2) -> 0 | L22: =ROUND(D22*F22,2)+ROUND(D22*G22,2)+ROUND(D22*H22,2) -> 0 | M22: =L22/$L$93 -> #DIV/0! | O22: SINAPI | P22: 103689
A24: 2.0 | B24: ENTRADA DE ENERGIA - POSTO SIMPLIFICADO DE SERVIÇO (PPS) - 225,0 KVA | C24: SUB-TOTAL | F24: =I24 -> 0 | G24: =J24 -> 0 | H24: =K24 -> 0 | I24: =SUM(I26:I29) -> 0 | J24: =SUM(J26:J29) -> 0 | K24: =SUM(K26:K29) -> 0 | L24: =F24+G24+H24 -> 0 | M24: =ROUND(L24/$L$93,6) -> #DIV/0!
F25: =F24/L24 -> #DIV/0! | G25: =G24/L24 -> #DIV/0! | H25: =H24/L24 -> #DIV/0! | I25: =IF(F24=I24,"SIM","NÃO") -> SIM | J25: =IF(G24=J24,"SIM","NÃO") -> SIM | K25: =IF(H24=K24,"SIM","NÃO") -> SIM | O25: COMPOSIÇÃO BASE | Q25: OBSERVAÇÕES
A26: 2.1 | B26: TE-06 ENTRADA PRIMÁRIA SIMPLIF. POSTE UNICO - CPFL - 225 KVA - 15KV- 220/127 V - INFRAESTRUTURA CIVIL | C26: UN | D26: 1 | E26: =G26+H26+F26 -> 0 | F26: ='5.A'!$F$234 -> 0 | G26: ='5.A'!$F$247 -> 0 | H26: ='5.A'!$F$270 -> 0 | I26: =ROUND(F26*D26,2) -> 0 | J26: =ROUND(G26*D26,2) -> 0 | K26: =ROUND(H26*D26,2) -> 0 | L26: =ROUND(D26*F26,2)+ROUND(D26*G26,2)+ROUND(D26*H26,2) -> 0 | M26: =L26/$L$93 -> #DIV/0! | O26: FDE | P26: 09.01.007 | S26: 775
A27: 2.2 | B27: TE-06 ENTRADA PRIMÁRIA SIMPLIF. POSTE UNICO - CPFL - 225 KVA - 15KV- 220/127 V - INFRAESTRUTURA ELÉTRICA - MÉDIA TENSÃO | C27: UN | D27: 1 | E27: =G27+H27+F27 -> 0 | F27: ='5.A'!$F$286 -> 0 | G27: ='5.A'!$F$299 -> 0 | H27: ='5.A'!$F$322 -> 0 | I27: =ROUND(F27*D27,2) -> 0 | J27: =ROUND(G27*D27,2) -> 0 | K27: =ROUND(H27*D27,2) -> 0 | L27: =ROUND(D27*F27,2)+ROUND(D27*G27,2)+ROUND(D27*H27,2) -> 0 | M27: =L27/$L$93 -> #DIV/0! | O27: FDE | P27: 09.01.007 | S27: 775
A28: 2.3 | B28: TE-06 ENTRADA PRIMÁRIA SIMPLIF. POSTE UNICO - CPFL - 225 KVA - 15KV- 220/127 V - INFRAESTRUTURA ELÉTRICA - SPDA/ATERRAMENTO | C28: UN | D28: 1 | E28: =G28+H28+F28 -> 0 | F28: ='5.A'!$F$338 -> 0 | G28: ='5.A'!$F$351 -> 0 | H28: ='5.A'!$F$374 -> 0 | I28: =ROUND(F28*D28,2) -> 0 | J28: =ROUND(G28*D28,2) -> 0 | K28: =ROUND(H28*D28,2) -> 0 | L28: =ROUND(D28*F28,2)+ROUND(D28*G28,2)+ROUND(D28*H28,2) -> 0 | M28: =L28/$L$93 -> #DIV/0! | O28: FDE | P28: 09.01.007 | S28: 775
A29: 2.4 | B29: TE-06 ENTRADA PRIMÁRIA SIMPLIF. POSTE UNICO - CPFL - 225 KVA - 15KV- 220/127 V - INFRAESTRUTURA ELÉTRICA - BAIXA TENSÃO | C29: UN | D29: 1 | E29: =G29+H29+F29 -> 0 | F29: ='5.A'!$F$390 -> 0 | G29: ='5.A'!$F$403 -> 0 | H29: ='5.A'!$F$426 -> 0 | I29: =ROUND(F29*D29,2) -> 0 | J29: =ROUND(G29*D29,2) -> 0 | K29: =ROUND(H29*D29,2) -> 0 | L29: =ROUND(D29*F29,2)+ROUND(D29*G29,2)+ROUND(D29*H29,2) -> 0 | M29: =L29/$L$93 -> #DIV/0! | O29: FDE | P29: 09.01.007 | S29: 775
A31: 3.0 | B31: ADEQUAÇÃO ELÉTRICA | C31: SUB-TOTAL | F31: =I31 -> 0 | G31: =J31 -> 0 | H31: =K31 -> 0 | I31: =SUM(I34:I84) -> 0 | J31: =SUM(J34:J84) -> 0 | K31: =SUM(K34:K84) -> 0 | L31: =F31+G31+H31 -> 0 | M31: =ROUND(L31/$L$93,6) -> #DIV/0!
F32: =F31/L31 -> #DIV/0! | G32: =G31/L31 -> #DIV/0! | H32: =H31/L31 -> #DIV/0! | I32: =IF(F31=I31,"SIM","NÃO") -> SIM | J32: =IF(G31=J31,"SIM","NÃO") -> SIM | K32: =IF(H31=K31,"SIM","NÃO") -> SIM
A33: 3.1 | B33: ALIMENTADOR QGBT - INFRAESTRUTURA ELÉTRICA | O33: COMPOSIÇÃO BASE | Q33: OBSERVAÇÕES
A34: 3.1.1 | B34: CAIXA ENTERRADA ELÉTRICA EM ALVENARIA COM BLOCOS DE CONCRETO, FUNDO COM BRITA, DIMENSÕES INTERNAS 0,80X0,80X0,60 M | C34: UN | D34: 2 | E34: =G34+H34+F34 -> 0 | F34: ='5.A'!$F$650 -> 0 | G34: ='5.A'!$F$663 -> 0 | H34: ='5.A'!$F$686 -> 0 | I34: =ROUND(F34*D34,2) -> 0 | J34: =ROUND(G34*D34,2) -> 0 | K34: =ROUND(H34*D34,2) -> 0 | L34: =ROUND(D34*F34,2)+ROUND(D34*G34,2)+ROUND(D34*H34,2) -> 0 | M34: =L34/$L$93 -> #DIV/0! | O34: SINAPI | P34: 97893 - 93358 | S34: =((2.66*5.25 *4*7)+(1.33*5.25*4*2))*4 -> 1787.52
A35: 3.1.2 | B35: ELETRODUTO FLEXÍVEL CORRUGADO, PEAD, DN 100 (4"), PARA REDE ENTERRADA DE DISTRIBUIÇÃO DE ENERGIA ELÉTRICA | C35: M | D35: 50 | E35: =G35+H35+F35 -> 0 | F35: ='5.A'!$F$702 -> 0 | G35: ='5.A'!$F$715 -> 0 | H35: ='5.A'!$F$738 -> 0 | I35: =ROUND(F35*D35,2) -> 0 | J35: =ROUND(G35*D35,2) -> 0 | K35: =ROUND(H35*D35,2) -> 0 | L35: =ROUND(D35*F35,2)+ROUND(D35*G35,2)+ROUND(D35*H35,2) -> 0 | M35: =L35/$L$93 -> #DIV/0! | O35: SINAPI | P35: 97670 | S35: =(((21*28*6)+(0.7*28*5))*0.5)*4 -> 7252
A36: 3.1.3 | B36: ELETRODUTO RÍGIDO ROSCÁVEL, PVC, DN 110 MM (4"), PARA REDE ENTERRADA DE DISTRIBUIÇÃO DE ENERGIA ELÉTRICA | C36: M | D36: 6 | E36: =G36+H36+F36 -> 0 | F36: ='5.A'!$F$754 -> 0 | G36: ='5.A'!$F$767 -> 0 | H36: ='5.A'!$F$790 -> 0 | I36: =ROUND(F36*D36,2) -> 0 | J36: =ROUND(G36*D36,2) -> 0 | K36: =ROUND(H36*D36,2) -> 0 | L36: =ROUND(D36*F36,2)+ROUND(D36*G36,2)+ROUND(D36*H36,2) -> 0 | M36: =L36/$L$93 -> #DIV/0! | O36: SINAPI | P36: 93012 | S36: =((21*28*6)+(0.7*28*5))*0.5*4 -> 7252
A37: 3.1.5 | B37: CURVA 90 GRAUS PARA ELETRODUTO, PVC, ROSCÁVEL, DN 110 MM (4"), PARA REDE ENTERRADA DE DISTRIBUIÇÃO DE ENERGIA | C37: UN | D37: 2 | E37: =G37+H37+F37 -> 0 | F37: ='5.A'!$F$858 -> 0 | G37: ='5.A'!$F$871 -> 0 | H37: ='5.A'!$F$894 -> 0 | I37: =ROUND(F37*D37,2) -> 0 | J37: =ROUND(G37*D37,2) -> 0 | K37: =ROUND(H37*D37,2) -> 0 | L37: =ROUND(D37*F37,2)+ROUND(D37*G37,2)+ROUND(D37*H37,2) -> 0 | M37: =L37/$L$93 -> #DIV/0! | O37: SINAPI | P37: 93026 | S37: =((21*28*6)+(0.7*28*5))*0.5*4 -> 7252
A38: 3.1.7 | B38: LUVA PARA ELETRODUTO, PVC, ROSCÁVEL, DN 110 MM (4"), PARA REDE ENTERRADA DE DISTRIBUIÇÃO DE ENERGIA ELÉTRICA | C38: UN | D38: 4 | E38: =G38+H38+F38 -> 0 | F38: ='5.A'!$F$962 -> 0 | G38: ='5.A'!$F$975 -> 0 | H38: ='5.A'!$F$998 -> 0 | I38: =ROUND(F38*D38,2) -> 0 | J38: =ROUND(G38*D38,2) -> 0 | K38: =ROUND(H38*D38,2) -> 0 | L38: =ROUND(D38*F38,2)+ROUND(D38*G38,2)+ROUND(D38*H38,2) -> 0 | M38: =L38/$L$93 -> #DIV/0! | O38: SINAPI | P38: 93017 | S38: =((21*28*6)+(0.7*28*5))*0.5*4 -> 7252
A39: 3.1.9 | B39: ESCAVAÇÃO MANUAL DE VALA | C39: M3 | D39: =ROUND(1.1*((D35/2+D36/2)*0.8*0.8)+(D34*1.2*1.2*1.2),0) -> 23 | E39: =G39+H39+F39 -> 0 | F39: ='5.A'!$F$1066 -> 0 | G39: ='5.A'!$F$1079 -> 0 | H39: ='5.A'!$F$1102 -> 0 | I39: =ROUND(F39*D39,2) -> 0 | J39: =ROUND(G39*D39,2) -> 0 | K39: =ROUND(H39*D39,2) -> 0 | L39: =ROUND(D39*F39,2)+ROUND(D39*G39,2)+ROUND(D39*H39,2) -> 0 | M39: =L39/$L$93 -> #DIV/0! | O39: SINAPI | P39: 93358 | S39: =((21*28*6)+(0.7*28*5))*0.5*4 -> 7252
A40: 3.1.10 | B40: CONCRETAGEM COMO PROTEÇÃO MECÂNICA NO REATERRO PARA REDE ENTERRADA DE DISTRIBUIÇÃO DE ENERGIA ELÉTRICA | C40: M3 | D40: =ROUNDUP(1.1*((D35/2+D36/2)*0.8*0.1),0) -> 3 | E40: =G40+H40+F40 -> 0 | F40: ='5.A'!$F$1118 -> 0 | G40: ='5.A'!$F$1131 -> 0 | H40: ='5.A'!$F$1154 -> 0 | I40: =ROUND(F40*D40,2) -> 0 | J40: =ROUND(G40*D40,2) -> 0 | K40: =ROUND(H40*D40,2) -> 0 | L40: =ROUND(D40*F40,2)+ROUND(D40*G40,2)+ROUND(D40*H40,2) -> 0 | M40: =L40/$L$93 -> #DIV/0! | O40: SINAPI | P40: 103491 | S40: =((21*28*6)+(0.7*28*5))*0.5*4 -> 7252
A41: 3.1.11 | B41: REATERRO MANUAL DE VALAS, COM COMPACTADOR DE SOLOS DE PERCUSSÃO | C41: M3 | D41: =ROUND(1.1*((D35/2+D36/2)*0.8*0.8)+(D34*1.2*1.2*1.2),0) -> 23 | E41: =G41+H41+F41 -> 0 | F41: ='5.A'!$F$1170 -> 0 | G41: ='5.A'!$F$1183 -> 0 | H41: ='5.A'!$F$1206 -> 0 | I41: =ROUND(F41*D41,2) -> 0 | J41: =ROUND(G41*D41,2) -> 0 | K41: =ROUND(H41*D41,2) -> 0 | L41: =ROUND(D41*F41,2)+ROUND(D41*G41,2)+ROUND(D41*H41,2) -> 0 | M41: =L41/$L$93 -> #DIV/0! | O41: SINAPI | P41: 93382 | S41: =((21*28*6)+(0.7*28*5))*0.5*4 -> 7252
A42: 3.1.13 | B42: ELETRODUTO RÍGIDO EM AÇO GALVANIZADO A QUENTE DN 50 MM (2") | C42: M | D42: 3 | E42: =G42+H42+F42 -> 0 | F42: ='5.A'!$F$1274 -> 0 | G42: ='5.A'!$F$1287 -> 0 | H42: ='5.A'!$F$1310 -> 0 | I42: =ROUND(F42*D42,2) -> 0 | J42: =ROUND(G42*D42,2) -> 0 | K42: =ROUND(H42*D42,2) -> 0 | L42: =ROUND(D42*F42,2)+ROUND(D42*G42,2)+ROUND(D42*H42,2) -> 0 | M42: =L42/$L$93 -> #DIV/0! | O42: CDHU | P42: 38.06.120 | S42: =((21*28*6)+(0.7*28*5))*0.5*4 -> 7252
A43: 3.2 | B43: CABOS E CONECTORES | O43: COMPOSIÇÃO BASE | Q43: OBSERVAÇÕES
A44: 3.2.2 | B44: CABO DE COBRE FLEXÍVEL ISOLADO, 4 MM², ANTI-CHAMA 450/750 V, PARA CIRCUITOS TERMINAIS | C44: M | D44: 3 | E44: =G44+H44+F44 -> 0 | F44: ='5.A'!$F$1378 -> 0 | G44: ='5.A'!$F$1391 -> 0 | H44: ='5.A'!$F$1414 -> 0 | I44: =ROUND(F44*D44,2) -> 0 | J44: =ROUND(G44*D44,2) -> 0 | K44: =ROUND(H44*D44,2) -> 0 | L44: =ROUND(D44*F44,2)+ROUND(D44*G44,2)+ROUND(D44*H44,2) -> 0 | M44: =L44/$L$93 -> #DIV/0! | O44: SINAPI | P44: 91928 | S44: =(((1.35*2*21)+(2.7*7*21)+(0.7*28.5)+(4.46*4.3))*0.12)*4 -> 236.50944
A45: 3.2.3 | B45: CABO DE COBRE FLEXÍVEL ISOLADO, 6 MM², ANTI-CHAMA 450/750 V, PARA CIRCUITOS TERMINAIS | C45: M | D45: 36 | E45: =G45+H45+F45 -> 0 | F45: ='5.A'!$F$1430 -> 0 | G45: ='5.A'!$F$1443 -> 0 | H45: ='5.A'!$F$1466 -> 0 | I45: =ROUND(F45*D45,2) -> 0 | J45: =ROUND(G45*D45,2) -> 0 | K45: =ROUND(H45*D45,2) -> 0 | L45: =ROUND(D45*F45,2)+ROUND(D45*G45,2)+ROUND(D45*H45,2) -> 0 | M45: =L45/$L$93 -> #DIV/0! | O45: SINAPI | P45: 91930 | S45: =(((1.35*2*21)+(2.7*7*21)+(0.7*28.5)+(4.46*4.3))*0.12)*4 -> 236.50944
A46: 3.2.6 | B46: CABO DE COBRE FLEXÍVEL ISOLADO, 25 MM², 0,6/1,0 KV, PARA REDE AÉREA DE ENERGIA ELÉTRICA DE BAIXA TENSÃO - TERRA | C46: M | D46: 5 | E46: =G46+H46+F46 -> 0 | F46: ='5.A'!$F$1586 -> 0 | G46: ='5.A'!$F$1599 -> 0 | H46: ='5.A'!$F$1622 -> 0 | I46: =ROUND(F46*D46,2) -> 0 | J46: =ROUND(G46*D46,2) -> 0 | K46: =ROUND(H46*D46,2) -> 0 | L46: =ROUND(D46*F46,2)+ROUND(D46*G46,2)+ROUND(D46*H46,2) -> 0 | M46: =L46/$L$93 -> #DIV/0! | O46: SINAPI | P46: 101562 | S46: =(((1.35*2*21)+(2.7*7*21)+(0.7*28.5)+(4.46*4.3))*0.12)*4 -> 236.50944
A47: 3.2.7 | B47: CABO DE COBRE FLEXÍVEL ISOLADO, 50 MM², 0,6/1,0 KV, PARA REDE AÉREA DE ENERGIA ELÉTRICA DE BAIXA TENSÃO - FASES | C47: M | D47: 15 | E47: =G47+H47+F47 -> 0 | F47: ='5.A'!$F$1638 -> 0 | G47: ='5.A'!$F$1651 -> 0 | H47: ='5.A'!$F$1674 -> 0 | I47: =ROUND(F47*D47,2) -> 0 | J47: =ROUND(G47*D47,2) -> 0 | K47: =ROUND(H47*D47,2) -> 0 | L47: =ROUND(D47*F47,2)+ROUND(D47*G47,2)+ROUND(D47*H47,2) -> 0 | M47: =L47/$L$93 -> #DIV/0! | O47: SINAPI | P47: 101564 | S47: =((21*28*6)+(0.7*28*5))*0.5*4 -> 7252
A48: 3.2.11 | B48: CABO DE COBRE FLEXÍVEL ISOLADO, 185 MM², ANTI-CHAMA 0,6/1,0 KV, PARA REDE ENTERRADA DE ENERGIA ELÉTRICA - TERRA | C48: M | D48: 30 | E48: =G48+H48+F48 -> 0 | F48: ='5.A'!$F$1846 -> 0 | G48: ='5.A'!$F$1859 -> 0 | H48: ='5.A'!$F$1882 -> 0 | I48: =ROUND(F48*D48,2) -> 0 | J48: =ROUND(G48*D48,2) -> 0 | K48: =ROUND(H48*D48,2) -> 0 | L48: =ROUND(D48*F48,2)+ROUND(D48*G48,2)+ROUND(D48*H48,2) -> 0 | M48: =L48/$L$93 -> #DIV/0! | O48: SINAPI | P48: 92998 | S48: =((21*28*6)+(0.7*28*5))*0.5*4 -> 7252
A49: 3.2.12 | B49: CABO DE COBRE FLEXÍVEL ISOLADO, 185 MM², ANTI-CHAMA 0,6/1,0 KV, PARA REDE ENTERRADA DE ENERGIA ELÉTRICA - FASES | C49: M | D49: 180 | E49: =G49+H49+F49 -> 0 | F49: ='5.A'!$F$1898 -> 0 | G49: ='5.A'!$F$1911 -> 0 | H49: ='5.A'!$F$1934 -> 0 | I49: =ROUND(F49*D49,2) -> 0 | J49: =ROUND(G49*D49,2) -> 0 | K49: =ROUND(H49*D49,2) -> 0 | L49: =ROUND(D49*F49,2)+ROUND(D49*G49,2)+ROUND(D49*H49,2) -> 0 | M49: =L49/$L$93 -> #DIV/0! | O49: SINAPI | P49: 92998 | S49: =((21*28*6)+(0.7*28*5))*0.5*4 -> 7252
A50: 3.2.13 | B50: CABO DE COBRE FLEXÍVEL ISOLADO, 185 MM², ANTI-CHAMA 0,6/1,0 KV, PARA REDE ENTERRADA DE ENERGIA ELÉTRICA - NEUTRO | C50: M | D50: 30 | E50: =G50+H50+F50 -> 0 | F50: ='5.A'!$F$1950 -> 0 | G50: ='5.A'!$F$1963 -> 0 | H50: ='5.A'!$F$1986 -> 0 | I50: =ROUND(F50*D50,2) -> 0 | J50: =ROUND(G50*D50,2) -> 0 | K50: =ROUND(H50*D50,2) -> 0 | L50: =ROUND(D50*F50,2)+ROUND(D50*G50,2)+ROUND(D50*H50,2) -> 0 | M50: =L50/$L$93 -> #DIV/0! | O50: SINAPI | P50: 92998 | S50: =((21*28*6)+(0.7*28*5))*0.5*4 -> 7252
A51: 3.2.15 | B51: TERMINAL OU CONECTOR DE PRESSAO PARA CABO 25MM | C51: UN | D51: 2 | E51: =G51+H51+F51 -> 0 | F51: ='5.A'!$F$2054 -> 0 | G51: ='5.A'!$F$2067 -> 0 | H51: ='5.A'!$F$2090 -> 0 | I51: =ROUND(F51*D51,2) -> 0 | J51: =ROUND(G51*D51,2) -> 0 | K51: =ROUND(H51*D51,2) -> 0 | L51: =ROUND(D51*F51,2)+ROUND(D51*G51,2)+ROUND(D51*H51,2) -> 0 | M51: =L51/$L$93 -> #DIV/0! | O51: FDE | P51: 09.82.027 | S51: =(((1.35*2*21)+(2.7*7*21)+(0.7*28.5)+(4.46*4.3))*0.12)*4 -> 236.50944
A52: 3.2.16 | B52: TERMINAL OU CONECTOR DE PRESSAO PARA CABO 50MM | C52: UN | D52: 6 | E52: =G52+H52+F52 -> 0 | F52: ='5.A'!$F$2106 -> 0 | G52: ='5.A'!$F$2119 -> 0 | H52: ='5.A'!$F$2142 -> 0 | I52: =ROUND(F52*D52,2) -> 0 | J52: =ROUND(G52*D52,2) -> 0 | K52: =ROUND(H52*D52,2) -> 0 | L52: =ROUND(D52*F52,2)+ROUND(D52*G52,2)+ROUND(D52*H52,2) -> 0 | M52: =L52/$L$93 -> #DIV/0! | O52: FDE | P52: 09.82.029 | S52: =(((1.35*2*21)+(2.7*7*21)+(0.7*28.5)+(4.46*4.3))*0.12)*4 -> 236.50944
A53: 3.2.18 | B53: TERMINAL OU CONECTOR DE PRESSAO PARA CABO 185MM | C53: UN | D53: 16 | E53: =G53+H53+F53 -> 0 | F53: ='5.A'!$F$2210 -> 0 | G53: ='5.A'!$F$2223 -> 0 | H53: ='5.A'!$F$2246 -> 0 | I53: =ROUND(F53*D53,2) -> 0 | J53: =ROUND(G53*D53,2) -> 0 | K53: =ROUND(H53*D53,2) -> 0 | L53: =ROUND(D53*F53,2)+ROUND(D53*G53,2)+ROUND(D53*H53,2) -> 0 | M53: =L53/$L$93 -> #DIV/0! | O53: FDE | P53: 09.82.034 | S53: =(((1.35*2*21)+(2.7*7*21)+(0.7*28.5)+(4.46*4.3))*0.12)*4 -> 236.50944
A54: 3.2.19 | B54: CORDAO DE COBRE, FLEXIVEL, TORCIDO, CLASSE 4 OU 5, ISOLACAO EM PVC/D, 300 V, 2 CONDUTORES DE 1,0 MM2 | C54: M | D54: =25+5+5 -> 35 | E54: =G54+H54+F54 -> 0 | F54: ='5.A'!$F$2262 -> 0 | G54: ='5.A'!$F$2275 -> 0 | H54: ='5.A'!$F$2298 -> 0 | I54: =ROUND(F54*D54,2) -> 0 | J54: =ROUND(G54*D54,2) -> 0 | K54: =ROUND(H54*D54,2) -> 0 | L54: =ROUND(D54*F54,2)+ROUND(D54*G54,2)+ROUND(D54*H54,2) -> 0 | M54: =L54/$L$93 -> #DIV/0! | O54: - | P54: CP.006 | S54: =(((1.35*2*21)+(2.7*7*21)+(0.7*28.5)+(4.46*4.3))*0.12)*4 -> 236.50944
A55: 3.3 | B55: PAINEIS ELÉTRICO 220/127V - QGBT | O55: COMPOSIÇÃO BASE | Q55: OBSERVAÇÕES
A56: 3.3.1 | B56: CAIXA EM CHAPA DE AÇO 16 COM PORTA E FECHO | C56: M2 | D56: =ROUNDUP(2.5,0) -> 3 | E56: =G56+H56+F56 -> 0 | F56: ='5.A'!$F$2314 -> 0 | G56: ='5.A'!$F$2327 -> 0 | H56: ='5.A'!$F$2350 -> 0 | I56: =ROUND(F56*D56,2) -> 0 | J56: =ROUND(G56*D56,2) -> 0 | K56: =ROUND(H56*D56,2) -> 0 | L56: =ROUND(D56*F56,2)+ROUND(D56*G56,2)+ROUND(D56*H56,2) -> 0 | M56: =L56/$L$93 -> #DIV/0! | O56: FDE | P56: 09.04.006 | S56: =(((1.35*2*21)+(2.7*7*21)+(0.7*28.5)+(4.46*4.3))*0.12)*4 -> 236.50944
A57: 3.3.2 | B57: QUADRO GERAL - BARRAMENTO DE 600A | C57: M | D57: 6 | E57: =G57+H57+F57 -> 0 | F57: ='5.A'!$F$2366 -> 0 | G57: ='5.A'!$F$2379 -> 0 | H57: ='5.A'!$F$2402 -> 0 | I57: =ROUND(F57*D57,2) -> 0 | J57: =ROUND(G57*D57,2) -> 0 | K57: =ROUND(H57*D57,2) -> 0 | L57: =ROUND(D57*F57,2)+ROUND(D57*G57,2)+ROUND(D57*H57,2) -> 0 | M57: =L57/$L$93 -> #DIV/0! | O57: FDE | P57: 09.04.049 | S57: =(((1.35*2*21)+(2.7*7*21)+(0.7*28.5)+(4.46*4.3))*0.12)*4 -> 236.50944
A58: 3.3.4 | B58: QUADRO GERAL - BARRAMENTO DE 150 A | C58: M | D58: 5 | E58: =G58+H58+F58 -> 0 | F58: ='5.A'!$F$2470 -> 0 | G58: ='5.A'!$F$2483 -> 0 | H58: ='5.A'!$F$2506 -> 0 | I58: =ROUND(F58*D58,2) -> 0 | J58: =ROUND(G58*D58,2) -> 0 | K58: =ROUND(H58*D58,2) -> 0 | L58: =ROUND(D58*F58,2)+ROUND(D58*G58,2)+ROUND(D58*H58,2) -> 0 | M58: =L58/$L$93 -> #DIV/0! | O58: FDE | P58: 09.04.043 | S58: =(((1.35*2*21)+(2.7*7*21)+(0.7*28.5)+(4.46*4.3))*0.12)*4 -> 236.50944
A59: 3.3.5 | B59: QUADRO GERAL - BARRAMENTO DE 100 A | C59: M | D59: 12 | E59: =G59+H59+F59 -> 0 | F59: ='5.A'!$F$2522 -> 0 | G59: ='5.A'!$F$2535 -> 0 | H59: ='5.A'!$F$2558 -> 0 | I59: =ROUND(F59*D59,2) -> 0 | J59: =ROUND(G59*D59,2) -> 0 | K59: =ROUND(H59*D59,2) -> 0 | L59: =ROUND(D59*F59,2)+ROUND(D59*G59,2)+ROUND(D59*H59,2) -> 0 | M59: =L59/$L$93 -> #DIV/0! | O59: FDE | P59: 09.04.042 | S59: =(((1.35*2*21)+(2.7*7*21)+(0.7*28.5)+(4.46*4.3))*0.12)*4 -> 236.50944
A60: 3.3.6 | B60: PLACA DE ACRILICO TRANSPARENTE ESP=5MM PROTECAO A CONTATO ACIDENTAL | C60: M2 | D60: 1 | E60: =G60+H60+F60 -> 0 | F60: ='5.A'!$F$2574 -> 0 | G60: ='5.A'!$F$2587 -> 0 | H60: ='5.A'!$F$2610 -> 0 | I60: =ROUND(F60*D60,2) -> 0 | J60: =ROUND(G60*D60,2) -> 0 | K60: =ROUND(H60*D60,2) -> 0 | L60: =ROUND(D60*F60,2)+ROUND(D60*G60,2)+ROUND(D60*H60,2) -> 0 | M60: =L60/$L$93 -> #DIV/0! | O60: FDE | P60: 09.04.050 | S60: =(((1.35*2*21)+(2.7*7*21)+(0.7*28.5)+(4.46*4.3))*0.12)*4 -> 236.50944
A61: 3.3.7 | B61: DISJUNTOR CAIXA MOLDADA TRIPOLAR 630A COM DISPARADOR TERMOMAGNÉTICO AJUSTÁVEL | C61: UN | D61: 1 | E61: =G61+H61+F61 -> 0 | F61: ='5.A'!$F$2626 -> 0 | G61: ='5.A'!$F$2639 -> 0 | H61: ='5.A'!$F$2662 -> 0 | I61: =ROUND(F61*D61,2) -> 0 | J61: =ROUND(G61*D61,2) -> 0 | K61: =ROUND(H61*D61,2) -> 0 | L61: =ROUND(D61*F61,2)+ROUND(D61*G61,2)+ROUND(D61*H61,2) -> 0 | M61: =L61/$L$93 -> #DIV/0! | O61: SIURB | P61: 09-008-058 | S61: =(((1.35*2*21)+(2.7*7*21)+(0.7*28.5)+(4.46*4.3))*0.12)*4 -> 236.50944
A62: 3.3.8 | B62: DISJUNTOR TRIPOLAR TIPO DIN, CORRENTE NOMINAL DE 32A | C62: UN | D62: 1 | E62: =G62+H62+F62 -> 0 | F62: ='5.A'!$F$2678 -> 0 | G62: ='5.A'!$F$2691 -> 0 | H62: ='5.A'!$F$2714 -> 0 | I62: =ROUND(F62*D62,2) -> 0 | J62: =ROUND(G62*D62,2) -> 0 | K62: =ROUND(H62*D62,2) -> 0 | L62: =ROUND(D62*F62,2)+ROUND(D62*G62,2)+ROUND(D62*H62,2) -> 0 | M62: =L62/$L$93 -> #DIV/0! | O62: SINAPI | P62: 93671 | S62: =(((1.35*2*21)+(2.7*7*21)+(0.7*28.5)+(4.46*4.3))*0.12)*4 -> 236.50944
A63: 3.3.9 | B63: DPS - DISPOSITIVO PROTECAO CONTRA SURTOS (ENERGIA) | C63: UN | D63: 4 | E63: =G63+H63+F63 -> 0 | F63: ='5.A'!$F$2730 -> 0 | G63: ='5.A'!$F$2743 -> 0 | H63: ='5.A'!$F$2766 -> 0 | I63: =ROUND(F63*D63,2) -> 0 | J63: =ROUND(G63*D63,2) -> 0 | K63: =ROUND(H63*D63,2) -> 0 | L63: =ROUND(D63*F63,2)+ROUND(D63*G63,2)+ROUND(D63*H63,2) -> 0 | M63: =L63/$L$93 -> #DIV/0! | O63: FDE | P63: 09.02.043 | S63: =(((1.35*2*21)+(2.7*7*21)+(0.7*28.5)+(4.46*4.3))*0.12)*4 -> 236.50944
A64: 3.3.11 | B64: DISJUNTOR CAIXA MOLDADA TRIPOLAR 100A COM DISPARADOR TERMOMAGNÉTICO AJUSTÁVEL | C64: UN | D64: 6 | E64: =G64+H64+F64 -> 0 | F64: ='5.A'!$F$2834 -> 0 | G64: ='5.A'!$F$2847 -> 0 | H64: ='5.A'!$F$2870 -> 0 | I64: =ROUND(F64*D64,2) -> 0 | J64: =ROUND(G64*D64,2) -> 0 | K64: =ROUND(H64*D64,2) -> 0 | L64: =ROUND(D64*F64,2)+ROUND(D64*G64,2)+ROUND(D64*H64,2) -> 0 | M64: =L64/$L$93 -> #DIV/0! | O64: SIURB | P64: 09-008-046 | S64: =(((1.35*2*21)+(2.7*7*21)+(0.7*28.5)+(4.46*4.3))*0.12)*4 -> 236.50944
A65: 3.3.12 | B65: DISJUNTOR CAIXA MOLDADA TRIPOLAR 150A COM DISPARADOR TERMOMAGNÉTICO AJUSTÁVEL | C65: UN | D65: 3 | E65: =G65+H65+F65 -> 0 | F65: ='5.A'!$F$2886 -> 0 | G65: ='5.A'!$F$2899 -> 0 | H65: ='5.A'!$F$2922 -> 0 | I65: =ROUND(F65*D65,2) -> 0 | J65: =ROUND(G65*D65,2) -> 0 | K65: =ROUND(H65*D65,2) -> 0 | L65: =ROUND(D65*F65,2)+ROUND(D65*G65,2)+ROUND(D65*H65,2) -> 0 | M65: =L65/$L$93 -> #DIV/0! | O65: SIURB | P65: 09-008-048 | S65: =(((1.35*2*21)+(2.7*7*21)+(0.7*28.5)+(4.46*4.3))*0.12)*4 -> 236.50944
A66: 3.3.13 | B66: DISJUNTOR CAIXA MOLDADA TRIPOLAR 400A COM DISPARADOR TERMOMAGNÉTICO AJUSTÁVEL | C66: UN | D66: 1 | E66: =G66+H66+F66 -> 0 | F66: ='5.A'!$F$2938 -> 0 | G66: ='5.A'!$F$2951 -> 0 | H66: ='5.A'!$F$2974 -> 0 | I66: =ROUND(F66*D66,2) -> 0 | J66: =ROUND(G66*D66,2) -> 0 | K66: =ROUND(H66*D66,2) -> 0 | L66: =ROUND(D66*F66,2)+ROUND(D66*G66,2)+ROUND(D66*H66,2) -> 0 | M66: =L66/$L$93 -> #DIV/0! | O66: SIURB | P66: 09-008-055 | S66: =(((1.35*2*21)+(2.7*7*21)+(0.7*28.5)+(4.46*4.3))*0.12)*4 -> 236.50944
A67: 3.3.14 | B67: TRANSFORMADOR DE CORRENTE, EM TERMOPLÁSTICO, TIPO JANELA, VMAX=600VCA, RELAÇÃO DE 600/5A | C67: UN | D67: 3 | E67: =G67+H67+F67 -> 0 | F67: ='5.A'!$F$2990 -> 0 | G67: ='5.A'!$F$3003 -> 0 | H67: ='5.A'!$F$3026 -> 0 | I67: =ROUND(F67*D67,2) -> 0 | J67: =ROUND(G67*D67,2) -> 0 | K67: =ROUND(H67*D67,2) -> 0 | L67: =ROUND(D67*F67,2)+ROUND(D67*G67,2)+ROUND(D67*H67,2) -> 0 | M67: =L67/$L$93 -> #DIV/0! | O67: COTAÇÃO MERCADO | P67: CP.001 | S67: =(((1.35*2*21)+(2.7*7*21)+(0.7*28.5)+(4.46*4.3))*0.12)*4 -> 236.50944
A68: 3.3.16 | B68: CHAVE DE AFERIÇÃO, DE SOBREPOR, VN= 600V, IN=20A, 10 POLOS | C68: UN | D68: 1 | E68: =G68+H68+F68 -> 0 | F68: ='5.A'!$F$3094 -> 0 | G68: ='5.A'!$F$3107 -> 0 | H68: ='5.A'!$F$3130 -> 0 | I68: =ROUND(F68*D68,2) -> 0 | J68: =ROUND(G68*D68,2) -> 0 | K68: =ROUND(H68*D68,2) -> 0 | L68: =ROUND(D68*F68,2)+ROUND(D68*G68,2)+ROUND(D68*H68,2) -> 0 | M68: =L68/$L$93 -> #DIV/0! | O68: COTAÇÃO MERCADO | P68: CP.002 | S68: =(((1.35*2*21)+(2.7*7*21)+(0.7*28.5)+(4.46*4.3))*0.12)*4 -> 236.50944
A69: 3.4 | B69: PAINEIS ELÉTRICO 220/127V - BANCO DE CAPACITORES | O69: COMPOSIÇÃO BASE | Q69: OBSERVAÇÕES
A70: 3.4.1 | B70: CAIXA EM CHAPA DE AÇO 16 COM PORTA E FECHO | C70: M2 | D70: =ROUNDUP(2.5,0) -> 3 | E70: =G70+H70+F70 -> 0 | F70: ='5.A'!$F$3146 -> 0 | G70: ='5.A'!$F$3159 -> 0 | H70: ='5.A'!$F$3182 -> 0 | I70: =ROUND(F70*D70,2) -> 0 | J70: =ROUND(G70*D70,2) -> 0 | K70: =ROUND(H70*D70,2) -> 0 | L70: =ROUND(D70*F70,2)+ROUND(D70*G70,2)+ROUND(D70*H70,2) -> 0 | M70: =L70/$L$93 -> #DIV/0! | O70: FDE | P70: 09.04.006 | S70: =(((1.35*2*21)+(2.7*7*21)+(0.7*28.5)+(4.46*4.3))*0.12)*4 -> 236.50944
A71: 3.4.2 | B71: DISJUNTOR TRIPOLAR TIPO DIN, CORRENTE NOMINAL DE 32A | C71: UN | D71: 6 | E71: =G71+H71+F71 -> 0 | F71: ='5.A'!$F$3198 -> 0 | G71: ='5.A'!$F$3211 -> 0 | H71: ='5.A'!$F$3234 -> 0 | I71: =ROUND(F71*D71,2) -> 0 | J71: =ROUND(G71*D71,2) -> 0 | K71: =ROUND(H71*D71,2) -> 0 | L71: =ROUND(D71*F71,2)+ROUND(D71*G71,2)+ROUND(D71*H71,2) -> 0 | M71: =L71/$L$93 -> #DIV/0! | O71: SINAPI | P71: 93671 | S71: =(((1.35*2*21)+(2.7*7*21)+(0.7*28.5)+(4.46*4.3))*0.12)*4 -> 236.50944
A72: 3.4.4 | B72: DISJUNTOR CAIXA MOLDADA TRIPOLAR 150A COM DISPARADOR TERMOMAGNÉTICO AJUSTÁVEL | C72: UN | D72: 1 | E72: =G72+H72+F72 -> 0 | F72: ='5.A'!$F$3302 -> 0 | G72: ='5.A'!$F$3315 -> 0 | H72: ='5.A'!$F$3338 -> 0 | I72: =ROUND(F72*D72,2) -> 0 | J72: =ROUND(G72*D72,2) -> 0 | K72: =ROUND(H72*D72,2) -> 0 | L72: =ROUND(D72*F72,2)+ROUND(D72*G72,2)+ROUND(D72*H72,2) -> 0 | M72: =L72/$L$93 -> #DIV/0! | O72: SIURB | P72: 09-008-048 | S72: =(((1.35*2*21)+(2.7*7*21)+(0.7*28.5)+(4.46*4.3))*0.12)*4 -> 236.50944
A73: 3.4.5 | B73: CHAVE DE AFERIÇÃO, DE SOBREPOR, VN= 600V, IN=20A, 10 POLOS | C73: UN | D73: 1 | E73: =G73+H73+F73 -> 0 | F73: ='5.A'!$F$3354 -> 0 | G73: ='5.A'!$F$3367 -> 0 | H73: ='5.A'!$F$3390 -> 0 | I73: =ROUND(F73*D73,2) -> 0 | J73: =ROUND(G73*D73,2) -> 0 | K73: =ROUND(H73*D73,2) -> 0 | L73: =ROUND(D73*F73,2)+ROUND(D73*G73,2)+ROUND(D73*H73,2) -> 0 | M73: =L73/$L$93 -> #DIV/0! | O73: COTAÇÃO MERCADO | P73: CP.002 | S73: =(((1.35*2*21)+(2.7*7*21)+(0.7*28.5)+(4.46*4.3))*0.12)*4 -> 236.50944
A74: 3.4.7 | B74: CONTROLADOR AUTOMÁTICO DE FATOR DE POTÊNCIA, 06 ESTÁGIOS, MEDIÇÃO TRIFÁSICA, LIGAÇÃO PARA ATÉ 3 TCS, FIXAÇÃO DE EMBUTIR, TENSÃO DE ALIMENTAÇÃO 90-270VCA | C74: UN | D74: 1 | E74: =G74+H74+F74 -> 0 | F74: ='5.A'!$F$3458 -> 0 | G74: ='5.A'!$F$3471 -> 0 | H74: ='5.A'!$F$3494 -> 0 | I74: =ROUND(F74*D74,2) -> 0 | J74: =ROUND(G74*D74,2) -> 0 | K74: =ROUND(H74*D74,2) -> 0 | L74: =ROUND(D74*F74,2)+ROUND(D74*G74,2)+ROUND(D74*H74,2) -> 0 | M74: =L74/$L$93 -> #DIV/0! | O74: COTAÇÃO MERCADO | P74: CP.003 | S74: =(((1.35*2*21)+(2.7*7*21)+(0.7*28.5)+(4.46*4.3))*0.12)*4 -> 236.50944
A75: 3.4.8 | B75: CONTATOR PARA MANOBRA DE CAPACITOR PARA CORREÇÃO DO FATOR DE POTÊNCIA, COM RESITORES DE PRÉ-CARGA, CONTATO AUXILAR 1NA, IN=30A, VN=220VAC, VCOMANDO=220VAC, F=60HZ | C75: UN | D75: 6 | E75: =G75+H75+F75 -> 0 | F75: ='5.A'!$F$3510 -> 0 | G75: ='5.A'!$F$3523 -> 0 | H75: ='5.A'!$F$3546 -> 0 | I75: =ROUND(F75*D75,2) -> 0 | J75: =ROUND(G75*D75,2) -> 0 | K75: =ROUND(H75*D75,2) -> 0 | L75: =ROUND(D75*F75,2)+ROUND(D75*G75,2)+ROUND(D75*H75,2) -> 0 | M75: =L75/$L$93 -> #DIV/0! | O75: COTAÇÃO MERCADO | P75: CP.004 | S75: =(((1.35*2*21)+(2.7*7*21)+(0.7*28.5)+(4.46*4.3))*0.12)*4 -> 236.50944
A76: 3.4.10 | B76: UNIDADE CAPACITIVA TRIFÁSICA, COM CAPA PROTETORA IP-50, COM RESISTOR INTERNO E PARAFUSO DE FIXAÇÃO E ATERRAMENTO, POTÊNCIA REATIVA DE 10,0 KVAR, VN=220VAC, F=60HZ | C76: UN | D76: 5 | E76: =G76+H76+F76 -> 0 | F76: ='5.A'!$F$3614 -> 0 | G76: ='5.A'!$F$3627 -> 0 | H76: ='5.A'!$F$3650 -> 0 | I76: =ROUND(F76*D76,2) -> 0 | J76: =ROUND(G76*D76,2) -> 0 | K76: =ROUND(H76*D76,2) -> 0 | L76: =ROUND(D76*F76,2)+ROUND(D76*G76,2)+ROUND(D76*H76,2) -> 0 | M76: =L76/$L$93 -> #DIV/0! | O76: COTAÇÃO MERCADO | P76: CP.005 | S76: =(((1.35*2*21)+(2.7*7*21)+(0.7*28.5)+(4.46*4.3))*0.12)*4 -> 236.50944
A77: 3.5 | B77: ADEQUAÇÃO CIVIL - ABRIGO DE PAINÉIS | O77: COMPOSIÇÃO BASE | Q77: OBSERVAÇÕES
A78: 3.5.1 | B78: EXECUÇÃO DE RADIER, ESPESSURA DE 10 CM, FCK = 30 MPA, COM USO DE FORMAS EM MADEIRA SERRADA | C78: M2 | D78: =ROUNDUP(3*2,0) -> 6 | E78: =G78+H78+F78 -> 0 | F78: ='5.A'!$F$3718 -> 0 | G78: ='5.A'!$F$3731 -> 0 | H78: ='5.A'!$F$3754 -> 0 | I78: =ROUND(F78*D78,2) -> 0 | J78: =ROUND(G78*D78,2) -> 0 | K78: =ROUND(H78*D78,2) -> 0 | L78: =ROUND(D78*F78,2)+ROUND(D78*G78,2)+ROUND(D78*H78,2) -> 0 | M78: =L78/$L$93 -> #DIV/0! | O78: SINAPI | P78: 97101 | S78: =(((1.35*2*21)+(2.7*7*21)+(0.7*28.5)+(4.46*4.3))*0.12)*4 -> 236.50944
A79: 3.5.2 | B79: ALVENARIA ESTRUTURAL DE BLOCOS CERÂMICOS 14X19X29, (ESPESSURA DE 14 CM), UTILIZANDO COLHER DE PEDREIRO E ARGAMASSA DE ASSENTAMENTO COM PREPARO MANUAL | C79: M2 | D79: =ROUNDUP(9.6,0) -> 10 | E79: =G79+H79+F79 -> 0 | F79: ='5.A'!$F$3770 -> 0 | G79: ='5.A'!$F$3783 -> 0 | H79: ='5.A'!$F$3806 -> 0 | I79: =ROUND(F79*D79,2) -> 0 | J79: =ROUND(G79*D79,2) -> 0 | K79: =ROUND(H79*D79,2) -> 0 | L79: =ROUND(D79*F79,2)+ROUND(D79*G79,2)+ROUND(D79*H79,2) -> 0 | M79: =L79/$L$93 -> #DIV/0! | O79: SINAPI | P79: 89307 | S79: =(((1.35*2*21)+(2.7*7*21)+(0.7*28.5)+(4.46*4.3))*0.12)*4 -> 236.50944
A80: 3.5.3 | B80: PISO CIMENTADO, TRAÇO 1:3 (CIMENTO E AREIA), ACABAMENTO LISO, ESPESSURA 2,0 CM, PREPARO MECÂNICO DA ARGAMASSA | C80: M2 | D80: =ROUNDUP(2.4,0) -> 3 | E80: =G80+H80+F80 -> 0 | F80: ='5.A'!$F$3822 -> 0 | G80: ='5.A'!$F$3835 -> 0 | H80: ='5.A'!$F$3858 -> 0 | I80: =ROUND(F80*D80,2) -> 0 | J80: =ROUND(G80*D80,2) -> 0 | K80: =ROUND(H80*D80,2) -> 0 | L80: =ROUND(D80*F80,2)+ROUND(D80*G80,2)+ROUND(D80*H80,2) -> 0 | M80: =L80/$L$93 -> #DIV/0! | O80: SINAPI | P80: 98679 | S80: =(((1.35*2*21)+(2.7*7*21)+(0.7*28.5)+(4.46*4.3))*0.12)*4 -> 236.50944
A81: 3.5.4 | B81: LAJE PRÉ-MOLDADA UNIDIRECIONAL, BIAPOIADA, PARA FORRO, ENCHIMENTO EM CERÂMICA, VIGOTA CONVENCIONAL, ALTURA TOTAL DA LAJE (ENCHIMENTO+CAPA) = (8+3) | C81: M2 | D81: =ROUNDUP(2.4,0) -> 3 | E81: =G81+H81+F81 -> 0 | F81: ='5.A'!$F$3874 -> 0 | G81: ='5.A'!$F$3887 -> 0 | H81: ='5.A'!$F$3910 -> 0 | I81: =ROUND(F81*D81,2) -> 0 | J81: =ROUND(G81*D81,2) -> 0 | K81: =ROUND(H81*D81,2) -> 0 | L81: =ROUND(D81*F81,2)+ROUND(D81*G81,2)+ROUND(D81*H81,2) -> 0 | M81: =L81/$L$93 -> #DIV/0! | O81: SINAPI | P81: 101964 | S81: =(((1.35*2*21)+(2.7*7*21)+(0.7*28.5)+(4.46*4.3))*0.12)*4 -> 236.50944
A82: 3.5.5 | B82: PORTA EM AÇO DE ABRIR TIPO VENEZIANA, 87X210CM, FIXAÇÃO COM PARAFUSOS | C82: UN | D82: 2 | E82: =G82+H82+F82 -> 0 | F82: ='5.A'!$F$3926 -> 0 | G82: ='5.A'!$F$3939 -> 0 | H82: ='5.A'!$F$3962 -> 0 | I82: =ROUND(F82*D82,2) -> 0 | J82: =ROUND(G82*D82,2) -> 0 | K82: =ROUND(H82*D82,2) -> 0 | L82: =ROUND(D82*F82,2)+ROUND(D82*G82,2)+ROUND(D82*H82,2) -> 0 | M82: =L82/$L$93 -> #DIV/0! | O82: SINAPI | P82: 94807 | S82: =(((1.35*2*21)+(2.7*7*21)+(0.7*28.5)+(4.46*4.3))*0.12)*4 -> 236.50944
A83: 3.5.6 | B83: PINTURA LÁTEX ACRÍLICA, APLICAÇÃO MANUAL EM PAREDES, DUAS DEMÃOS (INCLUSIVE PREPARO) | C83: M2 | D83: =ROUNDUP(28.8,0) -> 29 | E83: =G83+H83+F83 -> 0 | F83: ='5.A'!$F$3978 -> 0 | G83: ='5.A'!$F$3991 -> 0 | H83: ='5.A'!$F$4014 -> 0 | I83: =ROUND(F83*D83,2) -> 0 | J83: =ROUND(G83*D83,2) -> 0 | K83: =ROUND(H83*D83,2) -> 0 | L83: =ROUND(D83*F83,2)+ROUND(D83*G83,2)+ROUND(D83*H83,2) -> 0 | M83: =L83/$L$93 -> #DIV/0! | O83: SINAPI | P83: 104641 | Q83: CDHU 33.10.020 | S83: =(((1.35*2*21)+(2.7*7*21)+(0.7*28.5)+(4.46*4.3))*0.12)*4 -> 236.50944
A84: 3.5.7 | B84: PINTURA COM TINTA ACRÍLICA DE ACABAMENTO APLICADA A ROLO OU PINCEL SOBRE SUPERFÍCIES METÁLICAS EXECUTADO EM OBRA (02 DEMÃOS) | C84: M2 | D84: =ROUNDUP(4.4,0) -> 5 | E84: =G84+H84+F84 -> 0 | F84: ='5.A'!$F$4030 -> 0 | G84: ='5.A'!$F$4043 -> 0 | H84: ='5.A'!$F$4066 -> 0 | I84: =ROUND(F84*D84,2) -> 0 | J84: =ROUND(G84*D84,2) -> 0 | K84: =ROUND(H84*D84,2) -> 0 | L84: =ROUND(D84*F84,2)+ROUND(D84*G84,2)+ROUND(D84*H84,2) -> 0 | M84: =L84/$L$93 -> #DIV/0! | O84: SINAPI | P84: 100754 | Q84: CDHU 33.11.050 | S84: =(((1.35*2*21)+(2.7*7*21)+(0.7*28.5)+(4.46*4.3))*0.12)*4 -> 236.50944
A86: 4.0 | B86: SERVIÇOS COMPLEMENTARES | C86: SUB-TOTAL | F86: =I86 -> 0 | G86: =J86 -> 0 | H86: =K86 -> 0 | I86: =SUM(I89:I91) -> 0 | J86: =SUM(J89:J91) -> 0 | K86: =SUM(K89:K91) -> 0 | L86: =F86+G86+H86 -> 0 | M86: =ROUND(L86/$L$93,6) -> #DIV/0!
F87: =F86/L86 -> #DIV/0! | G87: =G86/L86 -> #DIV/0! | H87: =H86/L86 -> #DIV/0! | I87: =IF(F86=I86,"SIM","NÃO") -> SIM | J87: =IF(G86=J86,"SIM","NÃO") -> SIM | K87: =IF(H86=K86,"SIM","NÃO") -> SIM
A88: 4.1 | B88: DESATIVAÇÃO DA SUBESTAÇÃO EXISTENTE | O88: COMPOSIÇÃO BASE | Q88: OBSERVAÇÕES
A89: 4.1.1 | B89: SERVIÇOS PARA DESATIVAÇÃO DA SUBESTAÇÃO EXISTENTE PTB033 E PTB107 | C89: GB | D89: 1 | E89: =G89+H89+F89 -> 0 | F89: ='5.A'!$F$4082 -> 0 | G89: ='5.A'!$F$4095 -> 0 | H89: ='5.A'!$F$4118 -> 0 | I89: =ROUND(F89*D89,2) -> 0 | J89: =ROUND(G89*D89,2) -> 0 | K89: =ROUND(H89*D89,2) -> 0 | L89: =ROUND(D89*F89,2)+ROUND(D89*G89,2)+ROUND(D89*H89,2) -> 0 | M89: =L89/$L$93 -> #DIV/0! | O89: SINAPI | P89: 88264
A90: 4.2 | B90: PARADA PROGRAMADA PARA TRANSFERÊNCIA DA ENTRADA DE ENERGIA | O90: COMPOSIÇÃO BASE | Q90: OBSERVAÇÕES
A91: 4.2.1 | B91: SERVIÇOS PARA PARADA PROGRAMADA PARA TRANSFERÊNCIA DA ENTRADA DE ENERGIA | C91: GB | D91: 1 | E91: =G91+H91+F91 -> 0 | F91: ='5.A'!$F$4186 -> 0 | G91: ='5.A'!$F$4199 -> 0 | H91: ='5.A'!$F$4222 -> 0 | I91: =ROUND(F91*D91,2) -> 0 | J91: =ROUND(G91*D91,2) -> 0 | K91: =ROUND(H91*D91,2) -> 0 | L91: =ROUND(D91*F91,2)+ROUND(D91*G91,2)+ROUND(D91*H91,2) -> 0 | M91: =L91/$L$93 -> #DIV/0! | O91: SINAPI | P91: 88247
A93: SUB-TOTAL - ENTRADA DE ENERGIA 01 - PTB 033 - BAIRRO ELDORADO | L93: =L17+L24+L31+L86 -> 0 | M93: =M17+M24+M31+M86 -> #DIV/0!
A94: SUB-TOTAL DE MÃO DE OBRA | L94: =F17+F24+F31+F86 -> 0 | M94: =ROUND(L94/L93,4) -> #DIV/0! | N94: =L94+L95 -> 0 | O94: =N94/L93 -> #DIV/0!
A95: SUB-TOTAL DE EQUIPAMENTOS E SERVIÇOS | L95: =G17+G24+G31+G86 -> 0 | M95: =ROUND(L95/L93,4) -> #DIV/0! | N95: =L96 -> 0 | O95: =N95/L93 -> #DIV/0!
A96: SUB-TOTAL DE MATERIAIS | L96: =H17+H24+H31+H86 -> 0 | M96: =ROUND(L96/L93,4) -> #DIV/0!
A98: ENTRADA DE ENERGIA 2 - PTB 107 - BAIRRO JOÃO PAULO II
A100: ITEM | B100: SERVIÇO | C100: UNID | D100: QUANT. | E100: PREÇO | F100: MO | G100: SERVIÇO | H100: MATERIAIS | I100: MO | J100: SERVIÇO | K100: MAT | L100: PREÇO | M100: %
E101: UNIT.(R$) | F101: R$ | G101: R$ | H101: R$ | I101: R$ | J101: R$ | K101: R$ | L101: TOTAL(R$)
A103: 1.0 | B103: CANTEIRO DE OBRAS | C103: SUB-TOTAL | F103: =I103 -> 0 | G103: =J103 -> 0 | H103: =K103 -> 0 | I103: =SUM(I105:I108) -> 0 | J103: =SUM(J105:J108) -> 0 | K103: =SUM(K105:K108) -> 0 | L103: =F103+G103+H103 -> 0 | M103: =ROUND(L103/$L$180,6) -> #DIV/0!
F104: =F103/L103 -> #DIV/0! | G104: =G103/L103 -> #DIV/0! | H104: =H103/L103 -> #DIV/0! | I104: =IF(F103=I103,"SIM","NÃO") -> SIM | J104: =IF(G103=J103,"SIM","NÃO") -> SIM | K104: =IF(H103=K103,"SIM","NÃO") -> SIM | O104: COMPOSIÇÃO BASE | Q104: OBSERVAÇÕES
A105: =A19 -> 1.1 | B105: MOBILIZAÇÃO DO CANTEIRO DE OBRAS | C105: GB | D105: 1 | E105: =G105+H105+F105 -> 0 | F105: ='5.A'!$F$26 -> 0 | G105: ='5.A'!$F$39 -> 0 | H105: ='5.A'!$F$62 -> 0 | I105: =ROUND(F105*D105,2) -> 0 | J105: =ROUND(G105*D105,2) -> 0 | K105: =ROUND(H105*D105,2) -> 0 | L105: =ROUND(D105*F105,2)+ROUND(D105*G105,2)+ROUND(D105*H105,2) -> 0 | M105: =L105/$L$180 -> #DIV/0! | O105: SINAPI | P105: 100952 - 93358
A106: =A20 -> 1.2 | B106: OPERAÇÃO E MANUTENÇÃO DO CANTEIRO DE OBRAS | C106: GB | D106: 1 | E106: =G106+H106+F106 -> 0 | F106: ='5.A'!$F$78 -> 0 | G106: ='5.A'!$F$91 -> 0 | H106: ='5.A'!$F$114 -> 0 | I106: =ROUND(F106*D106,2) -> 0 | J106: =ROUND(G106*D106,2) -> 0 | K106: =ROUND(H106*D106,2) -> 0 | L106: =ROUND(D106*F106,2)+ROUND(D106*G106,2)+ROUND(D106*H106,2) -> 0 | M106: =L106/$L$180 -> #DIV/0!
A107: =A21 -> 1.3 | B107: DESMOBILIZAÇÃO DO CANTEIRO DE OBRAS | C107: GB | D107: 1 | E107: =G107+H107+F107 -> 0 | F107: ='5.A'!$F$130 -> 0 | G107: ='5.A'!$F$143 -> 0 | H107: ='5.A'!$F$166 -> 0 | I107: =ROUND(F107*D107,2) -> 0 | J107: =ROUND(G107*D107,2) -> 0 | K107: =ROUND(H107*D107,2) -> 0 | L107: =ROUND(D107*F107,2)+ROUND(D107*G107,2)+ROUND(D107*H107,2) -> 0 | M107: =L107/$L$180 -> #DIV/0!
A108: =A22 -> 1.4 | B108: PLACA DE OBRA PADRÃO SeMAE | C108: M2 | D108: =1.5*4 -> 6 | E108: =G108+H108+F108 -> 0 | F108: ='5.A'!$F$182 -> 0 | G108: ='5.A'!$F$195 -> 0 | H108: ='5.A'!$F$218 -> 0 | I108: =ROUND(F108*D108,2) -> 0 | J108: =ROUND(G108*D108,2) -> 0 | K108: =ROUND(H108*D108,2) -> 0 | L108: =ROUND(D108*F108,2)+ROUND(D108*G108,2)+ROUND(D108*H108,2) -> 0 | M108: =L108/$L$180 -> #DIV/0! | O108: SINAPI | P108: 103689
A110: 2.0 | B110: ENTRADA DE ENERGIA - POSTO SIMPLIFICADO DE SERVIÇO (PPS) - 112,5 KVA | C110: SUB-TOTAL | F110: =I110 -> 0 | G110: =J110 -> 0 | H110: =K110 -> 0 | I110: =SUM(I112:I115) -> 0 | J110: =SUM(J112:J115) -> 0 | K110: =SUM(K112:K115) -> 0 | L110: =F110+G110+H110 -> 0 | M110: =ROUND(L110/$L$180,6) -> #DIV/0!
F111: =F110/L110 -> #DIV/0! | G111: =G110/L110 -> #DIV/0! | H111: =H110/L110 -> #DIV/0! | I111: =IF(F110=I110,"SIM","NÃO") -> SIM | J111: =IF(G110=J110,"SIM","NÃO") -> SIM | K111: =IF(H110=K110,"SIM","NÃO") -> SIM | O111: COMPOSIÇÃO BASE | Q111: OBSERVAÇÕES
A112: 2.5 | B112: TE-06 ENTRADA PRIMÁRIA SIMPLIF. POSTE UNICO - CPFL - 112,5 KVA - 15KV- 220/127 V - INFRAESTRUTURA CIVIL | C112: UN | D112: 1 | E112: =G112+H112+F112 -> 0 | F112: ='5.A'!$F$442 -> 0 | G112: ='5.A'!$F$455 -> 0 | H112: ='5.A'!$F$478 -> 0 | I112: =ROUND(F112*D112,2) -> 0 | J112: =ROUND(G112*D112,2) -> 0 | K112: =ROUND(H112*D112,2) -> 0 | L112: =ROUND(D112*F112,2)+ROUND(D112*G112,2)+ROUND(D112*H112,2) -> 0 | M112: =L112/$L$180 -> #DIV/0! | O112: FDE | P112: 09.01.005 | S112: 775
A113: 2.6 | B113: TE-06 ENTRADA PRIMÁRIA SIMPLIF. POSTE UNICO - CPFL - 112,5 KVA - 15KV- 220/127 V - INFRAESTRUTURA ELÉTRICA - MÉDIA TENSÃO | C113: UN | D113: 1 | E113: =G113+H113+F113 -> 0 | F113: ='5.A'!$F$494 -> 0 | G113: ='5.A'!$F$507 -> 0 | H113: ='5.A'!$F$530 -> 0 | I113: =ROUND(F113*D113,2) -> 0 | J113: =ROUND(G113*D113,2) -> 0 | K113: =ROUND(H113*D113,2) -> 0 | L113: =ROUND(D113*F113,2)+ROUND(D113*G113,2)+ROUND(D113*H113,2) -> 0 | M113: =L113/$L$180 -> #DIV/0! | O113: FDE | P113: 09.01.005 | S113: 775
A114: 2.7 | B114: TE-06 ENTRADA PRIMÁRIA SIMPLIF. POSTE UNICO - CPFL - 112,5 KVA - 15KV- 220/127 V - INFRAESTRUTURA ELÉTRICA - SPDA/ATERRAMENTO | C114: UN | D114: 1 | E114: =G114+H114+F114 -> 0 | F114: ='5.A'!$F$546 -> 0 | G114: ='5.A'!$F$559 -> 0 | H114: ='5.A'!$F$582 -> 0 | I114: =ROUND(F114*D114,2) -> 0 | J114: =ROUND(G114*D114,2) -> 0 | K114: =ROUND(H114*D114,2) -> 0 | L114: =ROUND(D114*F114,2)+ROUND(D114*G114,2)+ROUND(D114*H114,2) -> 0 | M114: =L114/$L$180 -> #DIV/0! | O114: FDE | P114: 09.01.005 | S114: 775
A115: 2.8 | B115: TE-06 ENTRADA PRIMÁRIA SIMPLIF. POSTE UNICO - CPFL - 112,5 KVA - 15KV- 220/127 V - INFRAESTRUTURA ELÉTRICA - BAIXA TENSÃO | C115: UN | D115: 1 | E115: =G115+H115+F115 -> 0 | F115: ='5.A'!$F$598 -> 0 | G115: ='5.A'!$F$611 -> 0 | H115: ='5.A'!$F$634 -> 0 | I115: =ROUND(F115*D115,2) -> 0 | J115: =ROUND(G115*D115,2) -> 0 | K115: =ROUND(H115*D115,2) -> 0 | L115: =ROUND(D115*F115,2)+ROUND(D115*G115,2)+ROUND(D115*H115,2) -> 0 | M115: =L115/$L$180 -> #DIV/0! | O115: FDE | P115: 09.01.005 | S115: 775
A117: 3.0 | B117: ADEQUAÇÃO ELÉTRICA | C117: SUB-TOTAL | F117: =I117 -> 0 | G117: =J117 -> 0 | H117: =K117 -> 0 | I117: =SUM(I120:I171) -> 0 | J117: =SUM(J120:J171) -> 0 | K117: =SUM(K120:K171) -> 0 | L117: =F117+G117+H117 -> 0 | M117: =ROUND(L117/$L$180,6) -> #DIV/0!
...

Sheet 4.A
A1: ='3.A'!$A$1 -> TIMBRE DO LICITANTE
A7: ANEXO 4.A - CRONOGRAMA FÍSICO-FINANCEIRO - LICITANTE
A9: ='3.A'!$A$8 -> REFORMA DE 3 ENTRADAS DE ENERGIA EM 3 POÇOS TUBULARES DO AQUÍFERO BAURU (PTB) NO MUNÍCIPIO DE SÃO JOSÉ DO RIO PRETO
A12: ='3.A'!$A$12 -> ENTRADA DE ENERGIA 1 - PTB 033 - BAIRRO ELDORADO
D15: MÊS 1 | G15: MÊS 2 | J15: MÊS 3
D16: MÃO OBRA | E16: SERVIÇO | F16: MATERIAL | G16: MÃO OBRA | H16: SERVIÇO | I16: MATERIAL | J16: MÃO OBRA | K16: SERVIÇO | L16: MATERIAL
A17: ='3.A'!$A$17 -> 1.0 | B17: =VLOOKUP(A17,'3.A'!$A$12:$M$239,2,FALSE) -> CANTEIRO DE OBRAS | C17: =VLOOKUP(A17,'3.A'!$A$12:$M$239,12,FALSE) -> 0 | D17: =D18+E18+F18 -> 0 | G17: =G18+H18+I18 -> 0 | J17: =J18+K18+L18 -> 0 | M17: =SUM(D18:L18) -> 0
D18: ='3.A'!I19+'3.A'!I22 -> 0 | E18: ='3.A'!J19+'3.A'!J22 -> 0 | F18: ='3.A'!K19+'3.A'!K22 -> 0 | G18: =ROUND('3.A'!I20,2) -> 0 | H18: =ROUND('3.A'!J20,2) -> 0 | I18: =ROUND('3.A'!K20,2) -> 0 | J18: ='3.A'!I21 -> 0 | K18: ='3.A'!J21 -> 0 | L18: ='3.A'!K21 -> 0
C19: =C17/$C$30 -> #DIV/0! | D19: =D17/$C$17 -> #DIV/0! | G19: =G17/$C$17 -> #DIV/0! | J19: =J17/$C$17 -> #DIV/0! | M19: =M17/C17 -> #DIV/0!
A20: ='3.A'!$A$24 -> 2.0 | B20: =VLOOKUP(A20,'3.A'!$A$12:$M$239,2,FALSE) -> ENTRADA DE ENERGIA - POSTO SIMPLIFICADO DE SERVIÇO (PPS) - 225,0 KVA | C20: =VLOOKUP(A20,'3.A'!$A$12:$M$239,12,FALSE) -> 0 | D20: =D21+E21+F21 -> 0 | G20: =G21+H21+I21 -> 0 | M20: =SUM(D21:L21) -> 0
D21: ='3.A'!F26+'3.A'!F27 -> 0 | E21: ='3.A'!G26+'3.A'!G27 -> 0 | F21: ='3.A'!H26+'3.A'!H27 -> 0 | G21: ='3.A'!I28+'3.A'!I29 -> 0 | H21: ='3.A'!J28+'3.A'!J29 -> 0 | I21: ='3.A'!K28+'3.A'!K29 -> 0
C22: =C20/$C$30 -> #DIV/0! | D22: =D20/$C$20 -> #DIV/0! | G22: =G20/$C$20 -> #DIV/0! | M22: =M20/C20 -> #DIV/0!
A23: ='3.A'!$A$31 -> 3.0 | B23: =VLOOKUP(A23,'3.A'!$A$12:$M$239,2,FALSE) -> ADEQUAÇÃO ELÉTRICA | C23: =VLOOKUP(A23,'3.A'!$A$12:$M$239,12,FALSE) -> 0 | G23: =G24+H24+I24 -> 0 | M23: =SUM(D24:L24) -> 0
G24: ='3.A'!F31 -> 0 | H24: ='3.A'!G31 -> 0 | I24: ='3.A'!H31 -> 0
C25: =C23/$C$30 -> #DIV/0! | G25: =G23/$C$23 -> #DIV/0! | M25: =M23/C23 -> #DIV/0!
A26: ='3.A'!$A$86 -> 4.0 | B26: =VLOOKUP(A26,'3.A'!$A$12:$M$239,2,FALSE) -> SERVIÇOS COMPLEMENTARES | C26: =VLOOKUP(A26,'3.A'!$A$12:$M$239,12,FALSE) -> 0 | J26: =J27+K27+L27 -> 0 | M26: =SUM(D27:L27) -> 0
J27: ='3.A'!I86 -> 0 | K27: ='3.A'!J86 -> 0 | L27: ='3.A'!K86 -> 0
C28: =C26/$C$30 -> #DIV/0! | J28: =J26/$C$26 -> #DIV/0! | M28: =M26/C26 -> #DIV/0!
B30: MEDIÇÃO MENSAL | C30: =ROUND(C17+C20+C23+C26+C45+C48+C51+C54+C73+C76+C79+C82,2) -> 0 | D30: =D31+E31+F31 -> 0 | G30: =ROUND(G31+H31+I31,2) -> 0 | J30: =ROUND(J31+K31+L31,2) -> 0 | M30: =ROUND(M17+M20+M23+M26,2) -> 0
D31: =D18+D21+D24+D27 -> 0 | E31: =E18+E21+E24+E27 -> 0 | F31: =F18+F21+F24+F27 -> 0 | G31: =G18+G21+G24+G27 -> 0 | H31: =H18+H21+H24+H27 -> 0 | I31: =I18+I21+I24+I27 -> 0 | J31: =J18+J21+J24+J27 -> 0 | K31: =K18+K21+K24+K27 -> 0 | L31: =L18+L21+L24+L27 -> 0
C32: =C19+C22+C25+C28+C47+C50+C53+C56+C75+C78+C81+C84 -> #DIV/0! | D32: =ROUND(D30/$C$30,6) -> #DIV/0! | G32: =ROUND(G30/$C$30,6) -> #DIV/0! | J32: =ROUND(J30/$C$30,6) -> #DIV/0! | M32: =ROUND(D32+J32+G32,6) -> #DIV/0!
B34: MEDIÇÕES MENSAIS ACUMULADAS | C34: R$ | D34: =D30 -> 0 | G34: =D34+G30 -> 0 | J34: =G34+J30 -> 0
B35: MEDIÇÕES MENSAIS ACUMULADAS | C35: R$ | D35: =D31 -> 0 | E35: =E31 -> 0 | F35: =F31 -> 0 | G35: =D35+G31 -> 0 | H35: =E35+H31 -> 0 | I35: =F35+I31 -> 0 | J35: =G35+J31 -> 0 | K35: =H35+K31 -> 0 | L35: =I35+L31 -> 0
B36: SALDO CONTRATUAL | C36: R$ | D36: =ROUND($C$30-D34,2) -> 0 | G36: =ROUND($C$30-G34,2) -> 0 | J36: =ROUND($C$30-J34,2) -> 0
B37: SALDO CONTRATUAL | C37: R$ | D37: =ROUND('3.A'!$F$251-'4.A'!D35,2) -> 0 | E37: =ROUND('3.A'!$F$252-'4.A'!E35,2) -> 0 | F37: =ROUND('3.A'!$F$253-'4.A'!F35,2) -> 0 | G37: =ROUND('3.A'!$F$251-'4.A'!G35,2) -> 0 | H37: =ROUND('3.A'!$F$252-'4.A'!H35,2) -> 0 | I37: =ROUND('3.A'!$F$253-'4.A'!I35,2) -> 0 | J37: =ROUND('3.A'!$F$251-'4.A'!J35,2) -> 0 | K37: =ROUND('3.A'!$F$252-'4.A'!K35,2) -> 0 | L37: =ROUND('3.A'!$F$253-'4.A'!L35,2) -> 0
A40: ='3.A'!$A$98 -> ENTRADA DE ENERGIA 2 - PTB 107 - BAIRRO JOÃO PAULO II
D43: MÊS 4 | G43: MÊS 5 | J43: MÊS 6
D44: MÃO OBRA | E44: SERVIÇO | F44: MATERIAL | G44: MÃO OBRA | H44: SERVIÇO | I44: MATERIAL | J44: MÃO OBRA | K44: SERVIÇO | L44: MATERIAL
A45: ='3.A'!$A$103 -> 1.0 | B45: =VLOOKUP(A45,'3.A'!$A$12:$M$239,2,FALSE) -> CANTEIRO DE OBRAS | C45: =VLOOKUP(A45,'3.A'!$A$12:$M$239,12,FALSE) -> 0 | D45: =D46+E46+F46 -> 0 | G45: =G46+H46+I46 -> 0 | J45: =J46+K46+L46 -> 0 | M45: =SUM(D46:L46) -> 0
D46: ='3.A'!I105+'3.A'!I108 -> 0 | E46: ='3.A'!J105+'3.A'!J108 -> 0 | F46: ='3.A'!K105+'3.A'!K108 -> 0 | G46: =ROUND('3.A'!I106,2) -> 0 | H46: ='3.A'!J106 -> 0 | I46: ='3.A'!K106 -> 0 | J46: ='3.A'!I107 -> 0 | K46: ='3.A'!J107 -> 0 | L46: ='3.A'!K107 -> 0
C47: =C45/$C$30 -> #DIV/0! | D47: =D45/$C$17 -> #DIV/0! | G47: =G45/$C$17 -> #DIV/0! | J47: =J45/$C$17 -> #DIV/0! | M47: =M45/C45 -> #DIV/0!
A48: ='3.A'!$A$110 -> 2.0 | B48: ='3.A'!$B$110 -> ENTRADA DE ENERGIA - POSTO SIMPLIFICADO DE SERVIÇO (PPS) - 112,5 KVA | C48: ='3.A'!$L$110 -> 0 | D48: =D49+E49+F49 -> 0 | G48: =G49+H49+I49 -> 0 | M48: =SUM(D49:L49) -> 0
D49: ='3.A'!I112+'3.A'!I113 -> 0 | E49: ='3.A'!J112+'3.A'!J113 -> 0 | F49: ='3.A'!K112+'3.A'!K113 -> 0 | G49: ='3.A'!I114+'3.A'!I115 -> 0 | H49: ='3.A'!J114+'3.A'!J115 -> 0 | I49: ='3.A'!K114+'3.A'!K115 -> 0
C50: =C48/$C$30 -> #DIV/0! | D50: =D48/$C$20 -> #DIV/0! | G50: =G48/$C$20 -> #DIV/0! | M50: =M48/C48 -> #DIV/0!
A51: ='3.A'!$A$117 -> 3.0 | B51: =VLOOKUP(A51,'3.A'!$A$12:$M$239,2,FALSE) -> ADEQUAÇÃO ELÉTRICA | C51: ='3.A'!$L$117 -> 0 | G51: =G52+H52+I52 -> 0 | M51: =SUM(D52:L52) -> 0
G52: ='3.A'!I117 -> 0 | H52: ='3.A'!J117 -> 0 | I52: ='3.A'!K117 -> 0
C53: =C51/$C$30 -> #DIV/0! | G53: =G51/$C$23 -> #DIV/0! | M53: =M51/C51 -> #DIV/0!
A54: ='3.A'!$A$173 -> 4.0 | B54: =VLOOKUP(A54,'3.A'!$A$12:$M$239,2,FALSE) -> SERVIÇOS COMPLEMENTARES | C54: ='3.A'!$L$173 -> 0 | J54: =J55+K55+L55 -> 0 | M54: =SUM(D55:L55) -> 0
J55: ='3.A'!I173 -> 0 | K55: ='3.A'!J173 -> 0 | L55: ='3.A'!K173 -> 0
C56: =C54/$C$30 -> #DIV/0! | J56: =J54/$C$26 -> #DIV/0! | M56: =M54/C54 -> #DIV/0!
B58: MEDIÇÃO MENSAL | C58: =ROUND(C17+C20+C23+C26+C45+C48+C51+C54+C73+C76+C79+C82,2) -> 0 | D58: =D59+E59+F59 -> 0 | G58: =ROUND(G59+H59+I59,2) -> 0 | J58: =ROUND(J59+K59+L59,2) -> 0 | M58: =ROUND(M45+M48+M51+M54,2) -> 0
D59: =D46+D49+D52+D55 -> 0 | E59: =E46+E49+E52+E55 -> 0 | F59: =F46+F49+F52+F55 -> 0 | G59: =G46+G49+G52+G55 -> 0 | H59: =H46+H49+H52+H55 -> 0 | I59: =I46+I49+I52+I55 -> 0 | J59: =J46+J49+J52+J55 -> 0 | K59: =K46+K49+K52+K55 -> 0 | L59: =L46+L49+L52+L55 -> 0
C60: =C19+C22+C25+C28+C47+C50+C53+C56+C75+C78+C81+C84 -> #DIV/0! | D60: =ROUND(D58/$C$30,6) -> #DIV/0! | G60: =ROUND(G58/$C$30,6) -> #DIV/0! | J60: =ROUND(J58/$C$30,6) -> #DIV/0! | M60: =ROUND(D60+J60+G60,6) -> #DIV/0!
B62: MEDIÇÕES MENSAIS ACUMULADAS | C62: R$ | D62: =J34+D58 -> 0 | G62: =D62+G58 -> 0 | J62: =G62+J58 -> 0
B63: MEDIÇÕES MENSAIS ACUMULADAS | C63: R$ | D63: =J35+D59 -> 0 | E63: =K35+E59 -> 0 | F63: =L35+F59 -> 0 | G63: =D63+G59 -> 0 | H63: =E63+H59 -> 0 | I63: =F63+I59 -> 0 | J63: =G63+J59 -> 0 | K63: =H63+K59 -> 0 | L63: =I63+L59 -> 0
B64: SALDO CONTRATUAL | C64: R$ | D64: =ROUND($C$30-D62,2) -> 0 | G64: =ROUND($C$30-G62,2) -> 0 | J64: =ROUND($C$30-J62,2) -> 0
B65: SALDO CONTRATUAL | C65: R$ | D65: =ROUND('3.A'!$F$251-'4.A'!D63,2) -> 0 | E65: =ROUND('3.A'!$F$252-'4.A'!E63,2) -> 0 | F65: =ROUND('3.A'!$F$253-'4.A'!F63,2) -> 0 | G65: =ROUND('3.A'!$F$251-'4.A'!G63,2) -> 0 | H65: =ROUND('3.A'!$F$252-'4.A'!H63,2) -> 0 | I65: =ROUND('3.A'!$F$253-'4.A'!I63,2) -> 0 | J65: =ROUND('3.A'!$F$251-'4.A'!J63,2) -> 0 | K65: =ROUND('3.A'!$F$252-'4.A'!K63,2) -> 0 | L65: =ROUND('3.A'!$F$253-'4.A'!L63,2) -> 0
A68: ='3.A'!$A$185 -> ENTRADA DE ENERGIA 3 - PTB 003 - BAIRRO MACENO
D71: MÊS 7 | G71: MÊS 8 | J71: MÊS 9
D72: MÃO OBRA | E72: SERVIÇO | F72: MATERIAL | G72: MÃO OBRA | H72: SERVIÇO | I72: MATERIAL | J72: MÃO OBRA | K72: SERVIÇO | L72: MATERIAL
A73: ='3.A'!$A$190 -> 1.0 | B73: =VLOOKUP(A73,'3.A'!$A$12:$M$239,2,FALSE) -> CANTEIRO DE OBRAS | C73: =VLOOKUP(A73,'3.A'!$A$12:$M$239,12,FALSE) -> 0 | D73: =D74+E74+F74 -> 0 | G73: =G74+H74+I74 -> 0 | J73: =J74+K74+L74 -> 0 | M73: =SUM(D74:L74) -> 0
D74: ='3.A'!I192+'3.A'!I195 -> 0 | E74: ='3.A'!J192+'3.A'!J195 -> 0 | F74: ='3.A'!K192+'3.A'!K195 -> 0 | G74: ='3.A'!I193 -> 0 | H74: ='3.A'!J193 -> 0 | I74: ='3.A'!K193 -> 0 | J74: ='3.A'!I194 -> 0 | K74: ='3.A'!J194 -> 0 | L74: ='3.A'!K194 -> 0
C75: =C73/$C$30 -> #DIV/0! | D75: =D73/$C$17 -> #DIV/0! | G75: =G73/$C$17 -> #DIV/0! | J75: =J73/$C$17 -> #DIV/0! | M75: =M73/C73 -> #DIV/0!
A76: ='3.A'!$A$197 -> 2.0 | B76: ='3.A'!$B$197 -> ENTRADA DE ENERGIA - POSTO SIMPLIFICADO DE SERVIÇO (PPS) - 112,5 KVA | C76: ='3.A'!$L$197 -> 0 | D76: =D77+E77+F77 -> 0 | G76: =G77+H77+I77 -> 0 | M76: =SUM(D77:L77) -> 0
D77: ='3.A'!I199+'3.A'!I200 -> 0 | E77: ='3.A'!J199+'3.A'!J200 -> 0 | F77: ='3.A'!K199+'3.A'!K200 -> 0 | G77: ='3.A'!I201+'3.A'!I202 -> 0 | H77: ='3.A'!J201+'3.A'!J202 -> 0 | I77: ='3.A'!K201+'3.A'!K202 -> 0
C78: =C76/$C$30 -> #DIV/0! | D78: =D76/$C$20 -> #DIV/0! | G78: =G76/$C$20 -> #DIV/0! | M78: =M76/C76 -> #DIV/0!
A79: ='3.A'!$A$204 -> 3.0 | B79: =VLOOKUP(A79,'3.A'!$A$12:$M$239,2,FALSE) -> ADEQUAÇÃO ELÉTRICA | C79: ='3.A'!$L$204 -> 0 | G79: =G80+H80+I80 -> 0 | M79: =SUM(D80:L80) -> 0
G80: ='3.A'!I204 -> 0 | H80: ='3.A'!J204 -> 0 | I80: ='3.A'!K204 -> 0
C81: =C79/$C$30 -> #DIV/0! | G81: =G79/$C$23 -> #DIV/0! | M81: =M79/C79 -> #DIV/0!
A82: ='3.A'!$A$229 -> 4.0 | B82: =VLOOKUP(A82,'3.A'!$A$12:$M$239,2,FALSE) -> SERVIÇOS COMPLEMENTARES | C82: ='3.A'!$L$229 -> 0 | J82: =J83+K83+L83 -> 0 | M82: =SUM(D83:L83) -> 0
J83: ='3.A'!I229 -> 0 | K83: ='3.A'!J229 -> 0 | L83: ='3.A'!K229 -> 0
C84: =C82/$C$30 -> #DIV/0! | J84: =J82/$C$26 -> #DIV/0! | M84: =M82/C82 -> #DIV/0!
B86: MEDIÇÃO MENSAL | C86: =ROUND(C17+C20+C23+C26+C45+C48+C51+C54+C73+C76+C79+C82,2) -> 0 | D86: =D87+E87+F87 -> 0 | G86: =ROUND(G87+H87+I87,2) -> 0 | J86: =ROUND(J87+K87+L87,2) -> 0 | M86: =ROUND(M73+M76+M79+M82,2) -> 0
D87: =D74+D77+D80+D83 -> 0 | E87: =E74+E77+E80+E83 -> 0 | F87: =F74+F77+F80+F83 -> 0 | G87: =G74+G77+G80+G83 -> 0 | H87: =H74+H77+H80+H83 -> 0 | I87: =I74+I77+I80+I83 -> 0 | J87: =J74+J77+J80+J83 -> 0 | K87: =K74+K77+K80+K83 -> 0 | L87: =L74+L77+L80+L83 -> 0
C88: =C19+C22+C25+C28+C47+C50+C53+C56+C75+C78+C81+C84 -> #DIV/0! | D88: =ROUND(D86/$C$30,6) -> #DIV/0! | G88: =ROUND(G86/$C$30,6) -> #DIV/0! | J88: =ROUND(J86/$C$30,6) -> #DIV/0! | M88: =ROUND(D88+J88+G88,6) -> #DIV/0!
B90: MEDIÇÕES MENSAIS ACUMULADAS | C90: R$ | D90: =J62+D86 -> 0 | G90: =D90+G86 -> 0 | J90: =G90+J86 -> 0
B91: MEDIÇÕES MENSAIS ACUMULADAS | C91: R$ | D91: =J63+D87 -> 0 | E91: =K63+E87 -> 0 | F91: =L63+F87 -> 0 | G91: =D91+G87 -> 0 | H91: =E91+H87 -> 0 | I91: =F91+I87 -> 0 | J91: =G91+J87 -> 0 | K91: =H91+K87 -> 0 | L91: =I91+L87 -> 0
B92: SALDO CONTRATUAL | C92: R$ | D92: =ROUND($C$30-D90,2) -> 0 | G92: =ROUND($C$30-G90,2) -> 0 | J92: =ROUND($C$30-J90,2) -> 0
B93: SALDO CONTRATUAL | C93: R$ | D93: =ROUND('3.A'!$F$251-'4.A'!D91,2) -> 0 | E93: =ROUND('3.A'!$F$252-'4.A'!E91,2) -> 0 | F93: =ROUND('3.A'!$F$253-'4.A'!F91,2) -> 0 | G93: =ROUND('3.A'!$F$251-'4.A'!G91,2) -> 0 | H93: =ROUND('3.A'!$F$252-'4.A'!H91,2) -> 0 | I93: =ROUND('3.A'!$F$253-'4.A'!I91,2) -> 0 | J93: =ROUND('3.A'!$F$251-'4.A'!J91,2) -> 0 | K93: =ROUND('3.A'!$F$252-'4.A'!K91,2) -> 0 | L93: =ROUND('3.A'!$F$253-'4.A'!L91,2) -> 0
E97: =IF(D34=D35+E35+F35,"si","no") -> si | H97: =IF(G34=G35+H35+I35,"si","no") -> si | K97: =IF(J34=J35+K35+L35,"si","no") -> si
E98: =IF(D36=D37+E37+F37,"si","no") -> si | H98: =IF(G36=G37+H37+I37,"si","no") -> si | K98: =IF(J36=J37+K37+L37,"si","no") -> si
E99: =IF(D34+D36=$C$30,"si","no") -> si | H99: =IF(G34+G36=$C$30,"si","no") -> si | K99: =IF(J34+J36=$C$30,"si","no") -> si
E101: =IF(D62=D63+E63+F63,"si","no") -> si | H101: =IF(G62=G63+H63+I63,"si","no") -> si | K101: =IF(J62=J63+K63+L63,"si","no") -> si
E102: =IF(D64=D65+E65+F65,"si","no") -> si | H102: =IF(G64=G65+H65+I65,"si","no") -> si | K102: =IF(J64=J65+K65+L65,"si","no") -> si
E103: =IF(D62+D64=$C$30,"si","no") -> si | H103: =IF(G62+G64=$C$30,"si","no") -> si | K103: =IF(J62+J64=$C$30,"si","no") -> si
E105: =IF(D90=D91+E91+F91,"si","no") -> si | H105: =IF(G90=G91+H91+I91,"si","no") -> si | K105: =IF(J90=J91+K91+L91,"si","no") -> si
E106: =IF(D92=D93+E93+F93,"si","no") -> si | H106: =IF(G92=G93+H93+I93,"si","no") -> si | K106: =IF(J92=J93+K93+L93,"si","no") -> si
E107: =IF(D90+D92=$C$30,"si","no") -> si | H107: =IF(G90+G92=$C$30,"si","no") -> si | K107: =IF(J90+J92=$C$30,"si","no") -> si

Sheet 5.A
A1: ='3.A'!$A$1 -> TIMBRE DO LICITANTE
A7: ='3.A'!$A$8 -> REFORMA DE 3 ENTRADAS DE ENERGIA EM 3 POÇOS TUBULARES DO AQUÍFERO BAURU (PTB) NO MUNÍCIPIO DE SÃO JOSÉ DO RIO PRETO
A8: ='3.A'!$B$9 -> LEIS SOCIAIS HORISTA - JORNADA NORMAL | C8: ='8.A'!$C$43 -> 0 | D8: DATA-BASE DO ORÇAMENTO | F8: ='3.A'!M9 -> 46023
A9: ='3.A'!$B$10 -> BDI | C9: ='7.A'!$E$29 -> 0
A10: ANEXO 5.A - COMPOSIÇÕES UNITÁRIAS DE SERVIÇOS - LICITANTE
A12: ='3.A'!$A$19 -> 1.1 | B12: =IF(A12="","",VLOOKUP(A12,'3.A'!$A$17:$M$279,2,FALSE)) -> MOBILIZAÇÃO DO CANTEIRO DE OBRAS | C12: UNIDADE: | E12: =IF(A12="","",VLOOKUP(A12,'3.A'!$A$17:$M$279,3,FALSE)) -> GB | F12: =ROUND(F26+F39+F62,2) -> 0 | G12: =VLOOKUP(A12,'3.A'!$A$19:$I$279,4,FALSE) -> 1 | H12: =SUM(F14:F25) -> 0 | I12: =SUM(F28:F38) -> 0 | J12: =SUM(F41:F61) -> 0 | K12: =SUM(H12:J12) -> 0 | L12: =IF(K12=F12,"SIM","NÃO") -> SIM | M12: =ROUND(SUM(F14:F23)*C24,2)+ROUND(SUM(F14:F24)*C25,2)+ROUND(SUM(F14:F23),2)+ROUND(SUM(F28:F37)*C38,2)+ROUND(SUM(F28:F37),2)+ROUND(SUM(F41:F60)*C61,2)+ROUND(SUM(F41:F60),2) -> 0 | N12: =IF(M12=F12,"SIM","NÃO") -> SIM | O12: =VLOOKUP(A12,'3.A'!$A$8:$E$279,3,FALSE) -> GB | P12: =IF(O12=E12,"SIM","NÃO") -> SIM | Q12: =ROUND(G12*F26,2)+ROUND(G12*F39,2)+ROUND(G12*F62,2) -> 0 | R12: =VLOOKUP(A12,'3.A'!$A$17:$L$279,12,FALSE) -> 0 | S12: =IF(Q12=R12,"si","no") -> si | T12: =SUM(L14:L23)+SUM(L28:L37)+SUM(L41:L60) -> 31.98 | U12: =G12*C20+G12*C22+G12*C15+G12*C16+G12*C18+G12*C21+G12*C19+G12*C14+G12*C17+G12*C23+G12*C34+G12*C28+G12*C36+G12*C35+G12*C33+G12*C30+G12*C29+G12*C31+G12*C37+G12*C32+G12*C41+G12*C42+G12*C43+G12*C51+G12*C52+G12*C53+G12*C54+G12*C55+G12*C56+G12*C57+G12*C58+G12*C59+G12*C60+G12*C49+G12*C50+G12*C44+G12*C45+G12*C46+G12*C47+G12*C48 -> 31.98 | V12: =IF(T12=U12,"si","no") -> si
A13: 1.0 | B13: MÃO DE OBRA | C13: COEF. | D13: UNID. | E13: CUSTO UNIT. (R$) | F13: TOTAL (R$)
A14: ='6.A'!$A$18 -> 88264 | B14: =IF(A14="","",VLOOKUP(A14,'6.A'!$A$11:$G$180,2,FALSE)) -> ELETRICISTA COM ENCARGOS COMPLEMENTARES | C14: 8 | D14: =IF(A14="","",VLOOKUP(A14,'6.A'!$A$11:$G$180,4,FALSE)) -> H | E14: =IF(A14="","",VLOOKUP(A14,'6.A'!$A$11:$G$180,5,FALSE)) -> 0 | F14: =IF(A14="","0,00",ROUND(C14*E14,2)) -> 0 | H14: =IF(A14="","",VLOOKUP(A14,'6.A'!$A$11:$E$7984,5,FALSE)) -> 0 | I14: =IF(H14="","",IF(E14=H14,"SIM","NÃO")) -> SIM | J14: =IF(H14="","",VLOOKUP(A14,'6.A'!$A$11:$E$564,4,FALSE)) -> H | K14: =IF(H14="","",IF(J14=D14,"SIM","NÃO")) -> SIM | L14: =IF(H14="","",IF(C14="","",G12*C14)) -> 8 | M14: =IF(A14="","",VLOOKUP(A14,'6.A'!$A$11:$C$564,2,FALSE)) -> ELETRICISTA COM ENCARGOS COMPLEMENTARES | N14: =IF(A14="","",IF(M14=B14,"si","no")) -> si
A15: ='6.A'!$A$20 -> 88309 | B15: =IF(A15="","",VLOOKUP(A15,'6.A'!$A$11:$G$180,2,FALSE)) -> PEDREIRO COM ENCARGOS COMPLEMENTARES | C15: 8 | D15: =IF(A15="","",VLOOKUP(A15,'6.A'!$A$11:$G$180,4,FALSE)) -> H | E15: =IF(A15="","",VLOOKUP(A15,'6.A'!$A$11:$G$180,5,FALSE)) -> 0 | F15: =IF(A15="","0,00",ROUND(C15*E15,2)) -> 0 | H15: =IF(A15="","",VLOOKUP(A15,'6.A'!$A$11:$E$7984,5,FALSE)) -> 0 | I15: =IF(H15="","",IF(E15=H15,"SIM","NÃO")) -> SIM | J15: =IF(H15="","",VLOOKUP(A15,'6.A'!$A$11:$E$564,4,FALSE)) -> H | K15: =IF(H15="","",IF(J15=D15,"SIM","NÃO")) -> SIM | L15: =IF(H15="","",IF(C15="","",G12*C15)) -> 8 | M15: =IF(A15="","",VLOOKUP(A15,'6.A'!$A$11:$C$564,2,FALSE)) -> PEDREIRO COM ENCARGOS COMPLEMENTARES | N15: =IF(A15="","",IF(M15=B15,"si","no")) -> si
A16: ='6.A'!$A$24 -> 90776 | B16: =IF(A16="","",VLOOKUP(A16,'6.A'!$A$11:$G$180,2,FALSE)) -> ENCARREGADO GERAL COM ENCARGOS COMPLEMENTARES | C16: 8 | D16: =IF(A16="","",VLOOKUP(A16,'6.A'!$A$11:$G$180,4,FALSE)) -> H | E16: =IF(A16="","",VLOOKUP(A16,'6.A'!$A$11:$G$180,5,FALSE)) -> 0 | F16: =IF(A16="","0,00",ROUND(C16*E16,2)) -> 0 | H16: =IF(A16="","",VLOOKUP(A16,'6.A'!$A$11:$E$7984,5,FALSE)) -> 0 | I16: =IF(H16="","",IF(E16=H16,"SIM","NÃO")) -> SIM | J16: =IF(H16="","",VLOOKUP(A16,'6.A'!$A$11:$E$564,4,FALSE)) -> H | K16: =IF(H16="","",IF(J16=D16,"SIM","NÃO")) -> SIM | L16: =IF(H16="","",IF(C16="","",G12*C16)) -> 8 | M16: =IF(A16="","",VLOOKUP(A16,'6.A'!$A$11:$C$564,2,FALSE)) -> ENCARREGADO GERAL COM ENCARGOS COMPLEMENTARES | N16: =IF(A16="","",IF(M16=B16,"si","no")) -> si
F17: =IF(A17="","0,00",ROUND(C17*E17,2)) -> 0,00 | H17: =IF(A17="","",VLOOKUP(A17,'6.A'!$A$11:$E$7984,5,FALSE)) | I17: =IF(H17="","",IF(E17=H17,"SIM","NÃO")) | J17: =IF(H17="","",VLOOKUP(A17,'6.A'!$A$11:$E$564,4,FALSE)) | K17: =IF(H17="","",IF(J17=D17,"SIM","NÃO")) | L17: =IF(H17="","",IF(C17="","",G12*C17)) | M17: =IF(A17="","",VLOOKUP(A17,'6.A'!$A$11:$C$564,2,FALSE)) | N17: =IF(A17="","",IF(M17=B17,"si","no"))
F18: =IF(A18="","0,00",ROUND(C18*E18,2)) -> 0,00 | H18: =IF(A18="","",VLOOKUP(A18,'6.A'!$A$11:$E$7984,5,FALSE)) | I18: =IF(H18="","",IF(E18=H18,"SIM","NÃO")) | J18: =IF(H18="","",VLOOKUP(A18,'6.A'!$A$11:$E$564,4,FALSE)) | K18: =IF(H18="","",IF(J18=D18,"SIM","NÃO")) | L18: =IF(H18="","",IF(C18="","",G12*C18)) | M18: =IF(A18="","",VLOOKUP(A18,'6.A'!$A$11:$C$564,2,FALSE)) | N18: =IF(A18="","",IF(M18=B18,"si","no"))
F19: =IF(A19="","0,00",ROUND(C19*E19,2)) -> 0,00 | H19: =IF(A19="","",VLOOKUP(A19,'6.A'!$A$11:$E$7984,5,FALSE)) | I19: =IF(H19="","",IF(E19=H19,"SIM","NÃO")) | J19: =IF(H19="","",VLOOKUP(A19,'6.A'!$A$11:$E$564,4,FALSE)) | K19: =IF(H19="","",IF(J19=D19,"SIM","NÃO")) | L19: =IF(H19="","",IF(C19="","",G12*C19)) | M19: =IF(A19="","",VLOOKUP(A19,'6.A'!$A$11:$C$564,2,FALSE)) | N19: =IF(A19="","",IF(M19=B19,"si","no"))
B20: =IF(A20="","",VLOOKUP(A20,'6.A'!$A$11:$G$180,2,FALSE)) | D20: =IF(A20="","",VLOOKUP(A20,'6.A'!$A$11:$G$180,4,FALSE)) | E20: =IF(A20="","",VLOOKUP(A20,'6.A'!$A$11:$G$180,5,FALSE)) | F20: =IF(A20="","0,00",ROUND(C20*E20,2)) -> 0,00 | H20: =IF(A20="","",VLOOKUP(A20,'6.A'!$A$11:$E$7984,5,FALSE)) | I20: =IF(H20="","",IF(E20=H20,"SIM","NÃO")) | J20: =IF(H20="","",VLOOKUP(A20,'6.A'!$A$11:$E$564,4,FALSE)) | K20: =IF(H20="","",IF(J20=D20,"SIM","NÃO")) | L20: =IF(H20="","",IF(C20="","",G12*C20)) | M20: =IF(A20="","",VLOOKUP(A20,'6.A'!$A$11:$C$564,2,FALSE)) | N20: =IF(A20="","",IF(M20=B20,"si","no"))
B21: =IF(A21="","",VLOOKUP(A21,'6.A'!$A$11:$G$180,2,FALSE)) | D21: =IF(A21="","",VLOOKUP(A21,'6.A'!$A$11:$G$180,4,FALSE)) | E21: =IF(A21="","",VLOOKUP(A21,'6.A'!$A$11:$G$180,5,FALSE)) | F21: =IF(A21="","0,00",ROUND(C21*E21,2)) -> 0,00 | H21: =IF(A21="","",VLOOKUP(A21,'6.A'!$A$11:$E$7984,5,FALSE)) | I21: =IF(H21="","",IF(E21=H21,"SIM","NÃO")) | J21: =IF(H21="","",VLOOKUP(A21,'6.A'!$A$11:$E$564,4,FALSE)) | K21: =IF(H21="","",IF(J21=D21,"SIM","NÃO")) | L21: =IF(H21="","",IF(C21="","",G12*C21)) | M21: =IF(A21="","",VLOOKUP(A21,'6.A'!$A$11:$C$564,2,FALSE)) | N21: =IF(A21="","",IF(M21=B21,"si","no"))
B22: =IF(A22="","",VLOOKUP(A22,'6.A'!$A$11:$G$180,2,FALSE)) | D22: =IF(A22="","",VLOOKUP(A22,'6.A'!$A$11:$G$180,4,FALSE)) | E22: =IF(A22="","",VLOOKUP(A22,'6.A'!$A$11:$G$180,5,FALSE)) | F22: =IF(A22="","0,00",ROUND(C22*E22,2)) -> 0,00 | H22: =IF(A22="","",VLOOKUP(A22,'6.A'!$A$11:$E$7984,5,FALSE)) | I22: =IF(H22="","",IF(E22=H22,"SIM","NÃO")) | J22: =IF(H22="","",VLOOKUP(A22,'6.A'!$A$11:$E$564,4,FALSE)) | K22: =IF(H22="","",IF(J22=D22,"SIM","NÃO")) | L22: =IF(H22="","",IF(C22="","",G12*C22)) | M22: =IF(A22="","",VLOOKUP(A22,'6.A'!$A$11:$C$564,2,FALSE)) | N22: =IF(A22="","",IF(M22=B22,"si","no"))
B23: =IF(A23="","",VLOOKUP(A23,'6.A'!$A$11:$G$180,2,FALSE)) | D23: =IF(A23="","",VLOOKUP(A23,'6.A'!$A$11:$G$180,4,FALSE)) | E23: =IF(A23="","",VLOOKUP(A23,'6.A'!$A$11:$G$180,5,FALSE)) | F23: =IF(A23="","0,00",ROUND(C23*E23,2)) -> 0,00 | H23: =IF(A23="","",VLOOKUP(A23,'6.A'!$A$11:$E$7984,5,FALSE)) | I23: =IF(H23="","",IF(E23=H23,"SIM","NÃO")) | J23: =IF(H23="","",VLOOKUP(A23,'6.A'!$A$11:$E$564,4,FALSE)) | K23: =IF(H23="","",IF(J23=D23,"SIM","NÃO")) | L23: =IF(H23="","",IF(C23="","",G12*C23)) | M23: =IF(A23="","",VLOOKUP(A23,'6.A'!$A$11:$C$564,2,FALSE)) | N23: =IF(A23="","",IF(M23=B23,"si","no"))
B24: =$A$8 -> LEIS SOCIAIS HORISTA - JORNADA NORMAL | C24: =$C$8 -> 0 | F24: =ROUND(SUM(F14:F23)*C24,2) -> 0
B25: =$A$9 -> BDI | C25: =$C$9 -> 0 | F25: =ROUND(SUM(F14:F24)*C25,2) -> 0
B26: TOTAL DE MÃO DE OBRA | F26: =ROUND(SUM(F14:F25),2) -> 0
A27: 2.0 | B27: EQUIPAMENTOS E SERVIÇOS | C27: COEF. | D27: UNID. | E27: CUSTO UNIT. (R$) | F27: TOTAL (R$)
A28: ='6.A'!$A$28 -> 5928 | B28: =IF(A28="","",VLOOKUP(A28,'6.A'!$A$11:$G$180,2,FALSE)) -> GUINDAUTO HIDRÁULICO COM CAMINHÃO TOCO 189 CV, CAP. CARGA 6200 KG, ALCANCE 9,70 M - CHP | C28: =600*0.0093 -> 5.58 | D28: =IF(A28="","",VLOOKUP(A28,'6.A'!$A$11:$G$180,4,FALSE)) -> CHP | E28: =IF(A28="","",VLOOKUP(A28,'6.A'!$A$11:$G$180,5,FALSE)) -> 0 | F28: =IF(A28="","0,00",ROUND(C28*E28,2)) -> 0 | H28: =IF(A28="","",VLOOKUP(A28,'6.A'!$A$11:$E$7984,5,FALSE)) -> 0 | I28: =IF(H28="","",IF(E28=H28,"SIM","NÃO")) -> SIM | J28: =IF(H28="","",VLOOKUP(A28,'6.A'!$A$11:$E$564,4,FALSE)) -> CHP | K28: =IF(H28="","",IF(J28=D28,"SIM","NÃO")) -> SIM | L28: =IF(H28="","",IF(C28="","",G12*C28)) -> 5.58 | M28: =IF(A28="","",VLOOKUP(A28,'6.A'!$A$11:$C$564,2,FALSE)) -> GUINDAUTO HIDRÁULICO COM CAMINHÃO TOCO 189 CV, CAP. CARGA 6200 KG, ALCANCE 9,70 M - CHP | N28: =IF(A28="","",IF(M28=B28,"si","no")) -> si
A29: ='6.A'!$A$29 -> 5930 | B29: =IF(A29="","",VLOOKUP(A29,'6.A'!$A$11:$G$180,2,FALSE)) -> GUINDAUTO HIDRÁULICO COM CAMINHÃO TOCO 189 CV, CAP. CARGA 6200 KG, ALCANCE 9,70 M - CHI | C29: =600*0.004 -> 2.4 | D29: =IF(A29="","",VLOOKUP(A29,'6.A'!$A$11:$G$180,4,FALSE)) -> CHI | E29: =IF(A29="","",VLOOKUP(A29,'6.A'!$A$11:$G$180,5,FALSE)) -> 0 | F29: =IF(A29="","0,00",ROUND(C29*E29,2)) -> 0 | H29: =IF(A29="","",VLOOKUP(A29,'6.A'!$A$11:$E$7984,5,FALSE)) -> 0 | I29: =IF(H29="","",IF(E29=H29,"SIM","NÃO")) -> SIM | J29: =IF(H29="","",VLOOKUP(A29,'6.A'!$A$11:$E$564,4,FALSE)) -> CHI | K29: =IF(H29="","",IF(J29=D29,"SIM","NÃO")) -> SIM | L29: =IF(H29="","",IF(C29="","",G12*C29)) -> 2.4 | M29: =IF(A29="","",VLOOKUP(A29,'6.A'!$A$11:$C$564,2,FALSE)) -> GUINDAUTO HIDRÁULICO COM CAMINHÃO TOCO 189 CV, CAP. CARGA 6200 KG, ALCANCE 9,70 M - CHI | N29: =IF(A29="","",IF(M29=B29,"si","no")) -> si
F30: =IF(A30="","0,00",ROUND(C30*E30,2)) -> 0,00 | H30: =IF(A30="","",VLOOKUP(A30,'6.A'!$A$11:$E$7984,5,FALSE)) | I30: =IF(H30="","",IF(E30=H30,"SIM","NÃO")) | J30: =IF(H30="","",VLOOKUP(A30,'6.A'!$A$11:$E$564,4,FALSE)) | K30: =IF(H30="","",IF(J30=D30,"SIM","NÃO")) | L30: =IF(H30="","",IF(C30="","",G12*C30)) | M30: =IF(A30="","",VLOOKUP(A30,'6.A'!$A$11:$C$564,2,FALSE)) | N30: =IF(A30="","",IF(M30=B30,"si","no"))
F31: =IF(A31="","0,00",ROUND(C31*E31,2)) -> 0,00 | H31: =IF(A31="","",VLOOKUP(A31,'6.A'!$A$11:$E$7984,5,FALSE)) | I31: =IF(H31="","",IF(E31=H31,"SIM","NÃO")) | J31: =IF(H31="","",VLOOKUP(A31,'6.A'!$A$11:$E$564,4,FALSE)) | K31: =IF(H31="","",IF(J31=D31,"SIM","NÃO")) | L31: =IF(H31="","",IF(C31="","",G12*C31)) | M31: =IF(A31="","",VLOOKUP(A31,'6.A'!$A$11:$C$564,2,FALSE)) | N31: =IF(A31="","",IF(M31=B31,"si","no"))
F32: =IF(A32="","0,00",ROUND(C32*E32,2)) -> 0,00 | H32: =IF(A32="","",VLOOKUP(A32,'6.A'!$A$11:$E$7984,5,FALSE)) | I32: =IF(H32="","",IF(E32=H32,"SIM","NÃO")) | J32: =IF(H32="","",VLOOKUP(A32,'6.A'!$A$11:$E$564,4,FALSE)) | K32: =IF(H32="","",IF(J32=D32,"SIM","NÃO")) | L32: =IF(H32="","",IF(C32="","",G12*C32)) | M32: =IF(A32="","",VLOOKUP(A32,'6.A'!$A$11:$C$564,2,FALSE)) | N32: =IF(A32="","",IF(M32=B32,"si","no"))
F33: =IF(A33="","0,00",ROUND(C33*E33,2)) -> 0,00 | H33: =IF(A33="","",VLOOKUP(A33,'6.A'!$A$11:$E$7984,5,FALSE)) | I33: =IF(H33="","",IF(E33=H33,"SIM","NÃO")) | J33: =IF(H33="","",VLOOKUP(A33,'6.A'!$A$11:$E$564,4,FALSE)) | K33: =IF(H33="","",IF(J33=D33,"SIM","NÃO")) | L33: =IF(H33="","",IF(C33="","",G12*C33)) | M33: =IF(A33="","",VLOOKUP(A33,'6.A'!$A$11:$C$564,2,FALSE)) | N33: =IF(A33="","",IF(M33=B33,"si","no"))
B34: =IF(A34="","",VLOOKUP(A34,'6.A'!$A$11:$G$180,2,FALSE)) | D34: =IF(A34="","",VLOOKUP(A34,'6.A'!$A$11:$G$180,4,FALSE)) | E34: =IF(A34="","",VLOOKUP(A34,'6.A'!$A$11:$G$180,5,FALSE)) | F34: =IF(A34="","0,00",ROUND(C34*E34,2)) -> 0,00 | H34: =IF(A34="","",VLOOKUP(A34,'6.A'!$A$11:$E$7984,5,FALSE)) | I34: =IF(H34="","",IF(E34=H34,"SIM","NÃO")) | J34: =IF(H34="","",VLOOKUP(A34,'6.A'!$A$11:$E$564,4,FALSE)) | K34: =IF(H34="","",IF(J34=D34,"SIM","NÃO")) | L34: =IF(H34="","",IF(C34="","",G12*C34)) | M34: =IF(A34="","",VLOOKUP(A34,'6.A'!$A$11:$C$564,2,FALSE)) | N34: =IF(A34="","",IF(M34=B34,"si","no"))
B35: =IF(A35="","",VLOOKUP(A35,'6.A'!$A$11:$G$180,2,FALSE)) | D35: =IF(A35="","",VLOOKUP(A35,'6.A'!$A$11:$G$180,4,FALSE)) | E35: =IF(A35="","",VLOOKUP(A35,'6.A'!$A$11:$G$180,5,FALSE)) | F35: =IF(A35="","0,00",ROUND(C35*E35,2)) -> 0,00 | H35: =IF(A35="","",VLOOKUP(A35,'6.A'!$A$11:$E$7984,5,FALSE)) | I35: =IF(H35="","",IF(E35=H35,"SIM","NÃO")) | J35: =IF(H35="","",VLOOKUP(A35,'6.A'!$A$11:$E$564,4,FALSE)) | K35: =IF(H35="","",IF(J35=D35,"SIM","NÃO")) | L35: =IF(H35="","",IF(C35="","",G12*C35)) | M35: =IF(A35="","",VLOOKUP(A35,'6.A'!$A$11:$C$564,2,FALSE)) | N35: =IF(A35="","",IF(M35=B35,"si","no"))
B36: =IF(A36="","",VLOOKUP(A36,'6.A'!$A$11:$G$180,2,FALSE)) | D36: =IF(A36="","",VLOOKUP(A36,'6.A'!$A$11:$G$180,4,FALSE)) | E36: =IF(A36="","",VLOOKUP(A36,'6.A'!$A$11:$G$180,5,FALSE)) | F36: =IF(A36="","0,00",ROUND(C36*E36,2)) -> 0,00 | H36: =IF(A36="","",VLOOKUP(A36,'6.A'!$A$11:$E$7984,5,FALSE)) | I36: =IF(H36="","",IF(E36=H36,"SIM","NÃO")) | J36: =IF(H36="","",VLOOKUP(A36,'6.A'!$A$11:$E$564,4,FALSE)) | K36: =IF(H36="","",IF(J36=D36,"SIM","NÃO")) | L36: =IF(H36="","",IF(C36="","",G12*C36)) | M36: =IF(A36="","",VLOOKUP(A36,'6.A'!$A$11:$C$564,2,FALSE)) | N36: =IF(A36="","",IF(M36=B36,"si","no"))
B37: =IF(A37="","",VLOOKUP(A37,'6.A'!$A$11:$G$180,2,FALSE)) | D37: =IF(A37="","",VLOOKUP(A37,'6.A'!$A$11:$G$180,4,FALSE)) | E37: =IF(A37="","",VLOOKUP(A37,'6.A'!$A$11:$G$180,5,FALSE)) | F37: =IF(A37="","0,00",ROUND(C37*E37,2)) -> 0,00 | H37: =IF(A37="","",VLOOKUP(A37,'6.A'!$A$11:$E$7984,5,FALSE)) | I37: =IF(H37="","",IF(E37=H37,"SIM","NÃO")) | J37: =IF(H37="","",VLOOKUP(A37,'6.A'!$A$11:$E$564,4,FALSE)) | K37: =IF(H37="","",IF(J37=D37,"SIM","NÃO")) | L37: =IF(H37="","",IF(C37="","",G12*C37)) | M37: =IF(A37="","",VLOOKUP(A37,'6.A'!$A$11:$C$564,2,FALSE)) | N37: =IF(A37="","",IF(M37=B37,"si","no"))
B38: =$A$9 -> BDI | C38: =$C$9 -> 0 | F38: =ROUND(SUM(F28:F37)*C38,2) -> 0
B39: TOTAL DE EQUIPAMENTOS E SERVIÇOS | F39: =ROUND(SUM(F28:F38),2) -> 0
A40: 3.0 | B40: MATERIAIS | C40: COEF. | D40: UNID. | E40: CUSTO UNIT. (R$) | F40: TOTAL (R$)
B41: =IF(A41="","",VLOOKUP(A41,'6.A'!$A$11:$G$180,2,FALSE)) | D41: =IF(A41="","",VLOOKUP(A41,'6.A'!$A$11:$G$180,4,FALSE)) | E41: =IF(A41="","",VLOOKUP(A41,'6.A'!$A$11:$G$180,5,FALSE)) | F41: =IF(A41="","0,00",ROUND(C41*E41,2)) -> 0,00 | H41: =IF(A41="","",VLOOKUP(A41,'6.A'!$A$11:$E$7984,5,FALSE)) | I41: =IF(H41="","",IF(E41=H41,"SIM","NÃO")) | J41: =IF(H41="","",VLOOKUP(A41,'6.A'!$A$11:$E$564,4,FALSE)) | K41: =IF(H41="","",IF(J41=D41,"SIM","NÃO")) | L41: =IF(H41="","",IF(C41="","",G12*C41)) | M41: =IF(A41="","",VLOOKUP(A41,'6.A'!$A$11:$C$564,2,FALSE)) | N41: =IF(A41="","",IF(M41=B41,"si","no"))
B42: =IF(A42="","",VLOOKUP(A42,'6.A'!$A$11:$G$180,2,FALSE)) | D42: =IF(A42="","",VLOOKUP(A42,'6.A'!$A$11:$G$180,4,FALSE)) | E42: =IF(A42="","",VLOOKUP(A42,'6.A'!$A$11:$G$180,5,FALSE)) | F42: =IF(A42="","0,00",ROUND(C42*E42,2)) -> 0,00 | H42: =IF(A42="","",VLOOKUP(A42,'6.A'!$A$11:$E$7984,5,FALSE)) | I42: =IF(H42="","",IF(E42=H42,"SIM","NÃO")) | J42: =IF(H42="","",VLOOKUP(A42,'6.A'!$A$11:$E$564,4,FALSE)) | K42: =IF(H42="","",IF(J42=D42,"SIM","NÃO")) | L42: =IF(H42="","",IF(C42="","",G12*C42)) | M42: =IF(A42="","",VLOOKUP(A42,'6.A'!$A$11:$C$564,2,FALSE)) | N42: =IF(A42="","",IF(M42=B42,"si","no"))
B43: =IF(A43="","",VLOOKUP(A43,'6.A'!$A$11:$G$180,2,FALSE)) | D43: =IF(A43="","",VLOOKUP(A43,'6.A'!$A$11:$G$180,4,FALSE)) | E43: =IF(A43="","",VLOOKUP(A43,'6.A'!$A$11:$G$180,5,FALSE)) | F43: =IF(A43="","0,00",ROUND(C43*E43,2)) -> 0,00 | H43: =IF(A43="","",VLOOKUP(A43,'6.A'!$A$11:$E$7984,5,FALSE)) | I43: =IF(H43="","",IF(E43=H43,"SIM","NÃO")) | J43: =IF(H43="","",VLOOKUP(A43,'6.A'!$A$11:$E$564,4,FALSE)) | K43: =IF(H43="","",IF(J43=D43,"SIM","NÃO")) | L43: =IF(H43="","",IF(C43="","",G12*C43)) | M43: =IF(A43="","",VLOOKUP(A43,'6.A'!$A$11:$C$564,2,FALSE)) | N43: =IF(A43="","",IF(M43=B43,"si","no"))
B44: =IF(A44="","",VLOOKUP(A44,'6.A'!$A$11:$G$180,2,FALSE)) | D44: =IF(A44="","",VLOOKUP(A44,'6.A'!$A$11:$G$180,4,FALSE)) | E44: =IF(A44="","",VLOOKUP(A44,'6.A'!$A$11:$G$180,5,FALSE)) | F44: =IF(A44="","0,00",ROUND(C44*E44,2)) -> 0,00 | H44: =IF(A44="","",VLOOKUP(A44,'6.A'!$A$11:$E$7984,5,FALSE)) | I44: =IF(H44="","",IF(E44=H44,"SIM","NÃO")) | J44: =IF(H44="","",VLOOKUP(A44,'6.A'!$A$11:$E$564,4,FALSE)) | K44: =IF(H44="","",IF(J44=D44,"SIM","NÃO")) | L44: =IF(H44="","",IF(C44="","",G12*C44)) | M44: =IF(A44="","",VLOOKUP(A44,'6.A'!$A$11:$C$564,2,FALSE)) | N44: =IF(A44="","",IF(M44=B44,"si","no"))
B45: =IF(A45="","",VLOOKUP(A45,'6.A'!$A$11:$G$180,2,FALSE)) | D45: =IF(A45="","",VLOOKUP(A45,'6.A'!$A$11:$G$180,4,FALSE)) | E45: =IF(A45="","",VLOOKUP(A45,'6.A'!$A$11:$G$180,5,FALSE)) | F45: =IF(A45="","0,00",ROUND(C45*E45,2)) -> 0,00 | H45: =IF(A45="","",VLOOKUP(A45,'6.A'!$A$11:$E$7984,5,FALSE)) | I45: =IF(H45="","",IF(E45=H45,"SIM","NÃO")) | J45: =IF(H45="","",VLOOKUP(A45,'6.A'!$A$11:$E$564,4,FALSE)) | K45: =IF(H45="","",IF(J45=D45,"SIM","NÃO")) | L45: =IF(H45="","",IF(C45="","",G12*C45)) | M45: =IF(A45="","",VLOOKUP(A45,'6.A'!$A$11:$C$564,2,FALSE)) | N45: =IF(A45="","",IF(M45=B45,"si","no"))
B46: =IF(A46="","",VLOOKUP(A46,'6.A'!$A$11:$G$180,2,FALSE)) | D46: =IF(A46="","",VLOOKUP(A46,'6.A'!$A$11:$G$180,4,FALSE)) | E46: =IF(A46="","",VLOOKUP(A46,'6.A'!$A$11:$G$180,5,FALSE)) | F46: =IF(A46="","0,00",ROUND(C46*E46,2)) -> 0,00 | H46: =IF(A46="","",VLOOKUP(A46,'6.A'!$A$11:$E$7984,5,FALSE)) | I46: =IF(H46="","",IF(E46=H46,"SIM","NÃO")) | J46: =IF(H46="","",VLOOKUP(A46,'6.A'!$A$11:$E$564,4,FALSE)) | K46: =IF(H46="","",IF(J46=D46,"SIM","NÃO")) | L46: =IF(H46="","",IF(C46="","",G12*C46)) | M46: =IF(A46="","",VLOOKUP(A46,'6.A'!$A$11:$C$564,2,FALSE)) | N46: =IF(A46="","",IF(M46=B46,"si","no"))
B47: =IF(A47="","",VLOOKUP(A47,'6.A'!$A$11:$G$180,2,FALSE)) | D47: =IF(A47="","",VLOOKUP(A47,'6.A'!$A$11:$G$180,4,FALSE)) | E47: =IF(A47="","",VLOOKUP(A47,'6.A'!$A$11:$G$180,5,FALSE)) | F47: =IF(A47="","0,00",ROUND(C47*E47,2)) -> 0,00 | H47: =IF(A47="","",VLOOKUP(A47,'6.A'!$A$11:$E$7984,5,FALSE)) | I47: =IF(H47="","",IF(E47=H47,"SIM","NÃO")) | J47: =IF(H47="","",VLOOKUP(A47,'6.A'!$A$11:$E$564,4,FALSE)) | K47: =IF(H47="","",IF(J47=D47,"SIM","NÃO")) | L47: =IF(H47="","",IF(C47="","",G12*C47)) | M47: =IF(A47="","",VLOOKUP(A47,'6.A'!$A$11:$C$564,2,FALSE)) | N47: =IF(A47="","",IF(M47=B47,"si","no"))
B48: =IF(A48="","",VLOOKUP(A48,'6.A'!$A$11:$G$180,2,FALSE)) | D48: =IF(A48="","",VLOOKUP(A48,'6.A'!$A$11:$G$180,4,FALSE)) | E48: =IF(A48="","",VLOOKUP(A48,'6.A'!$A$11:$G$180,5,FALSE)) | F48: =IF(A48="","0,00",ROUND(C48*E48,2)) -> 0,00 | H48: =IF(A48="","",VLOOKUP(A48,'6.A'!$A$11:$E$7984,5,FALSE)) | I48: =IF(H48="","",IF(E48=H48,"SIM","NÃO")) | J48: =IF(H48="","",VLOOKUP(A48,'6.A'!$A$11:$E$564,4,FALSE)) | K48: =IF(H48="","",IF(J48=D48,"SIM","NÃO")) | L48: =IF(H48="","",IF(C48="","",G12*C48)) | M48: =IF(A48="","",VLOOKUP(A48,'6.A'!$A$11:$C$564,2,FALSE)) | N48: =IF(A48="","",IF(M48=B48,"si","no"))
B49: =IF(A49="","",VLOOKUP(A49,'6.A'!$A$11:$G$180,2,FALSE)) | D49: =IF(A49="","",VLOOKUP(A49,'6.A'!$A$11:$G$180,4,FALSE)) | E49: =IF(A49="","",VLOOKUP(A49,'6.A'!$A$11:$G$180,5,FALSE)) | F49: =IF(A49="","0,00",ROUND(C49*E49,2)) -> 0,00 | H49: =IF(A49="","",VLOOKUP(A49,'6.A'!$A$11:$E$7984,5,FALSE)) | I49: =IF(H49="","",IF(E49=H49,"SIM","NÃO")) | J49: =IF(H49="","",VLOOKUP(A49,'6.A'!$A$11:$E$564,4,FALSE)) | K49: =IF(H49="","",IF(J49=D49,"SIM","NÃO")) | L49: =IF(H49="","",IF(C49="","",G12*C49)) | M49: =IF(A49="","",VLOOKUP(A49,'6.A'!$A$11:$C$564,2,FALSE)) | N49: =IF(A49="","",IF(M49=B49,"si","no"))
B50: =IF(A50="","",VLOOKUP(A50,'6.A'!$A$11:$G$180,2,FALSE)) | D50: =IF(A50="","",VLOOKUP(A50,'6.A'!$A$11:$G$180,4,FALSE)) | E50: =IF(A50="","",VLOOKUP(A50,'6.A'!$A$11:$G$180,5,FALSE)) | F50: =IF(A50="","0,00",ROUND(C50*E50,2)) -> 0,00 | H50: =IF(A50="","",VLOOKUP(A50,'6.A'!$A$11:$E$7984,5,FALSE)) | I50: =IF(H50="","",IF(E50=H50,"SIM","NÃO")) | J50: =IF(H50="","",VLOOKUP(A50,'6.A'!$A$11:$E$564,4,FALSE)) | K50: =IF(H50="","",IF(J50=D50,"SIM","NÃO")) | L50: =IF(H50="","",IF(C50="","",G12*C50)) | M50: =IF(A50="","",VLOOKUP(A50,'6.A'!$A$11:$C$564,2,FALSE)) | N50: =IF(A50="","",IF(M50=B50,"si","no"))
B51: =IF(A51="","",VLOOKUP(A51,'6.A'!$A$11:$G$180,2,FALSE)) | D51: =IF(A51="","",VLOOKUP(A51,'6.A'!$A$11:$G$180,4,FALSE)) | E51: =IF(A51="","",VLOOKUP(A51,'6.A'!$A$11:$G$180,5,FALSE)) | F51: =IF(A51="","0,00",ROUND(C51*E51,2)) -> 0,00 | H51: =IF(A51="","",VLOOKUP(A51,'6.A'!$A$11:$E$7984,5,FALSE)) | I51: =IF(H51="","",IF(E51=H51,"SIM","NÃO")) | J51: =IF(H51="","",VLOOKUP(A51,'6.A'!$A$11:$E$564,4,FALSE)) | K51: =IF(H51="","",IF(J51=D51,"SIM","NÃO")) | L51: =IF(H51="","",IF(C51="","",G12*C51)) | M51: =IF(A51="","",VLOOKUP(A51,'6.A'!$A$11:$C$564,2,FALSE)) | N51: =IF(A51="","",IF(M51=B51,"si","no"))
B52: =IF(A52="","",VLOOKUP(A52,'6.A'!$A$11:$G$180,2,FALSE)) | D52: =IF(A52="","",VLOOKUP(A52,'6.A'!$A$11:$G$180,4,FALSE)) | E52: =IF(A52="","",VLOOKUP(A52,'6.A'!$A$11:$G$180,5,FALSE)) | F52: =IF(A52="","0,00",ROUND(C52*E52,2)) -> 0,00 | H52: =IF(A52="","",VLOOKUP(A52,'6.A'!$A$11:$E$7984,5,FALSE)) | I52: =IF(H52="","",IF(E52=H52,"SIM","NÃO")) | J52: =IF(H52="","",VLOOKUP(A52,'6.A'!$A$11:$E$564,4,FALSE)) | K52: =IF(H52="","",IF(J52=D52,"SIM","NÃO")) | L52: =IF(H52="","",IF(C52="","",G12*C52)) | M52: =IF(A52="","",VLOOKUP(A52,'6.A'!$A$11:$C$564,2,FALSE)) | N52: =IF(A52="","",IF(M52=B52,"si","no"))
B53: =IF(A53="","",VLOOKUP(A53,'6.A'!$A$11:$G$180,2,FALSE)) | D53: =IF(A53="","",VLOOKUP(A53,'6.A'!$A$11:$G$180,4,FALSE)) | E53: =IF(A53="","",VLOOKUP(A53,'6.A'!$A$11:$G$180,5,FALSE)) | F53: =IF(A53="","0,00",ROUND(C53*E53,2)) -> 0,00 | H53: =IF(A53="","",VLOOKUP(A53,'6.A'!$A$11:$E$7984,5,FALSE)) | I53: =IF(H53="","",IF(E53=H53,"SIM","NÃO")) | J53: =IF(H53="","",VLOOKUP(A53,'6.A'!$A$11:$E$564,4,FALSE)) | K53: =IF(H53="","",IF(J53=D53,"SIM","NÃO")) | L53: =IF(H53="","",IF(C53="","",G12*C53)) | M53: =IF(A53="","",VLOOKUP(A53,'6.A'!$A$11:$C$564,2,FALSE)) | N53: =IF(A53="","",IF(M53=B53,"si","no"))
B54: =IF(A54="","",VLOOKUP(A54,'6.A'!$A$11:$G$180,2,FALSE)) | D54: =IF(A54="","",VLOOKUP(A54,'6.A'!$A$11:$G$180,4,FALSE)) | E54: =IF(A54="","",VLOOKUP(A54,'6.A'!$A$11:$G$180,5,FALSE)) | F54: =IF(A54="","0,00",ROUND(C54*E54,2)) -> 0,00 | H54: =IF(A54="","",VLOOKUP(A54,'6.A'!$A$11:$E$7984,5,FALSE)) | I54: =IF(H54="","",IF(E54=H54,"SIM","NÃO")) | J54: =IF(H54="","",VLOOKUP(A54,'6.A'!$A$11:$E$564,4,FALSE)) | K54: =IF(H54="","",IF(J54=D54,"SIM","NÃO")) | L54: =IF(H54="","",IF(C54="","",G12*C54)) | M54: =IF(A54="","",VLOOKUP(A54,'6.A'!$A$11:$C$564,2,FALSE)) | N54: =IF(A54="","",IF(M54=B54,"si","no"))
B55: =IF(A55="","",VLOOKUP(A55,'6.A'!$A$11:$G$180,2,FALSE)) | D55: =IF(A55="","",VLOOKUP(A55,'6.A'!$A$11:$G$180,4,FALSE)) | E55: =IF(A55="","",VLOOKUP(A55,'6.A'!$A$11:$G$180,5,FALSE)) | F55: =IF(A55="","0,00",ROUND(C55*E55,2)) -> 0,00 | H55: =IF(A55="","",VLOOKUP(A55,'6.A'!$A$11:$E$7984,5,FALSE)) | I55: =IF(H55="","",IF(E55=H55,"SIM","NÃO")) | J55: =IF(H55="","",VLOOKUP(A55,'6.A'!$A$11:$E$564,4,FALSE)) | K55: =IF(H55="","",IF(J55=D55,"SIM","NÃO")) | L55: =IF(H55="","",IF(C55="","",G12*C55)) | M55: =IF(A55="","",VLOOKUP(A55,'6.A'!$A$11:$C$564,2,FALSE)) | N55: =IF(A55="","",IF(M55=B55,"si","no"))
B56: =IF(A56="","",VLOOKUP(A56,'6.A'!$A$11:$G$180,2,FALSE)) | D56: =IF(A56="","",VLOOKUP(A56,'6.A'!$A$11:$G$180,4,FALSE)) | E56: =IF(A56="","",VLOOKUP(A56,'6.A'!$A$11:$G$180,5,FALSE)) | F56: =IF(A56="","0,00",ROUND(C56*E56,2)) -> 0,00 | H56: =IF(A56="","",VLOOKUP(A56,'6.A'!$A$11:$E$7984,5,FALSE)) | I56: =IF(H56="","",IF(E56=H56,"SIM","NÃO")) | J56: =IF(H56="","",VLOOKUP(A56,'6.A'!$A$11:$E$564,4,FALSE)) | K56: =IF(H56="","",IF(J56=D56,"SIM","NÃO")) | L56: =IF(H56="","",IF(C56="","",G12*C56)) | M56: =IF(A56="","",VLOOKUP(A56,'6.A'!$A$11:$C$564,2,FALSE)) | N56: =IF(A56="","",IF(M56=B56,"si","no"))
B57: =IF(A57="","",VLOOKUP(A57,'6.A'!$A$11:$G$180,2,FALSE)) | D57: =IF(A57="","",VLOOKUP(A57,'6.A'!$A$11:$G$180,4,FALSE)) | E57: =IF(A57="","",VLOOKUP(A57,'6.A'!$A$11:$G$180,5,FALSE)) | F57: =IF(A57="","0,00",ROUND(C57*E57,2)) -> 0,00 | H57: =IF(A57="","",VLOOKUP(A57,'6.A'!$A$11:$E$7984,5,FALSE)) | I57: =IF(H57="","",IF(E57=H57,"SIM","NÃO")) | J57: =IF(H57="","",VLOOKUP(A57,'6.A'!$A$11:$E$564,4,FALSE)) | K57: =IF(H57="","",IF(J57=D57,"SIM","NÃO")) | L57: =IF(H57="","",IF(C57="","",G12*C57)) | M57: =IF(A57="","",VLOOKUP(A57,'6.A'!$A$11:$C$564,2,FALSE)) | N57: =IF(A57="","",IF(M57=B57,"si","no"))
B58: =IF(A58="","",VLOOKUP(A58,'6.A'!$A$11:$G$180,2,FALSE)) | D58: =IF(A58="","",VLOOKUP(A58,'6.A'!$A$11:$G$180,4,FALSE)) | E58: =IF(A58="","",VLOOKUP(A58,'6.A'!$A$11:$G$180,5,FALSE)) | F58: =IF(A58="","0,00",ROUND(C58*E58,2)) -> 0,00 | H58: =IF(A58="","",VLOOKUP(A58,'6.A'!$A$11:$E$7984,5,FALSE)) | I58: =IF(H58="","",IF(E58=H58,"SIM","NÃO")) | J58: =IF(H58="","",VLOOKUP(A58,'6.A'!$A$11:$E$564,4,FALSE)) | K58: =IF(H58="","",IF(J58=D58,"SIM","NÃO")) | L58: =IF(H58="","",IF(C58="","",G12*C58)) | M58: =IF(A58="","",VLOOKUP(A58,'6.A'!$A$11:$C$564,2,FALSE)) | N58: =IF(A58="","",IF(M58=B58,"si","no"))
B59: =IF(A59="","",VLOOKUP(A59,'6.A'!$A$11:$G$180,2,FALSE)) | D59: =IF(A59="","",VLOOKUP(A59,'6.A'!$A$11:$G$180,4,FALSE)) | E59: =IF(A59="","",VLOOKUP(A59,'6.A'!$A$11:$G$180,5,FALSE)) | F59: =IF(A59="","0,00",ROUND(C59*E59,2)) -> 0,00 | H59: =IF(A59="","",VLOOKUP(A59,'6.A'!$A$11:$E$7984,5,FALSE)) | I59: =IF(H59="","",IF(E59=H59,"SIM","NÃO")) | J59: =IF(H59="","",VLOOKUP(A59,'6.A'!$A$11:$E$564,4,FALSE)) | K59: =IF(H59="","",IF(J59=D59,"SIM","NÃO")) | L59: =IF(H59="","",IF(C59="","",G12*C59)) | M59: =IF(A59="","",VLOOKUP(A59,'6.A'!$A$11:$C$564,2,FALSE)) | N59: =IF(A59="","",IF(M59=B59,"si","no"))
B60: =IF(A60="","",VLOOKUP(A60,'6.A'!$A$11:$G$180,2,FALSE)) | D60: =IF(A60="","",VLOOKUP(A60,'6.A'!$A$11:$G$180,4,FALSE)) | E60: =IF(A60="","",VLOOKUP(A60,'6.A'!$A$11:$G$180,5,FALSE)) | F60: =IF(A60="","0,00",ROUND(C60*E60,2)) -> 0,00 | H60: =IF(A60="","",VLOOKUP(A60,'6.A'!$A$11:$E$7984,5,FALSE)) | I60: =IF(H60="","",IF(E60=H60,"SIM","NÃO")) | J60: =IF(H60="","",VLOOKUP(A60,'6.A'!$A$11:$E$564,4,FALSE)) | K60: =IF(H60="","",IF(J60=D60,"SIM","NÃO")) | L60: =IF(H60="","",IF(C60="","",G12*C60)) | M60: =IF(A60="","",VLOOKUP(A60,'6.A'!$A$11:$C$564,2,FALSE)) | N60: =IF(A60="","",IF(M60=B60,"si","no"))
B61: =$A$9 -> BDI | C61: =$C$9 -> 0 | F61: =ROUND(SUM(F41:F60)*C61,2) -> 0
B62: TOTAL DE MATERIAIS | F62: =ROUND(SUM(F41:F61),2) -> 0
A64: ='3.A'!$A$20 -> 1.2 | B64: =IF(A64="","",VLOOKUP(A64,'3.A'!$A$17:$M$279,2,FALSE)) -> OPERAÇÃO E MANUTENÇÃO DO CANTEIRO DE OBRAS | C64: UNIDADE: | E64: =IF(A64="","",VLOOKUP(A64,'3.A'!$A$17:$M$279,3,FALSE)) -> GB | F64: =ROUND(F78+F91+F114,2) -> 0 | G64: =VLOOKUP(A64,'3.A'!$A$19:$I$279,4,FALSE) -> 1 | H64: =SUM(F66:F77) -> 0 | I64: =SUM(F80:F90) -> 0 | J64: =SUM(F93:F113) -> 0 | K64: =SUM(H64:J64) -> 0 | L64: =IF(K64=F64,"SIM","NÃO") -> SIM | M64: =ROUND(SUM(F66:F75)*C76,2)+ROUND(SUM(F66:F76)*C77,2)+ROUND(SUM(F66:F75),2)+ROUND(SUM(F80:F89)*C90,2)+ROUND(SUM(F80:F89),2)+ROUND(SUM(F93:F112)*C113,2)+ROUND(SUM(F93:F112),2) -> 0 | N64: =IF(M64=F64,"SIM","NÃO") -> SIM | O64: =VLOOKUP(A64,'3.A'!$A$8:$E$279,3,FALSE) -> GB | P64: =IF(O64=E64,"SIM","NÃO") -> SIM | Q64: =ROUND(G64*F78,2)+ROUND(G64*F91,2)+ROUND(G64*F114,2) -> 0 | R64: =VLOOKUP(A64,'3.A'!$A$17:$L$279,12,FALSE) -> 0 | S64: =IF(Q64=R64,"si","no") -> si | T64: =SUM(L66:L75)+SUM(L80:L89)+SUM(L93:L112) -> 82 | U64: =G64*C72+G64*C74+G64*C67+G64*C68+G64*C70+G64*C73+G64*C71+G64*C66+G64*C69+G64*C75+G64*C86+G64*C80+G64*C88+G64*C87+G64*C85+G64*C82+G64*C81+G64*C83+G64*C89+G64*C84+G64*C93+G64*C94+G64*C95+G64*C103+G64*C104+G64*C105+G64*C106+G64*C107+G64*C108+G64*C109+G64*C110+G64*C111+G64*C112+G64*C101+G64*C102+G64*C96+G64*C97+G64*C98+G64*C99+G64*C100 -> 82 | V64: =IF(T64=U64,"si","no") -> si
A65: 1.0 | B65: MÃO DE OBRA | C65: COEF. | D65: UNID. | E65: CUSTO UNIT. (R$) | F65: TOTAL (R$)
A66: ='6.A'!$A$24 -> 90776 | B66: =IF(A66="","",VLOOKUP(A66,'6.A'!$A$11:$G$180,2,FALSE)) -> ENCARREGADO GERAL COM ENCARGOS COMPLEMENTARES | C66: =2*4*10 -> 80 | D66: =IF(A66="","",VLOOKUP(A66,'6.A'!$A$11:$G$180,4,FALSE)) -> H | E66: =IF(A66="","",VLOOKUP(A66,'6.A'!$A$11:$G$180,5,FALSE)) -> 0 | F66: =IF(A66="","0,00",ROUND(C66*E66,2)) -> 0 | H66: =IF(A66="","",VLOOKUP(A66,'6.A'!$A$11:$E$7984,5,FALSE)) -> 0 | I66: =IF(H66="","",IF(E66=H66,"SIM","NÃO")) -> SIM | J66: =IF(H66="","",VLOOKUP(A66,'6.A'!$A$11:$E$564,4,FALSE)) -> H | K66: =IF(H66="","",IF(J66=D66,"SIM","NÃO")) -> SIM | L66: =IF(H66="","",IF(C66="","",G64*C66)) -> 80 | M66: =IF(A66="","",VLOOKUP(A66,'6.A'!$A$11:$C$564,2,FALSE)) -> ENCARREGADO GERAL COM ENCARGOS COMPLEMENTARES | N66: =IF(A66="","",IF(M66=B66,"si","no")) -> si
F67: =IF(A67="","0,00",ROUND(C67*E67,2)) -> 0,00 | H67: =IF(A67="","",VLOOKUP(A67,'6.A'!$A$11:$E$7984,5,FALSE)) | I67: =IF(H67="","",IF(E67=H67,"SIM","NÃO")) | J67: =IF(H67="","",VLOOKUP(A67,'6.A'!$A$11:$E$564,4,FALSE)) | K67: =IF(H67="","",IF(J67=D67,"SIM","NÃO")) | L67: =IF(H67="","",IF(C67="","",G64*C67)) | M67: =IF(A67="","",VLOOKUP(A67,'6.A'!$A$11:$C$564,2,FALSE)) | N67: =IF(A67="","",IF(M67=B67,"si","no"))
F68: =IF(A68="","0,00",ROUND(C68*E68,2)) -> 0,00 | H68: =IF(A68="","",VLOOKUP(A68,'6.A'!$A$11:$E$7984,5,FALSE)) | I68: =IF(H68="","",IF(E68=H68,"SIM","NÃO")) | J68: =IF(H68="","",VLOOKUP(A68,'6.A'!$A$11:$E$564,4,FALSE)) | K68: =IF(H68="","",IF(J68=D68,"SIM","NÃO")) | L68: =IF(H68="","",IF(C68="","",G64*C68)) | M68: =IF(A68="","",VLOOKUP(A68,'6.A'!$A$11:$C$564,2,FALSE)) | N68: =IF(A68="","",IF(M68=B68,"si","no"))
F69: =IF(A69="","0,00",ROUND(C69*E69,2)) -> 0,00 | H69: =IF(A69="","",VLOOKUP(A69,'6.A'!$A$11:$E$7984,5,FALSE)) | I69: =IF(H69="","",IF(E69=H69,"SIM","NÃO")) | J69: =IF(H69="","",VLOOKUP(A69,'6.A'!$A$11:$E$564,4,FALSE)) | K69: =IF(H69="","",IF(J69=D69,"SIM","NÃO")) | L69: =IF(H69="","",IF(C69="","",G64*C69)) | M69: =IF(A69="","",VLOOKUP(A69,'6.A'!$A$11:$C$564,2,FALSE)) | N69: =IF(A69="","",IF(M69=B69,"si","no"))
F70: =IF(A70="","0,00",ROUND(C70*E70,2)) -> 0,00 | H70: =IF(A70="","",VLOOKUP(A70,'6.A'!$A$11:$E$7984,5,FALSE)) | I70: =IF(H70="","",IF(E70=H70,"SIM","NÃO")) | J70: =IF(H70="","",VLOOKUP(A70,'6.A'!$A$11:$E$564,4,FALSE)) | K70: =IF(H70="","",IF(J70=D70,"SIM","NÃO")) | L70: =IF(H70="","",IF(C70="","",G64*C70)) | M70: =IF(A70="","",VLOOKUP(A70,'6.A'!$A$11:$C$564,2,FALSE)) | N70: =IF(A70="","",IF(M70=B70,"si","no"))
F71: =IF(A71="","0,00",ROUND(C71*E71,2)) -> 0,00 | H71: =IF(A71="","",VLOOKUP(A71,'6.A'!$A$11:$E$7984,5,FALSE)) | I71: =IF(H71="","",IF(E71=H71,"SIM","NÃO")) | J71: =IF(H71="","",VLOOKUP(A71,'6.A'!$A$11:$E$564,4,FALSE)) | K71: =IF(H71="","",IF(J71=D71,"SIM","NÃO")) | L71: =IF(H71="","",IF(C71="","",G64*C71)) | M71: =IF(A71="","",VLOOKUP(A71,'6.A'!$A$11:$C$564,2,FALSE)) | N71: =IF(A71="","",IF(M71=B71,"si","no"))
B72: =IF(A72="","",VLOOKUP(A72,'6.A'!$A$11:$G$180,2,FALSE)) | D72: =IF(A72="","",VLOOKUP(A72,'6.A'!$A$11:$G$180,4,FALSE)) | E72: =IF(A72="","",VLOOKUP(A72,'6.A'!$A$11:$G$180,5,FALSE)) | F72: =IF(A72="","0,00",ROUND(C72*E72,2)) -> 0,00 | H72: =IF(A72="","",VLOOKUP(A72,'6.A'!$A$11:$E$7984,5,FALSE)) | I72: =IF(H72="","",IF(E72=H72,"SIM","NÃO")) | J72: =IF(H72="","",VLOOKUP(A72,'6.A'!$A$11:$E$564,4,FALSE)) | K72: =IF(H72="","",IF(J72=D72,"SIM","NÃO")) | L72: =IF(H72="","",IF(C72="","",G64*C72)) | M72: =IF(A72="","",VLOOKUP(A72,'6.A'!$A$11:$C$564,2,FALSE)) | N72: =IF(A72="","",IF(M72=B72,"si","no"))
B73: =IF(A73="","",VLOOKUP(A73,'6.A'!$A$11:$G$180,2,FALSE)) | D73: =IF(A73="","",VLOOKUP(A73,'6.A'!$A$11:$G$180,4,FALSE)) | E73: =IF(A73="","",VLOOKUP(A73,'6.A'!$A$11:$G$180,5,FALSE)) | F73: =IF(A73="","0,00",ROUND(C73*E73,2)) -> 0,00 | H73: =IF(A73="","",VLOOKUP(A73,'6.A'!$A$11:$E$7984,5,FALSE)) | I73: =IF(H73="","",IF(E73=H73,"SIM","NÃO")) | J73: =IF(H73="","",VLOOKUP(A73,'6.A'!$A$11:$E$564,4,FALSE)) | K73: =IF(H73="","",IF(J73=D73,"SIM","NÃO")) | L73: =IF(H73="","",IF(C73="","",G64*C73)) | M73: =IF(A73="","",VLOOKUP(A73,'6.A'!$A$11:$C$564,2,FALSE)) | N73: =IF(A73="","",IF(M73=B73,"si","no"))
B74: =IF(A74="","",VLOOKUP(A74,'6.A'!$A$11:$G$180,2,FALSE)) | D74: =IF(A74="","",VLOOKUP(A74,'6.A'!$A$11:$G$180,4,FALSE)) | E74: =IF(A74="","",VLOOKUP(A74,'6.A'!$A$11:$G$180,5,FALSE)) | F74: =IF(A74="","0,00",ROUND(C74*E74,2)) -> 0,00 | H74: =IF(A74="","",VLOOKUP(A74,'6.A'!$A$11:$E$7984,5,FALSE)) | I74: =IF(H74="","",IF(E74=H74,"SIM","NÃO")) | J74: =IF(H74="","",VLOOKUP(A74,'6.A'!$A$11:$E$564,4,FALSE)) | K74: =IF(H74="","",IF(J74=D74,"SIM","NÃO")) | L74: =IF(H74="","",IF(C74="","",G64*C74)) | M74: =IF(A74="","",VLOOKUP(A74,'6.A'!$A$11:$C$564,2,FALSE)) | N74: =IF(A74="","",IF(M74=B74,"si","no"))
B75: =IF(A75="","",VLOOKUP(A75,'6.A'!$A$11:$G$180,2,FALSE)) | D75: =IF(A75="","",VLOOKUP(A75,'6.A'!$A$11:$G$180,4,FALSE)) | E75: =IF(A75="","",VLOOKUP(A75,'6.A'!$A$11:$G$180,5,FALSE)) | F75: =IF(A75="","0,00",ROUND(C75*E75,2)) -> 0,00 | H75: =IF(A75="","",VLOOKUP(A75,'6.A'!$A$11:$E$7984,5,FALSE)) | I75: =IF(H75="","",IF(E75=H75,"SIM","NÃO")) | J75: =IF(H75="","",VLOOKUP(A75,'6.A'!$A$11:$E$564,4,FALSE)) | K75: =IF(H75="","",IF(J75=D75,"SIM","NÃO")) | L75: =IF(H75="","",IF(C75="","",G64*C75)) | M75: =IF(A75="","",VLOOKUP(A75,'6.A'!$A$11:$C$564,2,FALSE)) | N75: =IF(A75="","",IF(M75=B75,"si","no"))
B76: =$A$8 -> LEIS SOCIAIS HORISTA - JORNADA NORMAL | C76: =$C$8 -> 0 | F76: =ROUND(SUM(F66:F75)*C76,2) -> 0
B77: =$A$9 -> BDI | C77: =$C$9 -> 0 | F77: =ROUND(SUM(F66:F76)*C77,2) -> 0
B78: TOTAL DE MÃO DE OBRA | F78: =ROUND(SUM(F66:F77),2) -> 0
A79: 2.0 | B79: EQUIPAMENTOS E SERVIÇOS | C79: COEF. | D79: UNID. | E79: CUSTO UNIT. (R$) | F79: TOTAL (R$)
A80: ='6.A'!$A$30 -> 10776 | B80: =IF(A80="","",VLOOKUP(A80,'6.A'!$A$11:$G$180,2,FALSE)) -> LOCACAO DE CONTAINER 2,30 X 6,00 M, ALT. 2,50 M, PARA ESCRITORIO, SEM DIVISORIAS INTERNAS E SEM SANITARIO | C80: 2 | D80: =IF(A80="","",VLOOKUP(A80,'6.A'!$A$11:$G$180,4,FALSE)) -> MÊS | E80: =IF(A80="","",VLOOKUP(A80,'6.A'!$A$11:$G$180,5,FALSE)) -> 0 | F80: =IF(A80="","0,00",ROUND(C80*E80,2)) -> 0 | H80: =IF(A80="","",VLOOKUP(A80,'6.A'!$A$11:$E$7984,5,FALSE)) -> 0 | I80: =IF(H80="","",IF(E80=H80,"SIM","NÃO")) -> SIM | J80: =IF(H80="","",VLOOKUP(A80,'6.A'!$A$11:$E$564,4,FALSE)) -> MÊS | K80: =IF(H80="","",IF(J80=D80,"SIM","NÃO")) -> SIM | L80: =IF(H80="","",IF(C80="","",G64*C80)) -> 2 | M80: =IF(A80="","",VLOOKUP(A80,'6.A'!$A$11:$C$564,2,FALSE)) -> LOCACAO DE CONTAINER 2,30 X 6,00 M, ALT. 2,50 M, PARA ESCRITORIO, SEM DIVISORIAS INTERNAS E SEM SANITARIO | N80: =IF(A80="","",IF(M80=B80,"si","no")) -> si
F81: =IF(A81="","0,00",ROUND(C81*E81,2)) -> 0,00 | H81: =IF(A81="","",VLOOKUP(A81,'6.A'!$A$11:$E$7984,5,FALSE)) | I81: =IF(H81="","",IF(E81=H81,"SIM","NÃO")) | J81: =IF(H81="","",VLOOKUP(A81,'6.A'!$A$11:$E$564,4,FALSE)) | K81: =IF(H81="","",IF(J81=D81,"SIM","NÃO")) | L81: =IF(H81="","",IF(C81="","",G64*C81)) | M81: =IF(A81="","",VLOOKUP(A81,'6.A'!$A$11:$C$564,2,FALSE)) | N81: =IF(A81="","",IF(M81=B81,"si","no"))
F82: =IF(A82="","0,00",ROUND(C82*E82,2)) -> 0,00 | H82: =IF(A82="","",VLOOKUP(A82,'6.A'!$A$11:$E$7984,5,FALSE)) | I82: =IF(H82="","",IF(E82=H82,"SIM","NÃO")) | J82: =IF(H82="","",VLOOKUP(A82,'6.A'!$A$11:$E$564,4,FALSE)) | K82: =IF(H82="","",IF(J82=D82,"SIM","NÃO")) | L82: =IF(H82="","",IF(C82="","",G64*C82)) | M82: =IF(A82="","",VLOOKUP(A82,'6.A'!$A$11:$C$564,2,FALSE)) | N82: =IF(A82="","",IF(M82=B82,"si","no"))
F83: =IF(A83="","0,00",ROUND(C83*E83,2)) -> 0,00 | H83: =IF(A83="","",VLOOKUP(A83,'6.A'!$A$11:$E$7984,5,FALSE)) | I83: =IF(H83="","",IF(E83=H83,"SIM","NÃO")) | J83: =IF(H83="","",VLOOKUP(A83,'6.A'!$A$11:$E$564,4,FALSE)) | K83: =IF(H83="","",IF(J83=D83,"SIM","NÃO")) | L83: =IF(H83="","",IF(C83="","",G64*C83)) | M83: =IF(A83="","",VLOOKUP(A83,'6.A'!$A$11:$C$564,2,FALSE)) | N83: =IF(A83="","",IF(M83=B83,"si","no"))
B84: =IF(A84="","",VLOOKUP(A84,'6.A'!$A$11:$G$180,2,FALSE)) | D84: =IF(A84="","",VLOOKUP(A84,'6.A'!$A$11:$G$180,4,FALSE)) | E84: =IF(A84="","",VLOOKUP(A84,'6.A'!$A$11:$G$180,5,FALSE)) | F84: =IF(A84="","0,00",ROUND(C84*E84,2)) -> 0,00 | H84: =IF(A84="","",VLOOKUP(A84,'6.A'!$A$11:$E$7984,5,FALSE)) | I84: =IF(H84="","",IF(E84=H84,"SIM","NÃO")) | J84: =IF(H84="","",VLOOKUP(A84,'6.A'!$A$11:$E$564,4,FALSE)) | K84: =IF(H84="","",IF(J84=D84,"SIM","NÃO")) | L84: =IF(H84="","",IF(C84="","",G64*C84)) | M84: =IF(A84="","",VLOOKUP(A84,'6.A'!$A$11:$C$564,2,FALSE)) | N84: =IF(A84="","",IF(M84=B84,"si","no"))
B85: =IF(A85="","",VLOOKUP(A85,'6.A'!$A$11:$G$180,2,FALSE)) | D85: =IF(A85="","",VLOOKUP(A85,'6.A'!$A$11:$G$180,4,FALSE)) | E85: =IF(A85="","",VLOOKUP(A85,'6.A'!$A$11:$G$180,5,FALSE)) | F85: =IF(A85="","0,00",ROUND(C85*E85,2)) -> 0,00 | H85: =IF(A85="","",VLOOKUP(A85,'6.A'!$A$11:$E$7984,5,FALSE)) | I85: =IF(H85="","",IF(E85=H85,"SIM","NÃO")) | J85: =IF(H85="","",VLOOKUP(A85,'6.A'!$A$11:$E$564,4,FALSE)) | K85: =IF(H85="","",IF(J85=D85,"SIM","NÃO")) | L85: =IF(H85="","",IF(C85="","",G64*C85)) | M85: =IF(A85="","",VLOOKUP(A85,'6.A'!$A$11:$C$564,2,FALSE)) | N85: =IF(A85="","",IF(M85=B85,"si","no"))
B86: =IF(A86="","",VLOOKUP(A86,'6.A'!$A$11:$G$180,2,FALSE)) | D86: =IF(A86="","",VLOOKUP(A86,'6.A'!$A$11:$G$180,4,FALSE)) | E86: =IF(A86="","",VLOOKUP(A86,'6.A'!$A$11:$G$180,5,FALSE)) | F86: =IF(A86="","0,00",ROUND(C86*E86,2)) -> 0,00 | H86: =IF(A86="","",VLOOKUP(A86,'6.A'!$A$11:$E$7984,5,FALSE)) | I86: =IF(H86="","",IF(E86=H86,"SIM","NÃO")) | J86: =IF(H86="","",VLOOKUP(A86,'6.A'!$A$11:$E$564,4,FALSE)) | K86: =IF(H86="","",IF(J86=D86,"SIM","NÃO")) | L86: =IF(H86="","",IF(C86="","",G64*C86)) | M86: =IF(A86="","",VLOOKUP(A86,'6.A'!$A$11:$C$564,2,FALSE)) | N86: =IF(A86="","",IF(M86=B86,"si","no"))
B87: =IF(A87="","",VLOOKUP(A87,'6.A'!$A$11:$G$180,2,FALSE)) | D87: =IF(A87="","",VLOOKUP(A87,'6.A'!$A$11:$G$180,4,FALSE)) | E87: =IF(A87="","",VLOOKUP(A87,'6.A'!$A$11:$G$180,5,FALSE)) | F87: =IF(A87="","0,00",ROUND(C87*E87,2)) -> 0,00 | H87: =IF(A87="","",VLOOKUP(A87,'6.A'!$A$11:$E$7984,5,FALSE)) | I87: =IF(H87="","",IF(E87=H87,"SIM","NÃO")) | J87: =IF(H87="","",VLOOKUP(A87,'6.A'!$A$11:$E$564,4,FALSE)) | K87: =IF(H87="","",IF(J87=D87,"SIM","NÃO")) | L87: =IF(H87="","",IF(C87="","",G64*C87)) | M87: =IF(A87="","",VLOOKUP(A87,'6.A'!$A$11:$C$564,2,FALSE)) | N87: =IF(A87="","",IF(M87=B87,"si","no"))
B88: =IF(A88="","",VLOOKUP(A88,'6.A'!$A$11:$G$180,2,FALSE)) | D88: =IF(A88="","",VLOOKUP(A88,'6.A'!$A$11:$G$180,4,FALSE)) | E88: =IF(A88="","",VLOOKUP(A88,'6.A'!$A$11:$G$180,5,FALSE)) | F88: =IF(A88="","0,00",ROUND(C88*E88,2)) -> 0,00 | H88: =IF(A88="","",VLOOKUP(A88,'6.A'!$A$11:$E$7984,5,FALSE)) | I88: =IF(H88="","",IF(E88=H88,"SIM","NÃO")) | J88: =IF(H88="","",VLOOKUP(A88,'6.A'!$A$11:$E$564,4,FALSE)) | K88: =IF(H88="","",IF(J88=D88,"SIM","NÃO")) | L88: =IF(H88="","",IF(C88="","",G64*C88)) | M88: =IF(A88="","",VLOOKUP(A88,'6.A'!$A$11:$C$564,2,FALSE)) | N88: =IF(A88="","",IF(M88=B88,"si","no"))
B89: =IF(A89="","",VLOOKUP(A89,'6.A'!$A$11:$G$180,2,FALSE)) | D89: =IF(A89="","",VLOOKUP(A89,'6.A'!$A$11:$G$180,4,FALSE)) | E89: =IF(A89="","",VLOOKUP(A89,'6.A'!$A$11:$G$180,5,FALSE)) | F89: =IF(A89="","0,00",ROUND(C89*E89,2)) -> 0,00 | H89: =IF(A89="","",VLOOKUP(A89,'6.A'!$A$11:$E$7984,5,FALSE)) | I89: =IF(H89="","",IF(E89=H89,"SIM","NÃO")) | J89: =IF(H89="","",VLOOKUP(A89,'6.A'!$A$11:$E$564,4,FALSE)) | K89: =IF(H89="","",IF(J89=D89,"SIM","NÃO")) | L89: =IF(H89="","",IF(C89="","",G64*C89)) | M89: =IF(A89="","",VLOOKUP(A89,'6.A'!$A$11:$C$564,2,FALSE)) | N89: =IF(A89="","",IF(M89=B89,"si","no"))
B90: =$A$9 -> BDI | C90: =$C$9 -> 0 | F90: =ROUND(SUM(F80:F89)*C90,2) -> 0
B91: TOTAL DE EQUIPAMENTOS E SERVIÇOS | F91: =ROUND(SUM(F80:F90),2) -> 0
A92: 3.0 | B92: MATERIAIS | C92: COEF. | D92: UNID. | E92: CUSTO UNIT. (R$) | F92: TOTAL (R$)
B93: =IF(A93="","",VLOOKUP(A93,'6.A'!$A$11:$G$180,2,FALSE)) | D93: =IF(A93="","",VLOOKUP(A93,'6.A'!$A$11:$G$180,4,FALSE)) | E93: =IF(A93="","",VLOOKUP(A93,'6.A'!$A$11:$G$180,5,FALSE)) | F93: =IF(A93="","0,00",ROUND(C93*E93,2)) -> 0,00 | H93: =IF(A93="","",VLOOKUP(A93,'6.A'!$A$11:$E$7984,5,FALSE)) | I93: =IF(H93="","",IF(E93=H93,"SIM","NÃO")) | J93: =IF(H93="","",VLOOKUP(A93,'6.A'!$A$11:$E$564,4,FALSE)) | K93: =IF(H93="","",IF(J93=D93,"SIM","NÃO")) | L93: =IF(H93="","",IF(C93="","",G64*C93)) | M93: =IF(A93="","",VLOOKUP(A93,'6.A'!$A$11:$C$564,2,FALSE)) | N93: =IF(A93="","",IF(M93=B93,"si","no"))
B94: =IF(A94="","",VLOOKUP(A94,'6.A'!$A$11:$G$180,2,FALSE)) | D94: =IF(A94="","",VLOOKUP(A94,'6.A'!$A$11:$G$180,4,FALSE)) | E94: =IF(A94="","",VLOOKUP(A94,'6.A'!$A$11:$G$180,5,FALSE)) | F94: =IF(A94="","0,00",ROUND(C94*E94,2)) -> 0,00 | H94: =IF(A94="","",VLOOKUP(A94,'6.A'!$A$11:$E$7984,5,FALSE)) | I94: =IF(H94="","",IF(E94=H94,"SIM","NÃO")) | J94: =IF(H94="","",VLOOKUP(A94,'6.A'!$A$11:$E$564,4,FALSE)) | K94: =IF(H94="","",IF(J94=D94,"SIM","NÃO")) | L94: =IF(H94="","",IF(C94="","",G64*C94)) | M94: =IF(A94="","",VLOOKUP(A94,'6.A'!$A$11:$C$564,2,FALSE)) | N94: =IF(A94="","",IF(M94=B94,"si","no"))
B95: =IF(A95="","",VLOOKUP(A95,'6.A'!$A$11:$G$180,2,FALSE)) | D95: =IF(A95="","",VLOOKUP(A95,'6.A'!$A$11:$G$180,4,FALSE)) | E95: =IF(A95="","",VLOOKUP(A95,'6.A'!$A$11:$G$180,5,FALSE)) | F95: =IF(A95="","0,00",ROUND(C95*E95,2)) -> 0,00 | H95: =IF(A95="","",VLOOKUP(A95,'6.A'!$A$11:$E$7984,5,FALSE)) | I95: =IF(H95="","",IF(E95=H95,"SIM","NÃO")) | J95: =IF(H95="","",VLOOKUP(A95,'6.A'!$A$11:$E$564,4,FALSE)) | K95: =IF(H95="","",IF(J95=D95,"SIM","NÃO")) | L95: =IF(H95="","",IF(C95="","",G64*C95)) | M95: =IF(A95="","",VLOOKUP(A95,'6.A'!$A$11:$C$564,2,FALSE)) | N95: =IF(A95="","",IF(M95=B95,"si","no"))
B96: =IF(A96="","",VLOOKUP(A96,'6.A'!$A$11:$G$180,2,FALSE)) | D96: =IF(A96="","",VLOOKUP(A96,'6.A'!$A$11:$G$180,4,FALSE)) | E96: =IF(A96="","",VLOOKUP(A96,'6.A'!$A$11:$G$180,5,FALSE)) | F96: =IF(A96="","0,00",ROUND(C96*E96,2)) -> 0,00 | H96: =IF(A96="","",VLOOKUP(A96,'6.A'!$A$11:$E$7984,5,FALSE)) | I96: =IF(H96="","",IF(E96=H96,"SIM","NÃO")) | J96: =IF(H96="","",VLOOKUP(A96,'6.A'!$A$11:$E$564,4,FALSE)) | K96: =IF(H96="","",IF(J96=D96,"SIM","NÃO")) | L96: =IF(H96="","",IF(C96="","",G64*C96)) | M96: =IF(A96="","",VLOOKUP(A96,'6.A'!$A$11:$C$564,2,FALSE)) | N96: =IF(A96="","",IF(M96=B96,"si","no"))
B97: =IF(A97="","",VLOOKUP(A97,'6.A'!$A$11:$G$180,2,FALSE)) | D97: =IF(A97="","",VLOOKUP(A97,'6.A'!$A$11:$G$180,4,FALSE)) | E97: =IF(A97="","",VLOOKUP(A97,'6.A'!$A$11:$G$180,5,FALSE)) | F97: =IF(A97="","0,00",ROUND(C97*E97,2)) -> 0,00 | H97: =IF(A97="","",VLOOKUP(A97,'6.A'!$A$11:$E$7984,5,FALSE)) | I97: =IF(H97="","",IF(E97=H97,"SIM","NÃO")) | J97: =IF(H97="","",VLOOKUP(A97,'6.A'!$A$11:$E$564,4,FALSE)) | K97: =IF(H97="","",IF(J97=D97,"SIM","NÃO")) | L97: =IF(H97="","",IF(C97="","",G64*C97)) | M97: =IF(A97="","",VLOOKUP(A97,'6.A'!$A$11:$C$564,2,FALSE)) | N97: =IF(A97="","",IF(M97=B97,"si","no"))
B98: =IF(A98="","",VLOOKUP(A98,'6.A'!$A$11:$G$180,2,FALSE)) | D98: =IF(A98="","",VLOOKUP(A98,'6.A'!$A$11:$G$180,4,FALSE)) | E98: =IF(A98="","",VLOOKUP(A98,'6.A'!$A$11:$G$180,5,FALSE)) | F98: =IF(A98="","0,00",ROUND(C98*E98,2)) -> 0,00 | H98: =IF(A98="","",VLOOKUP(A98,'6.A'!$A$11:$E$7984,5,FALSE)) | I98: =IF(H98="","",IF(E98=H98,"SIM","NÃO")) | J98: =IF(H98="","",VLOOKUP(A98,'6.A'!$A$11:$E$564,4,FALSE)) | K98: =IF(H98="","",IF(J98=D98,"SIM","NÃO")) | L98: =IF(H98="","",IF(C98="","",G64*C98)) | M98: =IF(A98="","",VLOOKUP(A98,'6.A'!$A$11:$C$564,2,FALSE)) | N98: =IF(A98="","",IF(M98=B98,"si","no"))
B99: =IF(A99="","",VLOOKUP(A99,'6.A'!$A$11:$G$180,2,FALSE)) | D99: =IF(A99="","",VLOOKUP(A99,'6.A'!$A$11:$G$180,4,FALSE)) | E99: =IF(A99="","",VLOOKUP(A99,'6.A'!$A$11:$G$180,5,FALSE)) | F99: =IF(A99="","0,00",ROUND(C99*E99,2)) -> 0,00 | H99: =IF(A99="","",VLOOKUP(A99,'6.A'!$A$11:$E$7984,5,FALSE)) | I99: =IF(H99="","",IF(E99=H99,"SIM","NÃO")) | J99: =IF(H99="","",VLOOKUP(A99,'6.A'!$A$11:$E$564,4,FALSE)) | K99: =IF(H99="","",IF(J99=D99,"SIM","NÃO")) | L99: =IF(H99="","",IF(C99="","",G64*C99)) | M99: =IF(A99="","",VLOOKUP(A99,'6.A'!$A$11:$C$564,2,FALSE)) | N99: =IF(A99="","",IF(M99=B99,"si","no"))
B100: =IF(A100="","",VLOOKUP(A100,'6.A'!$A$11:$G$180,2,FALSE)) | D100: =IF(A100="","",VLOOKUP(A100,'6.A'!$A$11:$G$180,4,FALSE)) | E100: =IF(A100="","",VLOOKUP(A100,'6.A'!$A$11:$G$180,5,FALSE)) | F100: =IF(A100="","0,00",ROUND(C100*E100,2)) -> 0,00 | H100: =IF(A100="","",VLOOKUP(A100,'6.A'!$A$11:$E$7984,5,FALSE)) | I100: =IF(H100="","",IF(E100=H100,"SIM","NÃO")) | J100: =IF(H100="","",VLOOKUP(A100,'6.A'!$A$11:$E$564,4,FALSE)) | K100: =IF(H100="","",IF(J100=D100,"SIM","NÃO")) | L100: =IF(H100="","",IF(C100="","",G64*C100)) | M100: =IF(A100="","",VLOOKUP(A100,'6.A'!$A$11:$C$564,2,FALSE)) | N100: =IF(A100="","",IF(M100=B100,"si","no"))
B101: =IF(A101="","",VLOOKUP(A101,'6.A'!$A$11:$G$180,2,FALSE)) | D101: =IF(A101="","",VLOOKUP(A101,'6.A'!$A$11:$G$180,4,FALSE)) | E101: =IF(A101="","",VLOOKUP(A101,'6.A'!$A$11:$G$180,5,FALSE)) | F101: =IF(A101="","0,00",ROUND(C101*E101,2)) -> 0,00 | H101: =IF(A101="","",VLOOKUP(A101,'6.A'!$A$11:$E$7984,5,FALSE)) | I101: =IF(H101="","",IF(E101=H101,"SIM","NÃO")) | J101: =IF(H101="","",VLOOKUP(A101,'6.A'!$A$11:$E$564,4,FALSE)) | K101: =IF(H101="","",IF(J101=D101,"SIM","NÃO")) | L101: =IF(H101="","",IF(C101="","",G64*C101)) | M101: =IF(A101="","",VLOOKUP(A101,'6.A'!$A$11:$C$564,2,FALSE)) | N101: =IF(A101="","",IF(M101=B101,"si","no"))
B102: =IF(A102="","",VLOOKUP(A102,'6.A'!$A$11:$G$180,2,FALSE)) | D102: =IF(A102="","",VLOOKUP(A102,'6.A'!$A$11:$G$180,4,FALSE)) | E102: =IF(A102="","",VLOOKUP(A102,'6.A'!$A$11:$G$180,5,FALSE)) | F102: =IF(A102="","0,00",ROUND(C102*E102,2)) -> 0,00 | H102: =IF(A102="","",VLOOKUP(A102,'6.A'!$A$11:$E$7984,5,FALSE)) | I102: =IF(H102="","",IF(E102=H102,"SIM","NÃO")) | J102: =IF(H102="","",VLOOKUP(A102,'6.A'!$A$11:$E$564,4,FALSE)) | K102: =IF(H102="","",IF(J102=D102,"SIM","NÃO")) | L102: =IF(H102="","",IF(C102="","",G64*C102)) | M102: =IF(A102="","",VLOOKUP(A102,'6.A'!$A$11:$C$564,2,FALSE)) | N102: =IF(A102="","",IF(M102=B102,"si","no"))
B103: =IF(A103="","",VLOOKUP(A103,'6.A'!$A$11:$G$180,2,FALSE)) | D103: =IF(A103="","",VLOOKUP(A103,'6.A'!$A$11:$G$180,4,FALSE)) | E103: =IF(A103="","",VLOOKUP(A103,'6.A'!$A$11:$G$180,5,FALSE)) | F103: =IF(A103="","0,00",ROUND(C103*E103,2)) -> 0,00 | H103: =IF(A103="","",VLOOKUP(A103,'6.A'!$A$11:$E$7984,5,FALSE)) | I103: =IF(H103="","",IF(E103=H103,"SIM","NÃO")) | J103: =IF(H103="","",VLOOKUP(A103,'6.A'!$A$11:$E$564,4,FALSE)) | K103: =IF(H103="","",IF(J103=D103,"SIM","NÃO")) | L103: =IF(H103="","",IF(C103="","",G64*C103)) | M103: =IF(A103="","",VLOOKUP(A103,'6.A'!$A$11:$C$564,2,FALSE)) | N103: =IF(A103="","",IF(M103=B103,"si","no"))
B104: =IF(A104="","",VLOOKUP(A104,'6.A'!$A$11:$G$180,2,FALSE)) | D104: =IF(A104="","",VLOOKUP(A104,'6.A'!$A$11:$G$180,4,FALSE)) | E104: =IF(A104="","",VLOOKUP(A104,'6.A'!$A$11:$G$180,5,FALSE)) | F104: =IF(A104="","0,00",ROUND(C104*E104,2)) -> 0,00 | H104: =IF(A104="","",VLOOKUP(A104,'6.A'!$A$11:$E$7984,5,FALSE)) | I104: =IF(H104="","",IF(E104=H104,"SIM","NÃO")) | J104: =IF(H104="","",VLOOKUP(A104,'6.A'!$A$11:$E$564,4,FALSE)) | K104: =IF(H104="","",IF(J104=D104,"SIM","NÃO")) | L104: =IF(H104="","",IF(C104="","",G64*C104)) | M104: =IF(A104="","",VLOOKUP(A104,'6.A'!$A$11:$C$564,2,FALSE)) | N104: =IF(A104="","",IF(M104=B104,"si","no"))
B105: =IF(A105="","",VLOOKUP(A105,'6.A'!$A$11:$G$180,2,FALSE)) | D105: =IF(A105="","",VLOOKUP(A105,'6.A'!$A$11:$G$180,4,FALSE)) | E105: =IF(A105="","",VLOOKUP(A105,'6.A'!$A$11:$G$180,5,FALSE)) | F105: =IF(A105="","0,00",ROUND(C105*E105,2)) -> 0,00 | H105: =IF(A105="","",VLOOKUP(A105,'6.A'!$A$11:$E$7984,5,FALSE)) | I105: =IF(H105="","",IF(E105=H105,"SIM","NÃO")) | J105: =IF(H105="","",VLOOKUP(A105,'6.A'!$A$11:$E$564,4,FALSE)) | K105: =IF(H105="","",IF(J105=D105,"SIM","NÃO")) | L105: =IF(H105="","",IF(C105="","",G64*C105)) | M105: =IF(A105="","",VLOOKUP(A105,'6.A'!$A$11:$C$564,2,FALSE)) | N105: =IF(A105="","",IF(M105=B105,"si","no"))
B106: =IF(A106="","",VLOOKUP(A106,'6.A'!$A$11:$G$180,2,FALSE)) | D106: =IF(A106="","",VLOOKUP(A106,'6.A'!$A$11:$G$180,4,FALSE)) | E106: =IF(A106="","",VLOOKUP(A106,'6.A'!$A$11:$G$180,5,FALSE)) | F106: =IF(A106="","0,00",ROUND(C106*E106,2)) -> 0,00 | H106: =IF(A106="","",VLOOKUP(A106,'6.A'!$A$11:$E$7984,5,FALSE)) | I106: =IF(H106="","",IF(E106=H106,"SIM","NÃO")) | J106: =IF(H106="","",VLOOKUP(A106,'6.A'!$A$11:$E$564,4,FALSE)) | K106: =IF(H106="","",IF(J106=D106,"SIM","NÃO")) | L106: =IF(H106="","",IF(C106="","",G64*C106)) | M106: =IF(A106="","",VLOOKUP(A106,'6.A'!$A$11:$C$564,2,FALSE)) | N106: =IF(A106="","",IF(M106=B106,"si","no"))
B107: =IF(A107="","",VLOOKUP(A107,'6.A'!$A$11:$G$180,2,FALSE)) | D107: =IF(A107="","",VLOOKUP(A107,'6.A'!$A$11:$G$180,4,FALSE)) | E107: =IF(A107="","",VLOOKUP(A107,'6.A'!$A$11:$G$180,5,FALSE)) | F107: =IF(A107="","0,00",ROUND(C107*E107,2)) -> 0,00 | H107: =IF(A107="","",VLOOKUP(A107,'6.A'!$A$11:$E$7984,5,FALSE)) | I107: =IF(H107="","",IF(E107=H107,"SIM","NÃO")) | J107: =IF(H107="","",VLOOKUP(A107,'6.A'!$A$11:$E$564,4,FALSE)) | K107: =IF(H107="","",IF(J107=D107,"SIM","NÃO")) | L107: =IF(H107="","",IF(C107="","",G64*C107)) | M107: =IF(A107="","",VLOOKUP(A107,'6.A'!$A$11:$C$564,2,FALSE)) | N107: =IF(A107="","",IF(M107=B107,"si","no"))
...

Sheet 6.A
A1: ='3.A'!$A$1 -> TIMBRE DO LICITANTE
I4: ='3.A'!$F$248 -> 0
A6: ANEXO 6.A - CUSTOS UNITÁRIOS DE INSUMOS - LICITANTE
A8: ='3.A'!$A$8 -> REFORMA DE 3 ENTRADAS DE ENERGIA EM 3 POÇOS TUBULARES DO AQUÍFERO BAURU (PTB) NO MUNÍCIPIO DE SÃO JOSÉ DO RIO PRETO
A11: 1.0 | B11: MÃO-DE-OBRA | D11: UNID | E11: VALOR | F11: FONTE | G11: DATA | N11: LS | O11: ='8.A'!C43 -> 0
A12: 88238 | B12: AJUDANTE DE ARMADOR COM ENCARGOS COMPLEMENTARES | D12: H | E12: 0 | F12: SINAPI | G12: =IF(F12="SINAPI",$D$186,IF(F12="SICRO",$D$185,IF(F12="SIURB",$D$187,IF(F12="SABESP",$D$188,IF(F12="CDHU",$D$189,"-"))))) -> 46023 | H12: =SUMIF('5.A'!$B$7:$B$4222,B12,'5.A'!$L$7:$L$4222) -> 1.8431934 | I12: =IF(H12=0,"no","si") -> si | J12: 33.49 | K12: =ROUND(J12/(1+$O$11),2) -> 33.49 | AM12: AJUDANTE DE ARMADOR COM ENCARGOS COMPLEMENTARES
A13: 88239 | B13: AJUDANTE DE CARPINTEIRO COM ENCARGOS COMPLEMENTARES | D13: H | E13: 0 | F13: SINAPI | G13: =IF(F13="SINAPI",$D$186,IF(F13="SICRO",$D$185,IF(F13="SIURB",$D$187,IF(F13="SABESP",$D$188,IF(F13="CDHU",$D$189,"-"))))) -> 46023 | H13: =SUMIF('5.A'!$B$7:$B$4222,B13,'5.A'!$L$7:$L$4222) -> 3.855184 | I13: =IF(H13=0,"no","si") -> si | J13: 33.11 | K13: =ROUND(J13/(1+$O$11),2) -> 33.11 | AM13: AJUDANTE DE CARPINTEIRO COM ENCARGOS COMPLEMENTARES
A14: 88245 | B14: ARMADOR COM ENCARGOS COMPLEMENTARES | D14: H | E14: 0 | F14: SINAPI | G14: =IF(F14="SINAPI",$D$186,IF(F14="SICRO",$D$185,IF(F14="SIURB",$D$187,IF(F14="SABESP",$D$188,IF(F14="CDHU",$D$189,"-"))))) -> 46023 | H14: =SUMIF('5.A'!$B$7:$B$4222,B14,'5.A'!$L$7:$L$4222) -> 3.2766233 | I14: =IF(H14=0,"no","si") -> si | J14: 35.62 | K14: =ROUND(J14/(1+$O$11),2) -> 35.62 | AM14: ARMADOR COM ENCARGOS COMPLEMENTARES
A15: 88247 | B15: AUXILIAR DE ELETRICISTA COM ENCARGOS COMPLEMENTARES | D15: H | E15: 0 | F15: SINAPI | G15: =IF(F15="SINAPI",$D$186,IF(F15="SICRO",$D$185,IF(F15="SIURB",$D$187,IF(F15="SABESP",$D$188,IF(F15="CDHU",$D$189,"-"))))) -> 46023 | H15: =SUMIF('5.A'!$B$7:$B$4222,B15,'5.A'!$L$7:$L$4222) -> 418.96148 | I15: =IF(H15=0,"no","si") -> si | J15: 34.12 | K15: =ROUND(J15/(1+$O$11),2) -> 34.12 | AM15: AUXILIAR DE TOPÓGRAFO COM ENCARGOS COMPLEMENTARES
A16: 88261 | B16: CARPINTEIRO DE ESQUADRIA COM ENCARGOS COMPLEMENTARES | D16: H | E16: 0 | F16: SINAPI | G16: =IF(F16="SINAPI",$D$186,IF(F16="SICRO",$D$185,IF(F16="SIURB",$D$187,IF(F16="SABESP",$D$188,IF(F16="CDHU",$D$189,"-"))))) -> 46023 | H16: =SUMIF('5.A'!$B$7:$B$4222,B16,'5.A'!$L$7:$L$4222) -> 3.50092 | I16: =IF(H16=0,"no","si") -> si | J16: 35.24 | K16: =ROUND(J16/(1+$O$11),2) -> 35.24 | AM16: CARPINTEIRO DE FORMAS COM ENCARGOS COMPLEMENTARES
A17: 88262 | B17: CARPINTEIRO DE FORMAS COM ENCARGOS COMPLEMENTARES | D17: H | E17: 0 | F17: SINAPI | G17: =IF(F17="SINAPI",$D$186,IF(F17="SICRO",$D$185,IF(F17="SIURB",$D$187,IF(F17="SABESP",$D$188,IF(F17="CDHU",$D$189,"-"))))) -> 46023 | H17: =SUMIF('5.A'!$B$7:$B$4222,B17,'5.A'!$L$7:$L$4222) -> 5.275572 | I17: =IF(H17=0,"no","si") -> si | J17: 35.16 | K17: =ROUND(J17/(1+$O$11),2) -> 35.16 | AM17: CARPINTEIRO DE FORMAS COM ENCARGOS COMPLEMENTARES
A18: 88264 | B18: ELETRICISTA COM ENCARGOS COMPLEMENTARES | D18: H | E18: 0 | F18: SINAPI | G18: =IF(F18="SINAPI",$D$186,IF(F18="SICRO",$D$185,IF(F18="SIURB",$D$187,IF(F18="SABESP",$D$188,IF(F18="CDHU",$D$189,"-"))))) -> 46023 | H18: =SUMIF('5.A'!$B$7:$B$4222,B18,'5.A'!$L$7:$L$4222) -> 549.42098 | I18: =IF(H18=0,"no","si") -> si | J18: 45.04 | K18: =ROUND(J18/(1+$O$11),2) -> 45.04 | AM18: CARPINTEIRO DE FORMAS COM ENCARGOS COMPLEMENTARES
A19: 88266 | B19: ELETROTÉCNICO COM ENCARGOS COMPLEMENTARES | D19: H | E19: 0 | F19: SINAPI | G19: =IF(F19="SINAPI",$D$186,IF(F19="SICRO",$D$185,IF(F19="SIURB",$D$187,IF(F19="SABESP",$D$188,IF(F19="CDHU",$D$189,"-"))))) -> 46023 | H19: =SUMIF('5.A'!$B$7:$B$4222,B19,'5.A'!$L$7:$L$4222) -> 8.4 | I19: =IF(H19=0,"no","si") -> si | J19: 51.1 | K19: =ROUND(J19/(1+$O$11),2) -> 51.1 | AM19: PEDREIRO COM ENCARGOS COMPLEMENTARES
A20: 88309 | B20: PEDREIRO COM ENCARGOS COMPLEMENTARES | D20: H | E20: 0 | F20: SINAPI | G20: =IF(F20="SINAPI",$D$186,IF(F20="SICRO",$D$185,IF(F20="SIURB",$D$187,IF(F20="SABESP",$D$188,IF(F20="CDHU",$D$189,"-"))))) -> 46023 | H20: =SUMIF('5.A'!$B$7:$B$4222,B20,'5.A'!$L$7:$L$4222) -> 66.547029 | I20: =IF(H20=0,"no","si") -> si | J20: 35.87 | K20: =ROUND(J20/(1+$O$11),2) -> 35.87 | AM20: PEDREIRO COM ENCARGOS COMPLEMENTARES
A21: 88310 | B21: PINTOR COM ENCARGOS COMPLEMENTARES | D21: H | E21: 0 | F21: SINAPI | G21: =IF(F21="SINAPI",$D$186,IF(F21="SICRO",$D$185,IF(F21="SIURB",$D$187,IF(F21="SABESP",$D$188,IF(F21="CDHU",$D$189,"-"))))) -> 46023 | H21: =SUMIF('5.A'!$B$7:$B$4222,B21,'5.A'!$L$7:$L$4222) -> 23.1287 | I21: =IF(H21=0,"no","si") -> si | J21: 37.45 | K21: =ROUND(J21/(1+$O$11),2) -> 37.45 | AM21: CONDUTOR MAQUINISTA FLUVIAL COM ENCARGOS COMPLEMENTARES
A22: 88316 | B22: SERVENTE COM ENCARGOS COMPLEMENTARES | D22: H | E22: 0 | F22: SINAPI | G22: =IF(F22="SINAPI",$D$186,IF(F22="SICRO",$D$185,IF(F22="SIURB",$D$187,IF(F22="SABESP",$D$188,IF(F22="CDHU",$D$189,"-"))))) -> 46023 | H22: =SUMIF('5.A'!$B$7:$B$4222,B22,'5.A'!$L$7:$L$4222) -> 254.12124 | I22: =IF(H22=0,"no","si") -> si | J22: 31.15 | K22: =ROUND(J22/(1+$O$11),2) -> 31.15 | AM22: SERVENTE COM ENCARGOS COMPLEMENTARES
A23: 88377 | B23: OPERADOR DE BETONEIRA ESTACIONÁRIA/MISTURADOR COM ENCARGOS COMPLEMENTARES | D23: H | E23: 0 | F23: SINAPI | G23: =IF(F23="SINAPI",$D$186,IF(F23="SICRO",$D$185,IF(F23="SIURB",$D$187,IF(F23="SABESP",$D$188,IF(F23="CDHU",$D$189,"-"))))) -> 46023 | H23: =SUMIF('5.A'!$B$7:$B$4222,B23,'5.A'!$L$7:$L$4222) -> 4.40556 | I23: =IF(H23=0,"no","si") -> si | J23: 34.17 | K23: =ROUND(J23/(1+$O$11),2) -> 34.17 | AM23: JARDINEIRO COM ENCARGOS COMPLEMENTARES
A24: 90776 | B24: ENCARREGADO GERAL COM ENCARGOS COMPLEMENTARES | D24: H | E24: 0 | F24: SINAPI | G24: =IF(F24="SINAPI",$D$186,IF(F24="SICRO",$D$185,IF(F24="SIURB",$D$187,IF(F24="SABESP",$D$188,IF(F24="CDHU",$D$189,"-"))))) -> 46023 | H24: =SUMIF('5.A'!$B$7:$B$4222,B24,'5.A'!$L$7:$L$4222) -> 88 | I24: =IF(H24=0,"no","si") -> si | J24: 55.46 | K24: =ROUND(J24/(1+$O$11),2) -> 55.46 | AM24: ENCARREGADO GERAL COM ENCARGOS COMPLEMENTARES
A25: 100301 | B25: AJUDANTE DE PINTOR COM ENCARGOS COMPLEMENTARES | D25: H | E25: 0 | F25: SINAPI | G25: =IF(F25="SINAPI",$D$186,IF(F25="SICRO",$D$185,IF(F25="SIURB",$D$187,IF(F25="SABESP",$D$188,IF(F25="CDHU",$D$189,"-"))))) -> 46023 | H25: =SUMIF('5.A'!$B$7:$B$4222,B25,'5.A'!$L$7:$L$4222) -> 8.72 | I25: =IF(H25=0,"no","si") -> si | J25: 35.32 | K25: =ROUND(J25/(1+$O$11),2) -> 35.32
A27: 2.0 | B27: EQUIPAMENTOS / SERVIÇOS | D27: UNID | E27: VALOR | F27: FONTE | G27: DATA
A28: 5928 | B28: GUINDAUTO HIDRÁULICO COM CAMINHÃO TOCO 189 CV, CAP. CARGA 6200 KG, ALCANCE 9,70 M - CHP | D28: CHP | E28: 0 | F28: SINAPI | G28: =IF(F28="SINAPI",$D$186,IF(F28="SICRO",$D$185,IF(F28="SIURB",$D$187,IF(F28="SABESP",$D$188,IF(F28="CDHU",$D$189,"-"))))) -> 46023 | H28: =SUMIF('5.A'!$B$7:$B$4222,B28,'5.A'!$L$7:$L$4222) -> 22.227 | I28: =IF(H28=0,"no","si") -> si | AM28: CAMINHÃO BASCULANTE COM CAPACIDADE DE 6 M³ - 136 KW
A29: 5930 | B29: GUINDAUTO HIDRÁULICO COM CAMINHÃO TOCO 189 CV, CAP. CARGA 6200 KG, ALCANCE 9,70 M - CHI | D29: CHI | E29: 0 | F29: SINAPI | G29: =IF(F29="SINAPI",$D$186,IF(F29="SICRO",$D$185,IF(F29="SIURB",$D$187,IF(F29="SABESP",$D$188,IF(F29="CDHU",$D$189,"-"))))) -> 46023 | H29: =SUMIF('5.A'!$B$7:$B$4222,B29,'5.A'!$L$7:$L$4222) -> 9.56 | I29: =IF(H29=0,"no","si") -> si | AM29: CAMINHÃO BASCULANTE COM CAPACIDADE DE 6 M³ - 136 KW
A30: 10776 | B30: LOCACAO DE CONTAINER 2,30 X 6,00 M, ALT. 2,50 M, PARA ESCRITORIO, SEM DIVISORIAS INTERNAS E SEM SANITARIO | D30: MÊS | E30: 0 | F30: SINAPI | G30: =IF(F30="SINAPI",$D$186,IF(F30="SICRO",$D$185,IF(F30="SIURB",$D$187,IF(F30="SABESP",$D$188,IF(F30="CDHU",$D$189,"-"))))) -> 46023 | H30: =SUMIF('5.A'!$B$7:$B$4222,B30,'5.A'!$L$7:$L$4222) -> 2 | I30: =IF(H30=0,"no","si") -> si
A31: 20358 | B31: REMOÇÃO DE ENTULHO DE OBRA, TERRA, ALVENARIA, CONCRETO, ARGAMASSA, MADEIRA - CAPACIDADE DE 4M³ | D31: M3 | E31: 0 | F31: CDHU | G31: =IF(F31="SINAPI",$D$186,IF(F31="SICRO",$D$185,IF(F31="SIURB",$D$187,IF(F31="SABESP",$D$188,IF(F31="CDHU",$D$189,"-"))))) -> 45870 | H31: =SUMIF('5.A'!$B$7:$B$4222,B31,'5.A'!$L$7:$L$4222) -> 8 | I31: =IF(H31=0,"no","si") -> si
A32: 88830 | B32: BETONEIRA CAPACIDADE 400 L, CAPACIDADE DE MISTURA 280 L, MOTOR ELÉTRICO POTÊNCIA 2 CV - CHP | D32: CHP | E32: 0 | F32: SINAPI | G32: =IF(F32="SINAPI",$D$186,IF(F32="SICRO",$D$185,IF(F32="SIURB",$D$187,IF(F32="SABESP",$D$188,IF(F32="CDHU",$D$189,"-"))))) -> 46023 | H32: =SUMIF('5.A'!$B$7:$B$4222,B32,'5.A'!$L$7:$L$4222) -> 2.4264276 | I32: =IF(H32=0,"no","si") -> si
A33: 88831 | B33: BETONEIRA CAPACIDADE 400 L, CAPACIDADE DE MISTURA 280 L, MOTOR ELÉTRICO POTÊNCIA 2 CV - CHI | D33: CHI | E33: 0 | F33: SINAPI | G33: =IF(F33="SINAPI",$D$186,IF(F33="SICRO",$D$185,IF(F33="SIURB",$D$187,IF(F33="SABESP",$D$188,IF(F33="CDHU",$D$189,"-"))))) -> 46023 | H33: =SUMIF('5.A'!$B$7:$B$4222,B33,'5.A'!$L$7:$L$4222) -> 2.9062064 | I33: =IF(H33=0,"no","si") -> si
A34: 90586 | B34: VIBRADOR DE IMERSÃO, DIÂMETRO DE PONTEIRA 45MM, MOTOR ELÉTRICO TRIFÁSICO POTÊNCIA DE 2 CV - CHP | D34: CHP | E34: 0 | F34: SINAPI | G34: =IF(F34="SINAPI",$D$186,IF(F34="SICRO",$D$185,IF(F34="SIURB",$D$187,IF(F34="SABESP",$D$188,IF(F34="CDHU",$D$189,"-"))))) -> 46023 | H34: =SUMIF('5.A'!$B$7:$B$4222,B34,'5.A'!$L$7:$L$4222) -> 0.074358 | I34: =IF(H34=0,"no","si") -> si | AM34: CAMINHÃO BASCULANTE COM CAPACIDADE DE 6 M³ - 136 KW
A35: 90587 | B35: VIBRADOR DE IMERSÃO, DIÂMETRO DE PONTEIRA 45MM, MOTOR ELÉTRICO TRIFÁSICO POTÊNCIA DE 2 CV - CHI | D35: CHI | E35: 0 | F35: SINAPI | G35: =IF(F35="SINAPI",$D$186,IF(F35="SICRO",$D$185,IF(F35="SIURB",$D$187,IF(F35="SABESP",$D$188,IF(F35="CDHU",$D$189,"-"))))) -> 46023 | H35: =SUMIF('5.A'!$B$7:$B$4222,B35,'5.A'!$L$7:$L$4222) -> 0.068688 | I35: =IF(H35=0,"no","si") -> si | AM35: CAMINHÃO BASCULANTE COM CAPACIDADE DE 6 M³ - 136 KW
A36: 91533 | B36: COMPACTADOR DE SOLOS DE PERCUSSÃO COM MOTOR A GASOLINA 4 TEMPOS, POTÊNCIA 4 CV - CHP | D36: CHP | E36: 0 | F36: SINAPI | G36: =IF(F36="SINAPI",$D$186,IF(F36="SICRO",$D$185,IF(F36="SIURB",$D$187,IF(F36="SABESP",$D$188,IF(F36="CDHU",$D$189,"-"))))) -> 46023 | H36: =SUMIF('5.A'!$B$7:$B$4222,B36,'5.A'!$L$7:$L$4222) -> 4.8254 | I36: =IF(H36=0,"no","si") -> si | AM36: CAMINHÃO BASCULANTE COM CAPACIDADE DE 6 M³ - 136 KW
A37: 91534 | B37: COMPACTADOR DE SOLOS DE PERCUSSÃO COM MOTOR A GASOLINA 4 TEMPOS, POTÊNCIA 4 CV - CHI | D37: CHI | E37: 0 | F37: SINAPI | G37: =IF(F37="SINAPI",$D$186,IF(F37="SICRO",$D$185,IF(F37="SIURB",$D$187,IF(F37="SABESP",$D$188,IF(F37="CDHU",$D$189,"-"))))) -> 46023 | H37: =SUMIF('5.A'!$B$7:$B$4222,B37,'5.A'!$L$7:$L$4222) -> 0.4032 | I37: =IF(H37=0,"no","si") -> si
A38: 91692 | B38: SERRA CIRCULAR DE BANCADA COM MOTOR ELÉTRICO POTÊNCIA DE 5HP, COM COIFA PARA DISCO 10" - CHP DIURNO | D38: CHP | E38: 0 | F38: SINAPI | G38: =IF(F38="SINAPI",$D$186,IF(F38="SICRO",$D$185,IF(F38="SIURB",$D$187,IF(F38="SABESP",$D$188,IF(F38="CDHU",$D$189,"-"))))) -> 46023 | H38: =SUMIF('5.A'!$B$7:$B$4222,B38,'5.A'!$L$7:$L$4222) -> 0.02436 | I38: =IF(H38=0,"no","si") -> si
A39: 91693 | B39: SERRA CIRCULAR DE BANCADA COM MOTOR ELÉTRICO POTÊNCIA DE 5HP, COM COIFA PARA DISCO 10" - CHI DIURNO | D39: CHI | E39: 0 | F39: SINAPI | G39: =IF(F39="SINAPI",$D$186,IF(F39="SICRO",$D$185,IF(F39="SIURB",$D$187,IF(F39="SABESP",$D$188,IF(F39="CDHU",$D$189,"-"))))) -> 46023 | H39: =SUMIF('5.A'!$B$7:$B$4222,B39,'5.A'!$L$7:$L$4222) -> 0.1044 | I39: =IF(H39=0,"no","si") -> si
A41: 3.0 | B41: MATERIAIS | D41: UNID | E41: VALOR | F41: FONTE | G41: DATA
A42: =COTAÇÕES!$A$11 -> TRA.001 | B42: =VLOOKUP(A42,COTAÇÕES!$A$7:$P$21,2,FALSE) -> TRANSFORMADOR DE CORRENTE, EM TERMOPLÁSTICO, TIPO JANELA, VMAX=600VCA, RELAÇÃO DE 300/5A | D42: =VLOOKUP(A42,COTAÇÕES!$A$7:$P$21,3,FALSE) -> M | E42: 0 | F42: COTAÇÃO | G42: =IF(F42="SINAPI",$D$186,IF(F42="SICRO",$D$185,IF(F42="SIURB",$D$187,IF(F42="SABESP",$D$188,IF(F42="CDHU",$D$189,"-"))))) -> - | H42: =SUMIF('5.A'!$B$7:$B$4222,B42,'5.A'!$L$7:$L$4222) -> 3 | I42: =IF(H42=0,"no","si") -> si | AM42: CONCRETO USINADO 150 KG CIMENTO/M3
A43: =COTAÇÕES!$A$12 -> TRA.002 | B43: =VLOOKUP(A43,COTAÇÕES!$A$7:$P$21,2,FALSE) -> TRANSFORMADOR DE CORRENTE, EM TERMOPLÁSTICO, TIPO JANELA, VMAX=600VCA, RELAÇÃO DE 600/5A | D43: =VLOOKUP(A43,COTAÇÕES!$A$7:$P$21,3,FALSE) -> M | E43: 0 | F43: COTAÇÃO | G43: =IF(F43="SINAPI",$D$186,IF(F43="SICRO",$D$185,IF(F43="SIURB",$D$187,IF(F43="SABESP",$D$188,IF(F43="CDHU",$D$189,"-"))))) -> - | H43: =SUMIF('5.A'!$B$7:$B$4222,B43,'5.A'!$L$7:$L$4222) -> 3 | I43: =IF(H43=0,"no","si") -> si | AM43: CONCRETO USINADO 150 KG CIMENTO/M3
A44: =COTAÇÕES!$A$14 -> CHAVE.001 | B44: =VLOOKUP(A44,COTAÇÕES!$A$7:$P$21,2,FALSE) -> CHAVE DE AFERIÇÃO, DE SOBREPOR, VN= 600V, IN=20A, 10 POLOS | D44: =VLOOKUP(A44,COTAÇÕES!$A$7:$P$21,3,FALSE) -> CJ | E44: 0 | F44: COTAÇÃO | G44: =IF(F44="SINAPI",$D$186,IF(F44="SICRO",$D$185,IF(F44="SIURB",$D$187,IF(F44="SABESP",$D$188,IF(F44="CDHU",$D$189,"-"))))) -> - | H44: =SUMIF('5.A'!$B$7:$B$4222,B44,'5.A'!$L$7:$L$4222) -> 2 | I44: =IF(H44=0,"no","si") -> si | AM44: CONCRETO USINADO 150 KG CIMENTO/M3
A45: =COTAÇÕES!$A$16 -> DIS.001 | B45: =VLOOKUP(A45,COTAÇÕES!$A$7:$P$21,2,FALSE) -> CONTROLADOR AUTOMÁTICO DE FATOR DE POTÊNCIA, 06 ESTÁGIOS, MEDIÇÃO TRIFÁSICA, LIGAÇÃO PARA ATÉ 3 TCS, FIXAÇÃO DE EMBUTIR, TENSÃO DE ALIMENTAÇÃO 90-270VCA | D45: =VLOOKUP(A45,COTAÇÕES!$A$7:$P$21,3,FALSE) -> UN | E45: 0 | F45: COTAÇÃO | G45: =IF(F45="SINAPI",$D$186,IF(F45="SICRO",$D$185,IF(F45="SIURB",$D$187,IF(F45="SABESP",$D$188,IF(F45="CDHU",$D$189,"-"))))) -> - | H45: =SUMIF('5.A'!$B$7:$B$4222,B45,'5.A'!$L$7:$L$4222) -> 1 | I45: =IF(H45=0,"no","si") -> si | AM45: CONCRETO USINADO 150 KG CIMENTO/M3
A46: =COTAÇÕES!$A$17 -> DIS.002 | B46: =VLOOKUP(A46,COTAÇÕES!$A$7:$P$21,2,FALSE) -> CONTATOR PARA MANOBRA DE CAPACITOR PARA CORREÇÃO DO FATOR DE POTÊNCIA, COM RESITORES DE PRÉ CARGA, CONTATO AUXILAR 1NA, IN=16A, VN=220VAC, VCOMANDO=220VAC, F=60HZ | D46: =VLOOKUP(A46,COTAÇÕES!$A$7:$P$21,3,FALSE) -> UN | E46: 0 | F46: COTAÇÃO | G46: =IF(F46="SINAPI",$D$186,IF(F46="SICRO",$D$185,IF(F46="SIURB",$D$187,IF(F46="SABESP",$D$188,IF(F46="CDHU",$D$189,"-"))))) -> - | H46: =SUMIF('5.A'!$B$7:$B$4222,B46,'5.A'!$L$7:$L$4222) -> 6 | I46: =IF(H46=0,"no","si") -> si | AM46: CONCRETO USINADO 150 KG CIMENTO/M3
A47: =COTAÇÕES!$A$18 -> DIS.003 | B47: =VLOOKUP(A47,COTAÇÕES!$A$7:$P$21,2,FALSE) -> UNIDADE CAPACITIVA TRIFÁSICA, COM CAPA PROTETORA IP-50, COM RESISTOR INTERNO E PARAFUSO DE FIXAÇÃO E ATERRAMENTO, POTÊNCIA REATIVA DE 5,0 KVAR, VN=220VAC, F=60HZ | D47: =VLOOKUP(A47,COTAÇÕES!$A$7:$P$21,3,FALSE) -> UN | E47: 0 | F47: COTAÇÃO | G47: =IF(F47="SINAPI",$D$186,IF(F47="SICRO",$D$185,IF(F47="SIURB",$D$187,IF(F47="SABESP",$D$188,IF(F47="CDHU",$D$189,"-"))))) -> - | H47: =SUMIF('5.A'!$B$7:$B$4222,B47,'5.A'!$L$7:$L$4222) -> 5 | I47: =IF(H47=0,"no","si") -> si | AM47: CONCRETO USINADO 150 KG CIMENTO/M3
A48: =COTAÇÕES!$A$19 -> DIS.004 | B48: =VLOOKUP(A48,COTAÇÕES!$A$7:$P$21,2,FALSE) -> CONTATOR PARA MANOBRA DE CAPACITOR PARA CORREÇÃO DO FATOR DE POTÊNCIA, COM RESITORES DE PRÉ CARGA, CONTATO AUXILAR 1NA, IN=30A, VN=220VAC, VCOMANDO=220VAC, F=60HZ | D48: =VLOOKUP(A48,COTAÇÕES!$A$7:$P$21,3,FALSE) -> UN | E48: 0 | F48: COTAÇÃO | G48: =IF(F48="SINAPI",$D$186,IF(F48="SICRO",$D$185,IF(F48="SIURB",$D$187,IF(F48="SABESP",$D$188,IF(F48="CDHU",$D$189,"-"))))) -> - | H48: =SUMIF('5.A'!$B$7:$B$4222,B48,'5.A'!$L$7:$L$4222) -> 6 | I48: =IF(H48=0,"no","si") -> si | AM48: CONCRETO USINADO 150 KG CIMENTO/M3
A49: =COTAÇÕES!$A$20 -> DIS.005 | B49: =VLOOKUP(A49,COTAÇÕES!$A$7:$P$21,2,FALSE) -> UNIDADE CAPACITIVA TRIFÁSICA, COM CAPA PROTETORA IP-50, COM RESISTOR INTERNO E PARAFUSO DE FIXAÇÃO E ATERRAMENTO, POTÊNCIA REATIVA DE 10,0 KVAR, VN=220VAC, F=60HZ | D49: =VLOOKUP(A49,COTAÇÕES!$A$7:$P$21,3,FALSE) -> UN | E49: 0 | F49: COTAÇÃO | G49: =IF(F49="SINAPI",$D$186,IF(F49="SICRO",$D$185,IF(F49="SIURB",$D$187,IF(F49="SABESP",$D$188,IF(F49="CDHU",$D$189,"-"))))) -> - | H49: =SUMIF('5.A'!$B$7:$B$4222,B49,'5.A'!$L$7:$L$4222) -> 5 | I49: =IF(H49=0,"no","si") -> si | AM49: CONCRETO USINADO 150 KG CIMENTO/M3
A50: M0013 | B50: GRAMPO DE ANCORAGEM EM AÇO CA 50 - D = 12,5 MM | C50: GRAMPO DE ANCORAGEM EM AÇO CA 50 - D = 12,5 MM | D50: KG | E50: 0 | F50: SICRO | G50: =IF(F50="SINAPI",$D$186,IF(F50="SICRO",$D$185,IF(F50="SIURB",$D$187,IF(F50="SABESP",$D$188,IF(F50="CDHU",$D$189,"-"))))) -> 45931 | H50: =SUMIF('5.A'!$B$7:$B$4222,B50,'5.A'!$L$7:$L$4222) -> 6 | I50: =IF(H50=0,"no","si") -> si | AM50: CONCRETO USINADO 150 KG CIMENTO/M3
A51: CV00181 | B51: AREIA GROSSA GRANULOMETRIA ENTRE (1,2 E 2,00 MM) LAVADA | D51: M3 | E51: 0 | F51: SABESP | G51: =IF(F51="SINAPI",$D$186,IF(F51="SICRO",$D$185,IF(F51="SIURB",$D$187,IF(F51="SABESP",$D$188,IF(F51="CDHU",$D$189,"-"))))) -> 45839 | H51: =SUMIF('5.A'!$B$7:$B$4222,B51,'5.A'!$L$7:$L$4222) -> 0.035292 | I51: =IF(H51=0,"no","si") -> si
A52: CV00182 | B52: AREIA MÉDIA GRANULOMETRIA ENTRE (0,42 E 1,2 MM) LAVADA | D52: M3 | E52: 0 | F52: SABESP | G52: =IF(F52="SINAPI",$D$186,IF(F52="SICRO",$D$185,IF(F52="SIURB",$D$187,IF(F52="SABESP",$D$188,IF(F52="CDHU",$D$189,"-"))))) -> 45839 | H52: =SUMIF('5.A'!$B$7:$B$4222,B52,'5.A'!$L$7:$L$4222) -> 3.7128532 | I52: =IF(H52=0,"no","si") -> si
A53: CV00201 | B53: CONCRETO ESTRUTURAL USINADO FCK 25 MPA | D53: M3 | E53: 0 | F53: SABESP | G53: =IF(F53="SINAPI",$D$186,IF(F53="SICRO",$D$185,IF(F53="SIURB",$D$187,IF(F53="SABESP",$D$188,IF(F53="CDHU",$D$189,"-"))))) -> 45839 | H53: =SUMIF('5.A'!$B$7:$B$4222,B53,'5.A'!$L$7:$L$4222) -> 1.520886 | I53: =IF(H53=0,"no","si") -> si
A54: CV00208 | B54: PEDRA BRITADA Nº 1 GRANULOMETRIA ENTRE (9,5 E 25,00 MM) | D54: M3 | E54: 0 | F54: SABESP | G54: =IF(F54="SINAPI",$D$186,IF(F54="SICRO",$D$185,IF(F54="SIURB",$D$187,IF(F54="SABESP",$D$188,IF(F54="CDHU",$D$189,"-"))))) -> 45839 | H54: =SUMIF('5.A'!$B$7:$B$4222,B54,'5.A'!$L$7:$L$4222) -> 1.8458736 | I54: =IF(H54=0,"no","si") -> si
A55: CV00210 | B55: PEDRA BRITADA Nº 2 GRANULOMETRIA ENTRE (21,0 E 32,0 MM) | D55: M3 | E55: 0 | F55: SABESP | G55: =IF(F55="SINAPI",$D$186,IF(F55="SICRO",$D$185,IF(F55="SIURB",$D$187,IF(F55="SABESP",$D$188,IF(F55="CDHU",$D$189,"-"))))) -> 45839 | H55: =SUMIF('5.A'!$B$7:$B$4222,B55,'5.A'!$L$7:$L$4222) -> 6.7355 | I55: =IF(H55=0,"no","si") -> si
A56: CV00217 | B56: PEDRISCO GRANULOMETRIA ENTRE (0,075 E 4,8 MM) NBR 7225 | D56: M3 | E56: 0 | F56: SABESP | G56: =IF(F56="SINAPI",$D$186,IF(F56="SICRO",$D$185,IF(F56="SIURB",$D$187,IF(F56="SABESP",$D$188,IF(F56="CDHU",$D$189,"-"))))) -> 45839 | H56: =SUMIF('5.A'!$B$7:$B$4222,B56,'5.A'!$L$7:$L$4222) -> 0.2662 | I56: =IF(H56=0,"no","si") -> si
A57: CV00238 | B57: VERGALHÃO (AÇO-CA-50) - (MÉDIA DAS BITOLAS ENTRE 6,3 A 25,0MM) | D57: KG | E57: 0 | F57: SABESP | G57: =IF(F57="SINAPI",$D$186,IF(F57="SICRO",$D$185,IF(F57="SIURB",$D$187,IF(F57="SABESP",$D$188,IF(F57="CDHU",$D$189,"-"))))) -> 45839 | H57: =SUMIF('5.A'!$B$7:$B$4222,B57,'5.A'!$L$7:$L$4222) -> 18.034748 | I57: =IF(H57=0,"no","si") -> si | AM57: VERGALHÃO (AÇO-CA-50) - (MÉDIA DAS BITOLAS ENTRE 6,3 A 25,0MM)
A58: CV00239 | B58: VERGALHÃO (AÇO-CA-60) - (MÉDIA DAS BITOLAS ENTRE 3,4 A 8,0MM) | D58: KG | E58: 0 | F58: SABESP | G58: =IF(F58="SINAPI",$D$186,IF(F58="SICRO",$D$185,IF(F58="SIURB",$D$187,IF(F58="SABESP",$D$188,IF(F58="CDHU",$D$189,"-"))))) -> 45839 | H58: =SUMIF('5.A'!$B$7:$B$4222,B58,'5.A'!$L$7:$L$4222) -> 2.973 | I58: =IF(H58=0,"no","si") -> si | AM58: VERGALHÃO (AÇO-CA-50) - (MÉDIA DAS BITOLAS ENTRE 6,3 A 25,0MM)
A59: CV00521 | B59: PREGO COM CABEÇA AÇO GALV (MÉDIA DAS BITOLAS) | D59: KG | E59: 0 | F59: SABESP | G59: =IF(F59="SINAPI",$D$186,IF(F59="SICRO",$D$185,IF(F59="SIURB",$D$187,IF(F59="SABESP",$D$188,IF(F59="CDHU",$D$189,"-"))))) -> 45839 | H59: =SUMIF('5.A'!$B$7:$B$4222,B59,'5.A'!$L$7:$L$4222) -> 0.961306 | I59: =IF(H59=0,"no","si") -> si
A60: EL02359 | B60: ABRAÇADEIRA TIPO D EM AÇO GALV A FOGO D=2" COM CUNHA PARA ELETRODUTO | D60: UN | E60: 0 | F60: SABESP | G60: =IF(F60="SINAPI",$D$186,IF(F60="SICRO",$D$185,IF(F60="SIURB",$D$187,IF(F60="SABESP",$D$188,IF(F60="CDHU",$D$189,"-"))))) -> 45839 | H60: =SUMIF('5.A'!$B$7:$B$4222,B60,'5.A'!$L$7:$L$4222) -> 4 | I60: =IF(H60=0,"no","si") -> si
A61: EL07725 | B61: DISJUNTOR TERMOMAGNÉTICO EM CAIXA MOLDADA TRIPOLAR 400A, ICC - 50KA/220V | D61: UN | E61: 0 | F61: SABESP | G61: =IF(F61="SINAPI",$D$186,IF(F61="SICRO",$D$185,IF(F61="SIURB",$D$187,IF(F61="SABESP",$D$188,IF(F61="CDHU",$D$189,"-"))))) -> 45839 | H61: =SUMIF('5.A'!$B$7:$B$4222,B61,'5.A'!$L$7:$L$4222) -> 1 | I61: =IF(H61=0,"no","si") -> si
A62: EL07726 | B62: DISJUNTOR TERMOMAGNÉTICO EM CAIXA MOLDADA TRIPOLAR 600A, ICC - 50KA | D62: UN | E62: 0 | F62: SABESP | G62: =IF(F62="SINAPI",$D$186,IF(F62="SICRO",$D$185,IF(F62="SIURB",$D$187,IF(F62="SABESP",$D$188,IF(F62="CDHU",$D$189,"-"))))) -> 45839 | H62: =SUMIF('5.A'!$B$7:$B$4222,B62,'5.A'!$L$7:$L$4222) -> 1 | I62: =IF(H62=0,"no","si") -> si
A63: 123 | B63: ADITIVO IMPERMEABILIZANTE PEGA NORMAL PARA ARGAMASSAS E CONCRETOS, ISENTO DE CLORETOS | D63: L | E63: 0 | F63: SINAPI | G63: =IF(F63="SINAPI",$D$186,IF(F63="SICRO",$D$185,IF(F63="SIURB",$D$187,IF(F63="SABESP",$D$188,IF(F63="CDHU",$D$189,"-"))))) -> 46023 | H63: =SUMIF('5.A'!$B$7:$B$4222,B63,'5.A'!$L$7:$L$4222) -> 2.908224 | I63: =IF(H63=0,"no","si") -> si
A64: 142 | B64: SELANTE ELASTICO MONOCOMPONENTE A BASE DE POLIURETANO (PU) PARA JUNTAS DIVERSAS (310ML) | D64: UN | E64: 0 | F64: SINAPI | G64: =IF(F64="SINAPI",$D$186,IF(F64="SICRO",$D$185,IF(F64="SIURB",$D$187,IF(F64="SABESP",$D$188,IF(F64="CDHU",$D$189,"-"))))) -> 46023 | H64: =SUMIF('5.A'!$B$7:$B$4222,B64,'5.A'!$L$7:$L$4222) -> 3.226 | I64: =IF(H64=0,"no","si") -> si
A65: 402 | B65: GANCHO OLHAL EM ACO GALVANIZADO, ESPESSURA 16MM, ABERTURA 21MM | D65: UN | E65: 0 | F65: SINAPI | G65: =IF(F65="SINAPI",$D$186,IF(F65="SICRO",$D$185,IF(F65="SIURB",$D$187,IF(F65="SABESP",$D$188,IF(F65="CDHU",$D$189,"-"))))) -> 46023 | H65: =SUMIF('5.A'!$B$7:$B$4222,B65,'5.A'!$L$7:$L$4222) -> 6 | I65: =IF(H65=0,"no","si") -> si
A66: 406 | B66: FITA ACO INOX PARA CINTAR POSTE, L = 19 MM, E = 0,5 MM (ROLO DE 30M) | D66: UN | E66: 0 | F66: SINAPI | G66: =IF(F66="SINAPI",$D$186,IF(F66="SICRO",$D$185,IF(F66="SIURB",$D$187,IF(F66="SABESP",$D$188,IF(F66="CDHU",$D$189,"-"))))) -> 46023 | H66: =SUMIF('5.A'!$B$7:$B$4222,B66,'5.A'!$L$7:$L$4222) -> 0.27333333 | I66: =IF(H66=0,"no","si") -> si | J66: 4,1m
A67: 421 | B67: PORCA OLHAL M 16, EM ACO GALVANIZADO, DIAMETRO = 16 MM | D67: UN | E67: 0 | F67: SINAPI | G67: =IF(F67="SINAPI",$D$186,IF(F67="SICRO",$D$185,IF(F67="SIURB",$D$187,IF(F67="SABESP",$D$188,IF(F67="CDHU",$D$189,"-"))))) -> 46023 | H67: =SUMIF('5.A'!$B$7:$B$4222,B67,'5.A'!$L$7:$L$4222) -> 2 | I67: =IF(H67=0,"no","si") -> si
A68: 650 | B68: BLOCO DE VEDACAO DE CONCRETO, 9 X 19 X 39 CM (CLASSE C - NBR 6136) | D68: UN | E68: 0 | F68: SINAPI | G68: =IF(F68="SINAPI",$D$186,IF(F68="SICRO",$D$185,IF(F68="SIURB",$D$187,IF(F68="SABESP",$D$188,IF(F68="CDHU",$D$189,"-"))))) -> 46023 | H68: =SUMIF('5.A'!$B$7:$B$4222,B68,'5.A'!$L$7:$L$4222) -> 262.123 | I68: =IF(H68=0,"no","si") -> si
A69: 857 | B69: CABO DE COBRE NU 16 MM2 MEIO-DURO | D69: M | E69: 0 | F69: SINAPI | G69: =IF(F69="SINAPI",$D$186,IF(F69="SICRO",$D$185,IF(F69="SIURB",$D$187,IF(F69="SABESP",$D$188,IF(F69="CDHU",$D$189,"-"))))) -> 46023 | H69: =SUMIF('5.A'!$B$7:$B$4222,B69,'5.A'!$L$7:$L$4222) -> 10 | I69: =IF(H69=0,"no","si") -> si
A70: 867 | B70: CABO DE COBRE NU 50 MM2 MEIO-DURO | D70: M | E70: 0 | F70: SINAPI | G70: =IF(F70="SINAPI",$D$186,IF(F70="SICRO",$D$185,IF(F70="SIURB",$D$187,IF(F70="SABESP",$D$188,IF(F70="CDHU",$D$189,"-"))))) -> 46023 | H70: =SUMIF('5.A'!$B$7:$B$4222,B70,'5.A'!$L$7:$L$4222) -> 36 | I70: =IF(H70=0,"no","si") -> si
A71: 979 | B71: CABO DE COBRE FLEXIVEL CL 4/5, ISOLACAO PVC/A, ANTICHAMA BWF-B, 1 CONDUTOR, 450/750 V, SECAO NOMINAL 16 MM2 | D71: M | E71: 0 | F71: SINAPI | G71: =IF(F71="SINAPI",$D$186,IF(F71="SICRO",$D$185,IF(F71="SIURB",$D$187,IF(F71="SABESP",$D$188,IF(F71="CDHU",$D$189,"-"))))) -> 46023 | H71: =SUMIF('5.A'!$B$7:$B$4222,B71,'5.A'!$L$7:$L$4222) -> 17.135 | I71: =IF(H71=0,"no","si") -> si
A72: 981 | B72: CABO DE COBRE FLEXIVEL CL 4/5, ISOLACAO PVC/A, ANTICHAMA BWF-B, 1 CONDUTOR, 450/750 V, SECAO NOMINAL 4 MM2 | D72: M | E72: 0 | F72: SINAPI | G72: =IF(F72="SINAPI",$D$186,IF(F72="SICRO",$D$185,IF(F72="SIURB",$D$187,IF(F72="SABESP",$D$188,IF(F72="CDHU",$D$189,"-"))))) -> 46023 | H72: =SUMIF('5.A'!$B$7:$B$4222,B72,'5.A'!$L$7:$L$4222) -> 3.7302 | I72: =IF(H72=0,"no","si") -> si
A73: 982 | B73: CABO DE COBRE FLEXIVEL CL 4/5, ISOLACAO PVC/A, ANTICHAMA BWF-B, 1 CONDUTOR, 450/750 V, SECAO NOMINAL 6 MM2 | D73: M | E73: 0 | F73: SINAPI | G73: =IF(F73="SINAPI",$D$186,IF(F73="SICRO",$D$185,IF(F73="SIURB",$D$187,IF(F73="SABESP",$D$188,IF(F73="CDHU",$D$189,"-"))))) -> 46023 | H73: =SUMIF('5.A'!$B$7:$B$4222,B73,'5.A'!$L$7:$L$4222) -> 48.7624 | I73: =IF(H73=0,"no","si") -> si
A74: 996 | B74: CABO DE COBRE, FLEXIVEL, CLASSE 4 OU 5, ISOLACAO EM PVC/A, ANTICHAMA BWF-B, COBERTURA PVC-ST1, ANTICHAMA BWF-B, 1 CONDUTOR, 0,6/1 KV, SECAO NOMINAL 25 MM2 | D74: M | E74: 0 | F74: SINAPI | G74: =IF(F74="SINAPI",$D$186,IF(F74="SICRO",$D$185,IF(F74="SIURB",$D$187,IF(F74="SABESP",$D$188,IF(F74="CDHU",$D$189,"-"))))) -> 46023 | H74: =SUMIF('5.A'!$B$7:$B$4222,B74,'5.A'!$L$7:$L$4222) -> 5.2005 | I74: =IF(H74=0,"no","si") -> si
A75: 998 | B75: CABO DE COBRE FLEXIVEL CL 4/5, ISOLACAO PVC/A, BWF-B, COB. PVC-ST1, 1 CONDUTOR, 0,6/1 KV, SECAO NOMINAL 95 MM2 | D75: M | E75: 0 | F75: SINAPI | G75: =IF(F75="SINAPI",$D$186,IF(F75="SICRO",$D$185,IF(F75="SIURB",$D$187,IF(F75="SABESP",$D$188,IF(F75="CDHU",$D$189,"-"))))) -> 46023 | H75: =SUMIF('5.A'!$B$7:$B$4222,B75,'5.A'!$L$7:$L$4222) -> 197.925 | I75: =IF(H75=0,"no","si") -> si
A76: 1000 | B76: CABO DE COBRE, FLEXIVEL, CLASSE 4 OU 5, ISOLACAO EM PVC/A, ANTICHAMA BWF-B, COBERTURA PVC-ST1, ANTICHAMA BWF-B, 1 CONDUTOR, 0,6/1 KV, SECAO NOMINAL 185 MM2 | D76: M | E76: 0 | F76: SINAPI | G76: =IF(F76="SINAPI",$D$186,IF(F76="SICRO",$D$185,IF(F76="SIURB",$D$187,IF(F76="SABESP",$D$188,IF(F76="CDHU",$D$189,"-"))))) -> 46023 | H76: =SUMIF('5.A'!$B$7:$B$4222,B76,'5.A'!$L$7:$L$4222) -> 349.6 | I76: =IF(H76=0,"no","si") -> si
A77: 3.0 | B77: MATERIAIS | D77: UNID | E77: VALOR | F77: FONTE | G77: DATA
A78: 1014 | B78: CABO DE COBRE, FLEXIVEL, CLASSE 4 OU 5, ISOLACAO EM PVC/A, ANTICHAMA BWF-B, 1 CONDUTOR, 450/750 V, SECAO NOMINAL 2,5 MM2 | D78: M | E78: 0 | F78: SINAPI | G78: =IF(F78="SINAPI",$D$186,IF(F78="SICRO",$D$185,IF(F78="SIURB",$D$187,IF(F78="SABESP",$D$188,IF(F78="CDHU",$D$189,"-"))))) -> 46023 | H78: =SUMIF('5.A'!$B$7:$B$4222,B78,'5.A'!$L$7:$L$4222) -> 44.7624 | I78: =IF(H78=0,"no","si") -> si
A79: 1018 | B79: CABO DE COBRE, FLEXIVEL, CLASSE 4 OU 5, ISOLACAO EM PVC/A, ANTICHAMA BWF-B, COBERTURA PVC-ST1, ANTICHAMA BWF-B, 1 CONDUTOR, 0,6/1 KV, SECAO NOMINAL 50 MM2 | D79: M | E79: 0 | F79: SINAPI | G79: =IF(F79="SINAPI",$D$186,IF(F79="SICRO",$D$185,IF(F79="SIURB",$D$187,IF(F79="SABESP",$D$188,IF(F79="CDHU",$D$189,"-"))))) -> 46023 | H79: =SUMIF('5.A'!$B$7:$B$4222,B79,'5.A'!$L$7:$L$4222) -> 15.6015 | I79: =IF(H79=0,"no","si") -> si
A80: 1051 | B80: CABECOTE DN 4" PARA ELETRODUTO, EM ALUMINIO COM ACABAMENTO ANTI CORROSIVO | D80: UN | E80: 0 | F80: SINAPI | G80: =IF(F80="SINAPI",$D$186,IF(F80="SICRO",$D$185,IF(F80="SIURB",$D$187,IF(F80="SABESP",$D$188,IF(F80="CDHU",$D$189,"-"))))) -> 46023 | H80: =SUMIF('5.A'!$B$7:$B$4222,B80,'5.A'!$L$7:$L$4222) -> 3 | I80: =IF(H80=0,"no","si") -> si
A81: 1062 | B81: CAIXA DE MEDICAO PARA 1 MEDIDOR TRIFASICO, COM VISOR, EM CHAPA DE ACO 18 USG (PADRAO CONCESSIONARIA) | D81: UN | E81: 0 | F81: SINAPI | G81: =IF(F81="SINAPI",$D$186,IF(F81="SICRO",$D$185,IF(F81="SIURB",$D$187,IF(F81="SABESP",$D$188,IF(F81="CDHU",$D$189,"-"))))) -> 46023 | H81: =SUMIF('5.A'!$B$7:$B$4222,B81,'5.A'!$L$7:$L$4222) -> 2 | I81: =IF(H81=0,"no","si") -> si
A82: 1106 | B82: CAL HIDRATADA CH-I PARA ARGAMASSAS | D82: KG | E82: 0 | F82: SINAPI | G82: =IF(F82="SINAPI",$D$186,IF(F82="SICRO",$D$185,IF(F82="SIURB",$D$187,IF(F82="SABESP",$D$188,IF(F82="CDHU",$D$189,"-"))))) -> 46023 | H82: =SUMIF('5.A'!$B$7:$B$4222,B82,'5.A'!$L$7:$L$4222) -> 115.1464 | I82: =IF(H82=0,"no","si") -> si
A83: 1347 | B83: CHAPA/PAINEL DE MADEIRA COMPENSADA PLASTIFICADA PARA FORMA DE CONCRETO, DE 2200 X 1100 MM, E = 12 MM | D83: M2 | E83: 0 | F83: SINAPI | G83: =IF(F83="SINAPI",$D$186,IF(F83="SICRO",$D$185,IF(F83="SIURB",$D$187,IF(F83="SABESP",$D$188,IF(F83="CDHU",$D$189,"-"))))) -> 46023 | H83: =SUMIF('5.A'!$B$7:$B$4222,B83,'5.A'!$L$7:$L$4222) -> 1.13686 | I83: =IF(H83=0,"no","si") -> si
A84: 1358 | B84: CHAPA/PAINEL DE MADEIRA COMPENSADA RESINADA PARA FORMA DE CONCRETO, DE 2200 X 1100 MM, E = 17 MM | D84: M2 | E84: 0 | F84: SINAPI | G84: =IF(F84="SINAPI",$D$186,IF(F84="SICRO",$D$185,IF(F84="SIURB",$D$187,IF(F84="SABESP",$D$188,IF(F84="CDHU",$D$189,"-"))))) -> 46023 | H84: =SUMIF('5.A'!$B$7:$B$4222,B84,'5.A'!$L$7:$L$4222) -> 0.183568 | I84: =IF(H84=0,"no","si") -> si
A85: 1379 | B85: CIMENTO PORTLAND COMPOSTO CP II-32 | D85: KG | E85: 0 | F85: SINAPI | G85: =IF(F85="SINAPI",$D$186,IF(F85="SICRO",$D$185,IF(F85="SIURB",$D$187,IF(F85="SABESP",$D$188,IF(F85="CDHU",$D$189,"-"))))) -> 46023 | H85: =SUMIF('5.A'!$B$7:$B$4222,B85,'5.A'!$L$7:$L$4222) -> 1035.1606 | I85: =IF(H85=0,"no","si") -> si
A86: 1539 | B86: CONECTOR METALICO TIPO PARAFUSO FENDIDO (SPLIT BOLT), PARA CABOS ATE 16MM2 | D86: UN | E86: 0 | F86: SINAPI | G86: =IF(F86="SINAPI",$D$186,IF(F86="SICRO",$D$185,IF(F86="SIURB",$D$187,IF(F86="SABESP",$D$188,IF(F86="CDHU",$D$189,"-"))))) -> 46023 | H86: =SUMIF('5.A'!$B$7:$B$4222,B86,'5.A'!$L$7:$L$4222) -> 24 | I86: =IF(H86=0,"no","si") -> si
A87: 1571 | B87: TERMINAL A COMPRESSAO EM COBRE ESTANHADO PARA CABO 4 MM2, 1 FURO E 1 COMPRESSAO, PARA PARAFUSO DE FIXACAO M5 | D87: UN | E87: 0 | F87: SINAPI | G87: =IF(F87="SINAPI",$D$186,IF(F87="SICRO",$D$185,IF(F87="SIURB",$D$187,IF(F87="SABESP",$D$188,IF(F87="CDHU",$D$189,"-"))))) -> 46023 | H87: =SUMIF('5.A'!$B$7:$B$4222,B87,'5.A'!$L$7:$L$4222) -> 18 | I87: =IF(H87=0,"no","si") -> si
A88: 1573 | B88: TERMINAL A COMPRESSAO EM COBRE ESTANHADO PARA CABO 6 MM2, 1 FURO E 1 COMPRESSAO, PARA PARAFUSO DE FIXACAO M6 | D88: UN | E88: 0 | F88: SINAPI | G88: =IF(F88="SINAPI",$D$186,IF(F88="SICRO",$D$185,IF(F88="SIURB",$D$187,IF(F88="SABESP",$D$188,IF(F88="CDHU",$D$189,"-"))))) -> 46023 | H88: =SUMIF('5.A'!$B$7:$B$4222,B88,'5.A'!$L$7:$L$4222) -> 21 | I88: =IF(H88=0,"no","si") -> si
A89: 1585 | B89: TERMINAL METALICO A PRESSAO PARA 1 CABO DE 16 MM2, COM 1 FURO DE FIXACAO | D89: UN | E89: 0 | F89: SINAPI | G89: =IF(F89="SINAPI",$D$186,IF(F89="SICRO",$D$185,IF(F89="SIURB",$D$187,IF(F89="SABESP",$D$188,IF(F89="CDHU",$D$189,"-"))))) -> 46023 | H89: =SUMIF('5.A'!$B$7:$B$4222,B89,'5.A'!$L$7:$L$4222) -> 2 | I89: =IF(H89=0,"no","si") -> si
... A102: 2683 | B102: ELETRODUTO DE PVC RIGIDO ROSCAVEL DE 4", SEM LUVA | D102: M | E102: 0 | F102: SINAPI | G102: =IF(F102="SINAPI",$D$186,IF(F102="SICRO",$D$185,IF(F102="SIURB",$D$187,IF(F102="SABESP",$D$188,IF(F102="CDHU",$D$189,"-"))))) -> 46023 | H102: =SUMIF('5.A'!$B$7:$B$4222,B102,'5.A'!$L$7:$L$4222) -> 10.6 | I102: =IF(H102=0,"no","si") -> si
A103: 2692 | B103: DESMOLDANTE PROTETOR PARA FORMAS DE MADEIRA, DE BASE OLEOSA EMULSIONADA EM ÁGUA | D103: L | E103: 0 | F103: SINAPI | G103: =IF(F103="SINAPI",$D$186,IF(F103="SICRO",$D$185,IF(F103="SIURB",$D$187,IF(F103="SABESP",$D$188,IF(F103="CDHU",$D$189,"-"))))) -> 46023 | H103: =SUMIF('5.A'!$B$7:$B$4222,B103,'5.A'!$L$7:$L$4222) -> 0.089538 | I103: =IF(H103=0,"no","si") -> si | AM103: DESMOLDANTE PROTETOR PARA FORMAS DE MADEIRA, DE BASE OLEOSA EMULSIONADA EM ÁGUA
A104: 3395 | B104: ISOLADOR DE PORCELANA, TIPO PINO MONOCORPO, PARA TENSAO DE 35 KV | D104: UN | E104: 0 | F104: SINAPI | G104: =IF(F104="SINAPI",$D$186,IF(F104="SICRO",$D$185,IF(F104="SIURB",$D$187,IF(F104="SABESP",$D$188,IF(F104="CDHU",$D$189,"-"))))) -> 46023 | H104: =SUMIF('5.A'!$B$7:$B$4222,B104,'5.A'!$L$7:$L$4222) -> 14 | I104: =IF(H104=0,"no","si") -> si
A105: 3398 | B105: ISOLADOR DE PORCELANA, TIPO ROLDANA, DIMENSOES DE 72 X 72 MM, PARA USO EM BAIXA TENSAO | D105: UN | E105: 0 | F105: SINAPI | G105: =IF(F105="SINAPI",$D$186,IF(F105="SICRO",$D$185,IF(F105="SIURB",$D$187,IF(F105="SABESP",$D$188,IF(F105="CDHU",$D$189,"-"))))) -> 46023 | H105: =SUMIF('5.A'!$B$7:$B$4222,B105,'5.A'!$L$7:$L$4222) -> 8 | I105: =IF(H105=0,"no","si") -> si
A106: 3671 | B106: JUNTA PLASTICA DE DILATACAO PARA PISOS, COR CINZA, 17 X 3 MM (ALTURA X ESPESSURA) | D106: M | E106: 0 | F106: SINAPI | G106: =IF(F106="SINAPI",$D$186,IF(F106="SICRO",$D$185,IF(F106="SIURB",$D$187,IF(F106="SABESP",$D$188,IF(F106="CDHU",$D$189,"-"))))) -> 46023 | H106: =SUMIF('5.A'!$B$7:$B$4222,B106,'5.A'!$L$7:$L$4222) -> 5.01 | I106: =IF(H106=0,"no","si") -> si
A107: 3741 | B107: LAJE PRE-MOLDADA CONVENCIONAL (LAJOTAS + VIGOTAS) PARA FORRO, UNIDIRECIONAL, SOBRECARGA DE 100 KG/M2, VAO ATE 4,5 M (SEM COLOCACAO) | D107: M2 | E107: 0 | F107: SINAPI | G107: =IF(F107="SINAPI",$D$186,IF(F107="SICRO",$D$185,IF(F107="SIURB",$D$187,IF(F107="SABESP",$D$188,IF(F107="CDHU",$D$189,"-"))))) -> 46023 | H107: =SUMIF('5.A'!$B$7:$B$4222,B107,'5.A'!$L$7:$L$4222) -> 3 | I107: =IF(H107=0,"no","si") -> si
A108: 4491 | B108: PONTALETE *7,5 X 7,5* CM EM PINUS, MISTA OU EQUIVALENTE DA REGIAO - BRUTA | D108: M | E108: 0 | F108: SINAPI | G108: =IF(F108="SINAPI",$D$186,IF(F108="SICRO",$D$185,IF(F108="SIURB",$D$187,IF(F108="SABESP",$D$188,IF(F108="CDHU",$D$189,"-"))))) -> 46023 | H108: =SUMIF('5.A'!$B$7:$B$4222,B108,'5.A'!$L$7:$L$4222) -> 4.7364 | I108: =IF(H108=0,"no","si") -> si
A109: 4509 | B109: SARRAFO 2,5 X 10 CM EM PINUS, MISTA OU EQUIVALENTE DA REGIAO - BRUTA | D109: M | E109: 0 | F109: SINAPI | G109: =IF(F109="SINAPI",$D$186,IF(F109="SICRO",$D$185,IF(F109="SIURB",$D$187,IF(F109="SABESP",$D$188,IF(F109="CDHU",$D$189,"-"))))) -> 46023 | H109: =SUMIF('5.A'!$B$7:$B$4222,B109,'5.A'!$L$7:$L$4222) -> 32.0498 | I109: =IF(H109=0,"no","si") -> si | AM109: SARRAFO 2,5 X 10 CM EM PINUS, MISTA OU EQUIVALENTE DA REGIAO - BRUTA
A110: 4517 | B110: SARRAFO 2,5 X 7,5 CM EM PINUS, MISTA OU EQUIVALENTE DA REGIAO - BRUTA | D110: M | E110: 0 | F110: SINAPI | G110: =IF(F110="SINAPI",$D$186,IF(F110="SICRO",$D$185,IF(F110="SIURB",$D$187,IF(F110="SABESP",$D$188,IF(F110="CDHU",$D$189,"-"))))) -> 46023 | H110: =SUMIF('5.A'!$B$7:$B$4222,B110,'5.A'!$L$7:$L$4222) -> 5.10038 | I110: =IF(H110=0,"no","si") -> si
A111: 4813 | B111: PLACA DE OBRA (PARA CONSTRUCAO CIVIL) EM CHAPA GALVANIZADA N. 22, ADESIVADA, DE 2,4 X 1,2 M | D111: M2 | E111: 0 | F111: SINAPI | G111: =IF(F111="SINAPI",$D$186,IF(F111="SICRO",$D$185,IF(F111="SIURB",$D$187,IF(F111="SABESP",$D$188,IF(F111="CDHU",$D$189,"-"))))) -> 46023 | H111: =SUMIF('5.A'!$B$7:$B$4222,B111,'5.A'!$L$7:$L$4222) -> 6 | I111: =IF(H111=0,"no","si") -> si
A112: 4917 | B112: PORTA DE ABRIR EM ALUMINIO ANODIZADO NATURAL TIPO VENEZIANA, SEM GUARNICAO/ALIZAR/VISTA | D112: M2 | E112: 0 | F112: SINAPI | G112: =IF(F112="SINAPI",$D$186,IF(F112="SICRO",$D$185,IF(F112="SIURB",$D$187,IF(F112="SABESP",$D$188,IF(F112="CDHU",$D$189,"-"))))) -> 46023 | H112: =SUMIF('5.A'!$B$7:$B$4222,B112,'5.A'!$L$7:$L$4222) -> 5.92 | I112: =IF(H112=0,"no","si") -> si
A113: 6085 | B113: SELADOR ACRILICO OPACO PREMIUM INTERIOR/EXTERIOR | D113: L | E113: 0 | F113: SINAPI | G113: =IF(F113="SINAPI",$D$186,IF(F113="SICRO",$D$185,IF(F113="SIURB",$D$187,IF(F113="SABESP",$D$188,IF(F113="CDHU",$D$189,"-"))))) -> 46023 | H113: =SUMIF('5.A'!$B$7:$B$4222,B113,'5.A'!$L$7:$L$4222) -> 12.5 | I113: =IF(H113=0,"no","si") -> si
A114: 6193 | B114: TABUA NAO APARELHADA *2,5 X 20* CM, EM MACARANDUBA/MASSARANDUBA, ANGELIM OU EQUIVALENTE DA REGIAO - BRUTA | D114: M | E114: 0 | F114: SINAPI | G114: =IF(F114="SINAPI",$D$186,IF(F114="SICRO",$D$185,IF(F114="SIURB",$D$187,IF(F114="SABESP",$D$188,IF(F114="CDHU",$D$189,"-"))))) -> 46023 | H114: =SUMIF('5.A'!$B$7:$B$4222,B114,'5.A'!$L$7:$L$4222) -> 6.2724 | I114: =IF(H114=0,"no","si") -> si
A115: 7340 | B115: IMUNIZANTE PARA MADEIRA, INCOLOR | D115: L | E115: 0 | F115: SINAPI | G115: =IF(F115="SINAPI",$D$186,IF(F115="SICRO",$D$185,IF(F115="SIURB",$D$187,IF(F115="SABESP",$D$188,IF(F115="CDHU",$D$189,"-"))))) -> 46023 | H115: =SUMIF('5.A'!$B$7:$B$4222,B115,'5.A'!$L$7:$L$4222) -> 0.9771 | I115: =IF(H115=0,"no","si") -> si
A116: 7528 | B116: TOMADA 2P+T 10A, 250V, CONJUNTO MONTADO PARA EMBUTIR 4" X 2" (PLACA + SUPORTE + MODULO) | D116: UN | E116: 0 | F116: SINAPI | G116: =IF(F116="SINAPI",$D$186,IF(F116="SICRO",$D$185,IF(F116="SIURB",$D$187,IF(F116="SABESP",$D$188,IF(F116="CDHU",$D$189,"-"))))) -> 46023 | H116: =SUMIF('5.A'!$B$7:$B$4222,B116,'5.A'!$L$7:$L$4222) -> 4 | I116: =IF(H116=0,"no","si") -> si
A117: 7568 | B117: BUCHA DE NYLON SEM ABA S10, COM PARAFUSO DE 6,10 X 65 MM EM ACO ZINCADO COM ROSCA SOBERBA, CABECA CHATA E FENDA PHILLIPS | D117: UN | E117: 0 | F117: SINAPI | G117: =IF(F117="SINAPI",$D$186,IF(F117="SICRO",$D$185,IF(F117="SIURB",$D$187,IF(F117="SABESP",$D$188,IF(F117="CDHU",$D$189,"-"))))) -> 46023 | H117: =SUMIF('5.A'!$B$7:$B$4222,B117,'5.A'!$L$7:$L$4222) -> 17.6 | I117: =IF(H117=0,"no","si") -> si
A118: 7572 | B118: SUPORTE ISOLADOR REFORCADO DIAMETRO NOMINAL 5/16", COM ROSCA SOBERBA E BUCHA | D118: UN | E118: 0 | F118: SINAPI | G118: =IF(F118="SINAPI",$D$186,IF(F118="SICRO",$D$185,IF(F118="SIURB",$D$187,IF(F118="SABESP",$D$188,IF(F118="CDHU",$D$189,"-"))))) -> 46023 | H118: =SUMIF('5.A'!$B$7:$B$4222,B118,'5.A'!$L$7:$L$4222) -> 12 | I118: =IF(H118=0,"no","si") -> si
A119: 7576 | B119: SUPORTE EM ACO GALVANIZADO PARA TRANSFORMADOR PARA POSTE DUPLO T 185 X 95 MM, CHAPA DE 5/16" | D119: UN | E119: 0 | F119: SINAPI | G119: =IF(F119="SINAPI",$D$186,IF(F119="SICRO",$D$185,IF(F119="SIURB",$D$187,IF(F119="SABESP",$D$188,IF(F119="CDHU",$D$189,"-"))))) -> 46023 | H119: =SUMIF('5.A'!$B$7:$B$4222,B119,'5.A'!$L$7:$L$4222) -> 4 | I119: =IF(H119=0,"no","si") -> si | J119: TROCAR PARA POSTE CIRCULAR
A120: 10851 | B120: PLACA DE ACRILICO TRANSPARENTE ADESIVADA PARA SINALIZACAO DE PORTAS, BORDA POLIDA, E = 6 MM | D120: M2 | E120: 0 | F120: SINAPI | G120: =IF(F120="SINAPI",$D$186,IF(F120="SICRO",$D$185,IF(F120="SIURB",$D$187,IF(F120="SABESP",$D$188,IF(F120="CDHU",$D$189,"-"))))) -> 46023 | H120: =SUMIF('5.A'!$B$7:$B$4222,B120,'5.A'!$L$7:$L$4222) -> 1.1 | I120: =IF(H120=0,"no","si") -> si
...

Sheet 7.A
A1: ='3.A'!$A$1 -> TIMBRE DO LICITANTE
A3: ANEXO 7.A - BDI - LICITANTE
A5: ='3.A'!A8 -> REFORMA DE 3 ENTRADAS DE ENERGIA EM 3 POÇOS TUBULARES DO AQUÍFERO BAURU (PTB) NO MUNÍCIPIO DE SÃO JOSÉ DO RIO PRETO
A7: COMPOSIÇÃO DAS TAXAS DE BDI
A9: AC | B9: ADMINISTRAÇÃO CENTRAL | E9: 0
A11: SG | B11: SEGURO E GARANTIA | E11: 0
A13: R | B13: RISCOS | E13: 0
A15: DF | B15: DESPESAS FINANCEIRAS | E15: 0
A17: L | B17: LUCRO | E17: 0
A19: CP | B19: TRIBUTOS - COFINS E PIS | E19: =ROUND(SUM(E20:E21),5) -> 0
B20: PIS | E20: 0
B21: COFINS | E21: 0
A23: ISS | B23: TRIBUTOS - ISS | E23: =ROUND(SUM(E24:E24),5) -> 0
B24: ISS – IMPOSTO SOBRE SERVIÇOS | E24: 0
A26: CPRB | B26: TRIBUTOS - CONTRIBUIÇÃO PREVIDENCIÁRIA SOBRE A RENDA BRUTA | E26: =ROUND(SUM(E27:E27),5) -> 0
B27: DESONERAÇÃO - 0% OU 4,5% | E27: 0
B29: TOTAL | E29: =ROUND((((1+($E$9+$E$11+$E$13))*(1+$E$15)*(1+$E$17))/(1-$E$19-$E$23-$E$26))-1,4) -> 0
A34: Caso a Licitante se enquadre na Lei Nº 12.244/2013 e apresente Proposta com Desoneração, preencher com a alíquota correspondente.
A36: OBS.2 - Conforme Lei Complementar nº 178 de 29 de dezembro de 2003 e alterações, que dispõe sobre a instituição do imposto sobre serviços de qualquer natureza – ISSQN no Município de São José do Rio Preto/SP, o ISS para o objeto deste Processo Licitatório [Sub-item 7.02.00 - Execução, por administração, empreitada ou subempreitada, de obras de construção civil, hidráulica ou elétrica e de outras obras semelhantes, inclusive sondagem, perfuração de poços, escavação, drenagem e irrigação, terraplanagem, pavimentação, concretagem e a instalação e montagem de produtos, peças e equipamentos (exceto o fornecimento de mercadorias produzidas pelo prestador de serviços fora do local da prestação dos serviços, que fica sujeito ao ICMS)] será de 5% sobre o Valor Total da Obra, adotada na elaboração do BDI médio, inclusive para o BDI de Fornecimento de Materiais.
E48: =ROUND((((1+($E$9+$E$11+$E$13))*(1+$E$15)*(1+$E$17))/(1-$E$19-$E$23-$E$26))-1,4) -> 0
A50: Caso a Licitante se enquadre na Lei Nº 12.244/2013 e apresente Proposta com Desoneração, preencher com a alíquota correspondente.
A53: Conforme Lei Complementar nº 178 de 29 de dezembro de 2003 e alterações, que dispõe sobre a instituição do imposto sobre serviços de qualquer natureza – ISSQN no Município de São José do Rio Preto/SP, Art. 31 Inciso I, o ISS para o objeto deste Processo Licitatório será de 5% conforme Código de Serviço 07.18.00 - Limpeza e dragagem de rios, portos, canais, baías, lagos, lagoas, represas, açudes e congêneres.

Sheet 8.A
A1: ='3.A'!$A$1 -> TIMBRE DO LICITANTE
A7: ANEXO 8.A - ENCARGOS SOCIAIS E TRABALHISTAS - LICITANTE
A9: ='3.A'!$A$8 -> REFORMA DE 3 ENTRADAS DE ENERGIA EM 3 POÇOS TUBULARES DO AQUÍFERO BAURU (PTB) NO MUNÍCIPIO DE SÃO JOSÉ DO RIO PRETO
A10: GRUPO | B10: DESCRIÇÃO | C10: JORNADA NORMAL
C12: HORISTA
A13: A | B13: A1 – PREVIDÊNCIA SOCIAL (INSS) | C13: 0
B14: A2 – SERVIÇO SOCIAL DA INDÚSTRIA (SESI) | C14: 0
B15: A3 – SERVIÇO NACIONAL DE APRENDIZAGEM INDUSTRIAL (SENAI) | C15: 0
B16: A4 – INSTITUTO NACIONAL DE COLONIZAÇÃO E REFORMA AGRÁRIA (INCRA) | C16: 0
B17: A5 – SERVIÇO DE APOIO A PEQUENA E MÉDIA EMPRESA (SEBRAE) | C17: 0
B18: A6 – SALÁRIO EDUCAÇÃO | C18: 0
B19: A7 – SEGURO CONTRA ACIDENTES DE TRABALHO | C19: 0
B20: A8 – FUNDO DE GARANTIA POR TEMPO DE SERVIÇO (FGTS) | C20: 0
B21: A9 – SECONCI ( APLICÁVEL AS EMPRESAS CONSTANTES DO III GRUPO DA CLT) | C21: 0
B22: A – TOTAL DOS ENCARGOS SOCIAIS BÁSICOS | C22: =ROUND(SUM(C13:C21),4) -> 0
A23: B | B23: B1 – REPOUSO SEMANAL REMUNERADO | C23: 0
B24: B2 – FERIADOS | C24: 0
B25: B3 – AUXÍLIO - ENFERMIDADE | C25: 0
B26: B4 – 13º SALÁRIO | C26: 0
B27: B5 – LICENÇA PATERNIDADE | C27: 0
B28: B6 – FALTAS JUSTIFICADAS | C28: 0
B29: B7 – DIAS DE CHUVA | C29: 0
B30: B8 – AUXÍLIO ACIDENTE DE TRABALHO | C30: 0
B31: B9 – FÉRIAS GOZADAS | C31: 0
B32: B10 – SALÁRIO MATERNIDADE | C32: 0
B33: B – TOTAL DOS ENCARGOS QUE RECEBEM AS INCIDÊNCIAS DE A | C33: =SUM(C23:C32) -> 0
A34: C | B34: C1 – AVISO PRÉVIO INDENIZADO | C34: 0
B35: C2 – AVISO PRÉVIO TRABALHADO | C35: 0
B36: C3 - FÉRIAS INDENIZADAS | C36: 0
B37: C4 – DEPÓSITO RESCISÃO SEM JUSTA CAUSA | C37: 0
B38: C5 – INDENIZAÇÃO ADICIONAL | C38: 0
B39: C – TOTAL DOS ENCARGOS SOCIAIS QUE NÃO RECEBEM INCIDÊNCIAS DE A | C39: =SUM(C34:C38) -> 0
A40: D | B40: D1 – REINCIDÊNCIA DO GRUPO A SOBRE GRUPO B | C40: =ROUND(C22*C33,4) -> 0
B41: D2 – REINCIDÊNCIA DO GRUPO A SOBRE AVISO PRÉVIO TRABALHADO (C2) E REINCIDÊNCIA DO FGTS (A8) SOBRE AVISO PRÉVIO INDENIZADO (C1) | C41: =ROUND(C22*C35+C20*C34,4) -> 0
B42: D – TOTAL DE REINCIDÊNCIAS DE UM GRUPO SOBRE O OUTRO | C42: =SUM(C40:C41) -> 0
A43: PORCENTAGEM TOTAL | C43: =ROUND(C22+C33+C39+C42,5) -> 0
B45: FONTE: SINAPI - VIGÊNCIA A PARTIR DE 01/2026

Sheet COTAÇÕES
A1: COTAÇÕES
A2: QUADRO RESUMO DE INFORMAÇÕES
A3: MUNICÍPIO: SÃO JOSÉ DO RIO PRETO
A4: OBJETO: | B4: ='3.A'!$A$8 -> REFORMA DE 3 ENTRADAS DE ENERGIA EM 3 POÇOS TUBULARES DO AQUÍFERO BAURU (PTB) NO MUNÍCIPIO DE SÃO JOSÉ DO RIO PRETO
A7: EQUIPAMENTO | D7: DADOS - COTAÇÃO Nº 01 | G7: DADOS - COTAÇÃO Nº 02 | J7: DADOS - COTAÇÃO Nº 03 | M7: DADOS - COTAÇÃO Nº 04 | P7: PREÇO REFERÊNCIA
A8: CÓDIGO | B8: DESCRITIVO/ESPECIFICAÇÃO | C8: UN | D8: ID | E8: DATA | F8: PREÇO UNIT. | G8: ID | H8: DATA | I8: PREÇO UNIT. | J8: ID | K8: DATA | L8: PREÇO UNIT. | M8: ID | N8: DATA | O8: PREÇO UNIT.
A10: TRANSFORMADOR DE CORRENTE
A11: TRA.001 | B11: TRANSFORMADOR DE CORRENTE, EM TERMOPLÁSTICO, TIPO JANELA, VMAX=600VCA, RELAÇÃO DE 300/5A | C11: M | D11: =$A$27 -> 02 | E11: 45811 | F11: 800 | J11: =$A$31 -> 06 | K11: 45813 | L11: 59.92 | M11: =$A$33 -> 08 | N11: 45818 | O11: 78.51 | P11: =ROUND(AVERAGE(F11,I11,L11,O11),2) -> 312.81
A12: TRA.002 | B12: TRANSFORMADOR DE CORRENTE, EM TERMOPLÁSTICO, TIPO JANELA, VMAX=600VCA, RELAÇÃO DE 600/5A | C12: M | D12: =$A$27 -> 02 | E12: 45811 | F12: 900 | G12: =$A$29 -> 04 | H12: 45812 | I12: 447.6 | J12: =$A$31 -> 06 | K12: 45813 | L12: 99.7 | M12: =$A$33 -> 08 | N12: 45818 | O12: 125.56 | P12: =ROUND(AVERAGE(F12,I12,L12,O12),2) -> 393.22
A13: CHAVE DE AFERIÇÃO
A14: CHAVE.001 | B14: CHAVE DE AFERIÇÃO, DE SOBREPOR, VN= 600V, IN=20A, 10 POLOS | C14: CJ | D14: =$A$26 -> 01 | E14: 45811 | F14: 333.56 | G14: =$A$32 -> 07 | H14: 45813 | I14: 670.6 | J14: =$A$34 -> 09 | K14: 45818 | L14: 566.84 | P14: =ROUND(AVERAGE(F14,I14,L14,O14),2) -> 523.67
A15: DISPOSITIVOS ELÉTRICOS DIVERSOS
A16: DIS.001 | B16: CONTROLADOR AUTOMÁTICO DE FATOR DE POTÊNCIA, 06 ESTÁGIOS, MEDIÇÃO TRIFÁSICA, LIGAÇÃO PARA ATÉ 3 TCS, FIXAÇÃO DE EMBUTIR, TENSÃO DE ALIMENTAÇÃO 90-270VCA | C16: UN | D16: =$A$28 -> 03 | E16: 45812 | F16: 3666.77 | G16: =$A$29 -> 04 | H16: 45812 | I16: 620.45 | J16: =$A$30 -> 05 | K16: 45813 | L16: 5258.59 | M16: =$A$31 -> 06 | N16: 45813 | O16: 526.46 | P16: =ROUND(AVERAGE(F16,I16,L16,O16),2) -> 2518.07
A17: DIS.002 | B17: CONTATOR PARA MANOBRA DE CAPACITOR PARA CORREÇÃO DO FATOR DE POTÊNCIA, COM RESITORES DE PRÉ CARGA, CONTATO AUXILAR 1NA, IN=16A, VN=220VAC, VCOMANDO=220VAC, F=60HZ | C17: UN | D17: =$A$28 -> 03 | E17: 45812 | F17: 251.3 | G17: =$A$29 -> 04 | H17: 45812 | I17: 135.03 | J17: =$A$30 -> 05 | K17: 45813 | L17: 323.51 | M17: =$A$31 -> 06 | N17: 45813 | O17: 371.89 | P17: =ROUND(AVERAGE(F17,I17,L17,O17),2) -> 270.43
A18: DIS.003 | B18: UNIDADE CAPACITIVA TRIFÁSICA, COM CAPA PROTETORA IP-50, COM RESISTOR INTERNO E PARAFUSO DE FIXAÇÃO E ATERRAMENTO, POTÊNCIA REATIVA DE 5,0 KVAR, VN=220VAC, F=60HZ | C18: UN | D18: =$A$28 -> 03 | E18: 45812 | F18: 295.97 | G18: =$A$29 -> 04 | H18: 45812 | I18: 336.95 | J18: =$A$30 -> 05 | K18: 45813 | L18: 406.06 | M18: =$A$31 -> 06 | N18: 45813 | O18: 618.11 | P18: =ROUND(AVERAGE(F18,I18,L18,O18),2) -> 414.27
A19: DIS.004 | B19: CONTATOR PARA MANOBRA DE CAPACITOR PARA CORREÇÃO DO FATOR DE POTÊNCIA, COM RESITORES DE PRÉ CARGA, CONTATO AUXILAR 1NA, IN=30A, VN=220VAC, VCOMANDO=220VAC, F=60HZ | C19: UN | D19: =$A$28 -> 03 | E19: 45812 | F19: 412.77 | G19: =$A$29 -> 04 | H19: 45812 | I19: 197.96 | J19: =$A$30 -> 05 | K19: 45813 | L19: 619.81 | M19: =$A$31 -> 06 | N19: 45813 | O19: 564.63 | P19: =ROUND(AVERAGE(F19,I19,L19,O19),2) -> 448.79
A20: DIS.005 | B20: UNIDADE CAPACITIVA TRIFÁSICA, COM CAPA PROTETORA IP-50, COM RESISTOR INTERNO E PARAFUSO DE FIXAÇÃO E ATERRAMENTO, POTÊNCIA REATIVA DE 10,0 KVAR, VN=220VAC, F=60HZ | C20: UN | D20: =$A$28 -> 03 | E20: 45812 | F20: 504.51 | G20: =$A$29 -> 04 | H20: 45812 | I20: 419.09 | J20: =$A$30 -> 05 | K20: 45813 | L20: 580.25 | M20: =$A$31 -> 06 | N20: 45813 | O20: 778.06 | P20: =ROUND(AVERAGE(F20,I20,L20,O20),2) -> 570.48
A23: FONTES DE CONSULTA
A25: ID | B25: NOME DO FORNECEDOR | D25: CNPJ
A26: 01 | B26: KONECITY INDÚSTRIA E COMÉRCIO DE INSTRUMENTOS LTDA | D26: 09.645.744/0001-38
A27: 02 | B27: TRIFASICA COMERCIO DE MATERIAL ELETRICO LTDA | D27: 34.677.414/0001-71
A28: 03 | B28: WEG SA | D28: 84.429.695/0001-11
A29: 04 | B29: SIBRATEC CCA IND. COM. DE MATERIAIS ELÉTRICOS LTDA | D29: 79.502.563/0001-38
A30: 05 | B30: INDUCAP DO BRASIL CAPACITORES LTDA | D30: 18.446.430/0001-05
A31: 06 | B31: LUKMA COMÉRCIO DE ELETRO ELETRÔNICOS IMPORTAÇÃO E EXPORTAÇÃO LTDA | D31: 07.777.870/0001-10
A32: 07 | B32: THS COMPONENTES ELETRICOS LTDA - EPP | D32: 59.750.976/0001-24
A33: 08 | B33: JNG (JOINING COMÉRCIO ELETRO-ELETRICOS LTDA) | D33: 03.317.342/0001-28
A34: 09 | B34: FARCEL LTDA | D34: 04.887.278/0001-83
A35: 10
A36: 11
A37: 12
A38: 13
